Workbook

Sheet Stmnt BD - Recorded KWH
A2: Statement BD
A3: San Diego Gas & Electric Company
A4: 2027 - TRBAA Rate Filing
A5: Allocation Energy and Supporting Data
C7: (A) | D7: (B) | E7: (C) = (A) - (B)
C8: Non-CAISO Energy | D8: Sale for Resale | E8: Non-CAISO Energy
A9: Line | C9: Sales @ Meter Level | D9: (City of | E9: Sales @ Meter Level | G9: Line
A10: No. | B10: Date | C10: Plus Sale for Resale | D10: Escondido) 1 | E10: Net of Sale for Resale | F10: Reference | G10: No.
A12: 1 | B12: 45931 | C12: ='WP 1.1 Recorded Sales'!C$39 -> 1638300694 | D12: ='WP 1.1 Recorded Sales'!C$38 -> 0 | E12: =C12-D12 -> 1638300694 | F12: Workpaper No. 1; Page 1.1; Lines 30; 29 | G12: 1
A13: =A12+1 -> 2 | B13: 45962 | C13: ='WP 1.1 Recorded Sales'!D$39 -> 1240088104 | D13: ='WP 1.1 Recorded Sales'!D$38 -> 0 | E13: =C13-D13 -> 1240088104 | F13: =$F$12 -> Workpaper No. 1; Page 1.1; Lines 30; 29 | G13: =G12+1 -> 2
A14: =A13+1 -> 3 | B14: 45992 | C14: ='WP 1.1 Recorded Sales'!E$39 -> 1477379730 | D14: ='WP 1.1 Recorded Sales'!E$38 -> 0 | E14: =C14-D14 -> 1477379730 | F14: =$F$12 -> Workpaper No. 1; Page 1.1; Lines 30; 29 | G14: =G13+1 -> 3
A15: =A14+1 -> 4 | B15: 46023 | C15: ='WP 1.1 Recorded Sales'!F$39 -> 1487837971 | D15: ='WP 1.1 Recorded Sales'!F$38 -> 0 | E15: =C15-D15 -> 1487837971 | F15: =$F$12 -> Workpaper No. 1; Page 1.1; Lines 30; 29 | G15: =G14+1 -> 4
A16: =A15+1 -> 5 | B16: 46054 | C16: ='WP 1.1 Recorded Sales'!G$39 -> 1135409538 | D16: ='WP 1.1 Recorded Sales'!G$38 -> 0 | E16: =C16-D16 -> 1135409538 | F16: =$F$12 -> Workpaper No. 1; Page 1.1; Lines 30; 29 | G16: =G15+1 -> 5
A17: =A16+1 -> 6 | B17: 46082 | C17: ='WP 1.1 Recorded Sales'!H$39 -> 1363529102 | D17: ='WP 1.1 Recorded Sales'!H$38 -> 0 | E17: =C17-D17 -> 1363529102 | F17: =$F$12 -> Workpaper No. 1; Page 1.1; Lines 30; 29 | G17: =G16+1 -> 6
A18: =A17+1 -> 7 | B18: 46113 | C18: ='WP 1.1 Recorded Sales'!I$39 -> 1371646695 | D18: ='WP 1.1 Recorded Sales'!I$38 -> 0 | E18: =C18-D18 -> 1371646695 | F18: =$F$12 -> Workpaper No. 1; Page 1.1; Lines 30; 29 | G18: =G17+1 -> 7
A19: =A18+1 -> 8 | B19: 46143 | C19: ='WP 1.1 Recorded Sales'!J$39 -> 1059815269 | D19: ='WP 1.1 Recorded Sales'!J$38 -> 0 | E19: =C19-D19 -> 1059815269 | F19: =$F$12 -> Workpaper No. 1; Page 1.1; Lines 30; 29 | G19: =G18+1 -> 8
A20: =A19+1 -> 9 | B20: 46174 | C20: ='WP 1.1 Recorded Sales'!K$39 -> 1458139063 | D20: ='WP 1.1 Recorded Sales'!K$38 -> 0 | E20: =C20-D20 -> 1458139063 | F20: =$F$12 -> Workpaper No. 1; Page 1.1; Lines 30; 29 | G20: =G19+1 -> 9
A21: =A20+1 -> 10 | B21: 46204 | C21: ='WP 1.1 Recorded Sales'!L$39 -> 1526848381 | D21: ='WP 1.1 Recorded Sales'!L$38 -> 0 | E21: =C21-D21 -> 1526848381 | F21: =$F$12 -> Workpaper No. 1; Page 1.1; Lines 30; 29 | G21: =G20+1 -> 10
A22: =A21+1 -> 11 | B22: 46235 | C22: ='WP 1.1 Recorded Sales'!M$39 -> 1719036176 | D22: ='WP 1.1 Recorded Sales'!M$38 -> 0 | E22: =C22-D22 -> 1719036176 | F22: =$F$12 -> Workpaper No. 1; Page 1.1; Lines 30; 29 | G22: =G21+1 -> 11
A23: =A22+1 -> 12 | B23: 46266 | C23: ='WP 1.1 Recorded Sales'!N$39 -> 1986346915 | D23: ='WP 1.1 Recorded Sales'!N$38 -> 0 | E23: =C23-D23 -> 1986346915 | F23: =$F$12 -> Workpaper No. 1; Page 1.1; Lines 30; 29 | G23: =G22+1 -> 12
A24: =A23+1 -> 13 | G24: =G23+1 -> 13
A25: =A24+1 -> 14 | G25: =G24+1 -> 14
A26: =A25+1 -> 15 | B26: Total | C26: =SUM(C12:C23) -> 17464377638 | D26: =SUM(D12:D23) -> 0 | E26: =SUM(E12:E23) -> 17464377638 | F26: Sum Lines 1 thru 12 | G26: =G25+1 -> 15
A29: 1 | B29: City of Escondido sales are excluded from the KWh total because they are classified as sales to CAISO wholesale customers.

Sheet Stmnt BD - Forecast KWH
A2: Statement BD
A3: San Diego Gas & Electric Company
A4: ='Stmnt BD - Recorded KWH'!A4 -> 2027 - TRBAA Rate Filing
A5: Allocation Energy and Supporting Data
C7: (A) | D7: (B) | E7: (C) = (A) - (B)
C8: Non-CAISO Energy | D8: Sale for Resale | E8: Non-CAISO Energy
A9: Line | C9: Sales @ Meter Level | D9: (City of | E9: Sales @ Meter Level | G9: Line
A10: No. | B10: Date | C10: Plus Sale for Resale | D10: Escondido) 1 | E10: Net of Sale for Resale | F10: Reference | G10: No.
A12: 1 | B12: 46388 | C12: ='WP 1.2 Forecast Sales'!C$41 -> 1.5245521e+09 | D12: ='WP 1.2 Forecast Sales'!C$40 -> 0 | E12: =C12-D12 -> 1.5245521e+09 | F12: Workpaper No. 1; Page 1.2; Lines 30; 29 | G12: 1
A13: =A12+1 -> 2 | B13: 46419 | C13: ='WP 1.2 Forecast Sales'!D$41 -> 1.39109e+09 | D13: ='WP 1.2 Forecast Sales'!D$40 -> 0 | E13: =C13-D13 -> 1.39109e+09 | F13: =$F$12 -> Workpaper No. 1; Page 1.2; Lines 30; 29 | G13: =G12+1 -> 2
A14: =A13+1 -> 3 | B14: 46447 | C14: ='WP 1.2 Forecast Sales'!E$41 -> 1.3274533e+09 | D14: ='WP 1.2 Forecast Sales'!E$40 -> 0 | E14: =C14-D14 -> 1.3274533e+09 | F14: =$F$12 -> Workpaper No. 1; Page 1.2; Lines 30; 29 | G14: =G13+1 -> 3
A15: =A14+1 -> 4 | B15: 46478 | C15: ='WP 1.2 Forecast Sales'!F$41 -> 1.2512307e+09 | D15: ='WP 1.2 Forecast Sales'!F$40 -> 0 | E15: =C15-D15 -> 1.2512307e+09 | F15: =$F$12 -> Workpaper No. 1; Page 1.2; Lines 30; 29 | G15: =G14+1 -> 4
A16: =A15+1 -> 5 | B16: 46508 | C16: ='WP 1.2 Forecast Sales'!G$41 -> 1.2498096e+09 | D16: ='WP 1.2 Forecast Sales'!G$40 -> 0 | E16: =C16-D16 -> 1.2498096e+09 | F16: =$F$12 -> Workpaper No. 1; Page 1.2; Lines 30; 29 | G16: =G15+1 -> 5
A17: =A16+1 -> 6 | B17: 46539 | C17: ='WP 1.2 Forecast Sales'!H$41 -> 1.3213066e+09 | D17: ='WP 1.2 Forecast Sales'!H$40 -> 0 | E17: =C17-D17 -> 1.3213066e+09 | F17: =$F$12 -> Workpaper No. 1; Page 1.2; Lines 30; 29 | G17: =G16+1 -> 6
A18: =A17+1 -> 7 | B18: 46569 | C18: ='WP 1.2 Forecast Sales'!I$41 -> 1.5028028e+09 | D18: ='WP 1.2 Forecast Sales'!I$40 -> 0 | E18: =C18-D18 -> 1.5028028e+09 | F18: =$F$12 -> Workpaper No. 1; Page 1.2; Lines 30; 29 | G18: =G17+1 -> 7
A19: =A18+1 -> 8 | B19: 46600 | C19: ='WP 1.2 Forecast Sales'!J$41 -> 1.674185e+09 | D19: ='WP 1.2 Forecast Sales'!J$40 -> 0 | E19: =C19-D19 -> 1.674185e+09 | F19: =$F$12 -> Workpaper No. 1; Page 1.2; Lines 30; 29 | G19: =G18+1 -> 8
A20: =A19+1 -> 9 | B20: 46631 | C20: ='WP 1.2 Forecast Sales'!K$41 -> 1.8543782e+09 | D20: ='WP 1.2 Forecast Sales'!K$40 -> 0 | E20: =C20-D20 -> 1.8543782e+09 | F20: =$F$12 -> Workpaper No. 1; Page 1.2; Lines 30; 29 | G20: =G19+1 -> 9
A21: =A20+1 -> 10 | B21: 46661 | C21: ='WP 1.2 Forecast Sales'!L$41 -> 1.5455349e+09 | D21: ='WP 1.2 Forecast Sales'!L$40 -> 0 | E21: =C21-D21 -> 1.5455349e+09 | F21: =$F$12 -> Workpaper No. 1; Page 1.2; Lines 30; 29 | G21: =G20+1 -> 10
A22: =A21+1 -> 11 | B22: 46692 | C22: ='WP 1.2 Forecast Sales'!M$41 -> 1.4155202e+09 | D22: ='WP 1.2 Forecast Sales'!M$40 -> 0 | E22: =C22-D22 -> 1.4155202e+09 | F22: =$F$12 -> Workpaper No. 1; Page 1.2; Lines 30; 29 | G22: =G21+1 -> 11
A23: =A22+1 -> 12 | B23: 46722 | C23: ='WP 1.2 Forecast Sales'!N$41 -> 1.4616199e+09 | D23: ='WP 1.2 Forecast Sales'!N$40 -> 0 | E23: =C23-D23 -> 1.4616199e+09 | F23: =$F$12 -> Workpaper No. 1; Page 1.2; Lines 30; 29 | G23: =G22+1 -> 12
A24: =A23+1 -> 13 | G24: =G23+1 -> 13
A25: =A24+1 -> 14 | G25: =G24+1 -> 14
A26: =A25+1 -> 15 | B26: Total | C26: =SUM(C12:C23) -> 1.7519483e+10 | D26: =SUM(D12:D23) -> 0 | E26: =SUM(E12:E23) -> 1.7519483e+10 | F26: Sum Lines 1 thru 12 | G26: =G25+1 -> 15
A29: 1 | B29: City of Escondido sales are excluded from the KWh total because they are classified as sales to CAISO wholesale customers not Non-CAISO retail.
B30: Forecast sales are used to develop Statements BG and BH, Revenues at Proposed Rates and Revenues at Present Rates.

Sheet Stmnt BD-Forecast MWH@Transm.
A2: Statement BD
A3: SAN DIEGO GAS & ELECTRIC COMPANY
A4: ='Stmnt BD - Forecast KWH'!A4 -> 2027 - TRBAA Rate Filing
A5: January 2027 - December 2027 1
A6: MWH SALES FORECAST @ Transmission Level
C8: (A) | D8: (B) | E8: (C) = (A) - (B) | F8: (D) = (C) x Line 19, Col. C
E9: Non-CAISO Energy | F9: Energy Sales
A10: Line | C10: Total | D10: Sale for Resale | E10: Sales | F10: @ Transmission | H10: Line
A11: No. | B11: Months | C11: MWh Sales | D11: (City of Escondido) | E11: @ Meter Level | F11: Level | G11: Reference | H11: No.
A13: 1 | B13: ='Stmnt BD - Forecast KWH'!B12 -> 46388 | C13: ='WP 1.2 Forecast Sales'!C14 -> 1524552.1 | D13: ='WP 1.2 Forecast Sales'!C13 -> 0 | E13: =C13-D13 -> 1524552.1 | F13: =E13*$E$31 -> 1591784.9 | G13: Cols. A to C, WP No. 1; Page 1.2; Lines 10, 9 & 12 | H13: 1
A14: =A13+1 -> 2 | B14: ='Stmnt BD - Forecast KWH'!B13 -> 46419 | C14: ='WP 1.2 Forecast Sales'!D14 -> 1391090 | D14: ='WP 1.2 Forecast Sales'!D13 -> 0 | E14: =C14-D14 -> 1391090 | F14: =E14*$E$31 -> 1452437 | G14: =$G$13 -> Cols. A to C, WP No. 1; Page 1.2; Lines 10, 9 & 12 | H14: =H13+1 -> 2
A15: =A14+1 -> 3 | B15: ='Stmnt BD - Forecast KWH'!B14 -> 46447 | C15: ='WP 1.2 Forecast Sales'!E14 -> 1327453.3 | D15: ='WP 1.2 Forecast Sales'!E13 -> 0 | E15: =C15-D15 -> 1327453.3 | F15: =E15*$E$31 -> 1385994 | G15: =$G$13 -> Cols. A to C, WP No. 1; Page 1.2; Lines 10, 9 & 12 | H15: =H14+1 -> 3
A16: =A15+1 -> 4 | B16: ='Stmnt BD - Forecast KWH'!B15 -> 46478 | C16: ='WP 1.2 Forecast Sales'!F14 -> 1251230.7 | D16: ='WP 1.2 Forecast Sales'!F13 -> 0 | E16: =C16-D16 -> 1251230.7 | F16: =E16*$E$31 -> 1306410 | G16: =$G$13 -> Cols. A to C, WP No. 1; Page 1.2; Lines 10, 9 & 12 | H16: =H15+1 -> 4
A17: =A16+1 -> 5 | B17: ='Stmnt BD - Forecast KWH'!B16 -> 46508 | C17: ='WP 1.2 Forecast Sales'!G14 -> 1249809.6 | D17: ='WP 1.2 Forecast Sales'!G13 -> 0 | E17: =C17-D17 -> 1249809.6 | F17: =E17*$E$31 -> 1304926.2 | G17: =$G$13 -> Cols. A to C, WP No. 1; Page 1.2; Lines 10, 9 & 12 | H17: =H16+1 -> 5
A18: =A17+1 -> 6 | B18: ='Stmnt BD - Forecast KWH'!B17 -> 46539 | C18: ='WP 1.2 Forecast Sales'!H14 -> 1321306.6 | D18: ='WP 1.2 Forecast Sales'!H13 -> 0 | E18: =C18-D18 -> 1321306.6 | F18: =E18*$E$31 -> 1379576.2 | G18: =$G$13 -> Cols. A to C, WP No. 1; Page 1.2; Lines 10, 9 & 12 | H18: =H17+1 -> 6
A19: =A18+1 -> 7 | B19: ='Stmnt BD - Forecast KWH'!B18 -> 46569 | C19: ='WP 1.2 Forecast Sales'!I14 -> 1502802.8 | D19: ='WP 1.2 Forecast Sales'!I13 -> 0 | E19: =C19-D19 -> 1502802.8 | F19: =E19*$E$31 -> 1569076.4 | G19: =$G$13 -> Cols. A to C, WP No. 1; Page 1.2; Lines 10, 9 & 12 | H19: =H18+1 -> 7
A20: =A19+1 -> 8 | B20: ='Stmnt BD - Forecast KWH'!B19 -> 46600 | C20: ='WP 1.2 Forecast Sales'!J14 -> 1674185 | D20: ='WP 1.2 Forecast Sales'!J13 -> 0 | E20: =C20-D20 -> 1674185 | F20: =E20*$E$31 -> 1748016.5 | G20: =$G$13 -> Cols. A to C, WP No. 1; Page 1.2; Lines 10, 9 & 12 | H20: =H19+1 -> 8
A21: =A20+1 -> 9 | B21: ='Stmnt BD - Forecast KWH'!B20 -> 46631 | C21: ='WP 1.2 Forecast Sales'!K14 -> 1854378.2 | D21: ='WP 1.2 Forecast Sales'!K13 -> 0 | E21: =C21-D21 -> 1854378.2 | F21: =E21*$E$31 -> 1936156.3 | G21: =$G$13 -> Cols. A to C, WP No. 1; Page 1.2; Lines 10, 9 & 12 | H21: =H20+1 -> 9
A22: =A21+1 -> 10 | B22: ='Stmnt BD - Forecast KWH'!B21 -> 46661 | C22: ='WP 1.2 Forecast Sales'!L14 -> 1545534.9 | D22: ='WP 1.2 Forecast Sales'!L13 -> 0 | E22: =C22-D22 -> 1545534.9 | F22: =E22*$E$31 -> 1613693 | G22: =$G$13 -> Cols. A to C, WP No. 1; Page 1.2; Lines 10, 9 & 12 | H22: =H21+1 -> 10
A23: =A22+1 -> 11 | B23: ='Stmnt BD - Forecast KWH'!B22 -> 46692 | C23: ='WP 1.2 Forecast Sales'!M14 -> 1415520.2 | D23: ='WP 1.2 Forecast Sales'!M13 -> 0 | E23: =C23-D23 -> 1415520.2 | F23: =E23*$E$31 -> 1477944.6 | G23: =$G$13 -> Cols. A to C, WP No. 1; Page 1.2; Lines 10, 9 & 12 | H23: =H22+1 -> 11
A24: =A23+1 -> 12 | B24: ='Stmnt BD - Forecast KWH'!B23 -> 46722 | C24: ='WP 1.2 Forecast Sales'!N14 -> 1461619.9 | D24: ='WP 1.2 Forecast Sales'!N13 -> 0 | E24: =C24-D24 -> 1461619.9 | F24: =E24*$E$31 -> 1526077.3 | G24: =$G$13 -> Cols. A to C, WP No. 1; Page 1.2; Lines 10, 9 & 12 | H24: =H23+1 -> 12
A25: =A24+1 -> 13 | H25: =H24+1 -> 13
A26: =A25+1 -> 14 | B26: Total | C26: =SUM(C13:C25) -> 17519483 | D26: =SUM(D13:D25) -> 0 | E26: =SUM(E13:E24) -> 17519483 | F26: =SUM(F13:F24) -> 18292093 | G26: Sum Lines 1 thru 12 | H26: =H25+1 -> 14
A27: =A26+1 -> 15 | H27: =H26+1 -> 15
A28: =A27+1 -> 16 | B28: Non-CAISO Sales Forecast @ Meter Level | E28: =E26 -> 17519483 | G28: Col. C; Line 14 | H28: =H27+1 -> 16
A29: =A28+1 -> 17 | H29: =H28+1 -> 17
A30: =A29+1 -> 18 | H30: =H29+1 -> 18
A31: =A30+1 -> 19 | B31: Transmission Loss Factor 2 | C31: 34217606 | D31: 35725733 | E31: =ROUND(D31/C31,4) -> 1.0441 | G31: Column B / Column A | H31: =H30+1 -> 19
A32: =A31+1 -> 20 | H32: =H31+1 -> 20
A33: =A32+1 -> 21 | H33: =H32+1 -> 21
A34: =A33+1 -> 22 | B34: Non-CAISO Sales Forecast @ Transmission Level | F34: =F26 -> 18292093 | G34: Col. D; Line 14 | H34: =H33+1 -> 22
A35: =A34+1 -> 23 | H35: =H34+1 -> 23
A36: =A35+1 -> 24 | B36: Lake Hodges Pumped Storage Facilities 3 | F36: 0 | G36: Statement BD WP; Page 4 of 5 | H36: =H35+1 -> 24
A37: =A36+1 -> 25 | H37: =H36+1 -> 25
A38: =A37+1 -> 26 | B38: Pumped Storage True Up Adjustment 4 | F38: -338.98531 | G38: Statement BD WP; Page 5 of 5 | H38: =H37+1 -> 26
A39: =A38+1 -> 27 | H39: =H38+1 -> 27
A40: =A39+1 -> 28 | B40: Total Gross Load Forecast | F40: =F34+F36+F38 -> 18291754 | G40: Sum Lines 22 thru 26 | H40: =H39+1 -> 28
A43: 1 | B43: This information is used for CAISO TAC purposes as shown in Statement BL -Wholesale. The sales forecast excludes Sale for Resale.
A44: 2 | B44: Per Cost Statement BB; Page 1; Line 24 of SDG&E's TO6-Cycle 3 Annual Informational Filing.
B45: The 1.0414 factor is used to convert the Non-CAISO retail sales forecast at meter level up to the transmission level.
A46: 3 | B46: Energy used for pumping at the Lake Hodges Pumped Storage Facilities is measured at 69kV and gets adjusted by a distribution loss factor to derive the Gross Load forecast.
A47: 4 | B47: Represents the difference between actual and forecast load associated with the Lake Hodges Pumped Storage Facility for the base year.

Sheet Stmt BD-Forecast Pump Storage
A2: Statement BD
A3: SAN DIEGO GAS AND ELECTRIC COMPANY
A4: Allocation Energy and Supporting Data
A5: Forecast Period January 2027 - December 2027
A6: MWH SALES FORECAST @ Transmission Level
A8: 2027 (MWh) | B8: Jan | C8: Feb | D8: Mar | E8: Apr | F8: May | G8: June | H8: July | I8: Aug | J8: Sept | K8: Oct | L8: Nov | M8: Dec | N8: Total
A9: Olivenhain-Lake Hodges Pumping Load | B9: 0 | C9: 0 | D9: 0 | E9: 0 | F9: 0 | G9: 0 | H9: 0 | I9: 0 | J9: 0 | K9: 0 | L9: 0 | M9: 0 | N9: =SUM(B9:M9) -> 0
H11: Primary Level Distribution Loss Factor | N11: 1.0108921
H13: Total Lake Hodges Pumping Load | N13: =N9*N11 -> 0

Sheet Stmt BD-Pump Load True Up Adj
B2: Statement BD
B3: SAN DIEGO GAS AND ELECTRIC COMPANY
B4: Allocation Energy and Supporting Data
B5: Lake Hodges Pumping Load Adjustment Mechanism
B6: For the 12-Month Base & True Up Period Ending December 31, 2025
A8: Line No. | B8: Description | C8: Amount | D8: Reference | E8: Line No.
A10: 1 | B10: Pumped Storage Facility - Actual Load | C10: 0 | D10: SDG&E Records | E10: 1
A12: =A10+1 -> 2 | B12: Pumped Storage Facility - Forecast Load | C12: 335.33281 | D12: SDG&E Records | E12: =E10+1 -> 2
A14: =A12+1 -> 3 | B14: Difference | C14: =C10-C12 -> -335.33281 | D14: Line 1 Minus Line 2 | E14: =E12+1 -> 3
A16: =A14+1 -> 4 | B16: Primary Level Distribution Loss Factor | C16: 1.0108921 | D16: SDG&E Records | E16: =E14+1 -> 4
A18: =A16+1 -> 5 | B18: Pumped Storage - True Up Adjustment 1 | C18: =C14*C16 -> -338.98531 | D18: Line 3 x Line 4 | E18: =E16+1 -> 5
A20: 1 | B20: The pumped storage True-Up Adjustment reconciles the difference between the prior year's forecast and actual load data.

Sheet Stmt BG - Page 1
A2: Statement BG
A3: SAN DIEGO GAS & ELECTRIC COMPANY
A4: Transmission Revenue Balancing Account Adjustment (TRBAA) Revenues Data to Reflect Changed Rates
A5: Comparison of Revenues
A6: Rate Effective Period - Twelve Months Ending December 31, 2027
C8: (A) | D8: (B) | E8: (C) = (A) - (B) | F8: (D) = (C) / (B)
C9: (Statement BG) | D9: (Statement BH)
C10: 2027 | D10: =C10 -> 2027
A11: Line | C11: TRBAA Revenues | D11: TRBAA Revenues | F11: (%) | I11: Line
A12: No. | B12: Customer Classes | C12: @ Changed Rates | D12: @ Present Rates 1 | E12: ($) Change | F12: Change | G12: Reference | H12: Reference | I12: No.
A14: 1 | B14: Residential Customers | C14: ='Stmt BG - Page 2'!I28 -> -18530989 | D14: ='Stmt BH - Page 1'!I28 -> -17333602 | E14: =C14-D14 -> -1197387 | F14: =(C14-D14)/D14 -> 0.069078947 | H14: Statement BG; Page 2 of 4; Line 14 | I14: 1
A15: =A14+1 -> 2 | H15: Statement BH; Page 1 of 3; Line 14 | I15: =I14+1 -> 2
A16: =A15+1 -> 3 | B16: Small Commercial Customers | C16: ='Stmt BG - Page 2'!I30 -> -5577094.1 | D16: ='Stmt BH - Page 1'!I30 -> -5216728 | E16: =C16-D16 -> -360366.08 | F16: =(C16-D16)/D16 -> 0.069078947 | H16: Statement BG; Page 2 of 4; Line 16 | I16: =I15+1 -> 3
A17: =A16+1 -> 4 | H17: Statement BH; Page 1 of 3; Line 16 | I17: =I16+1 -> 4
A18: =A17+1 -> 5 | B18: Medium and Large Commercial/Industrial | C18: ='Stmt BG - Page 2'!I32 -> -31345687 | D18: ='Stmt BH - Page 1'!I32 -> -29320274 | E18: =C18-D18 -> -2025413.6 | F18: =(C18-D18)/D18 -> 0.069078947 | H18: Statement BG; Page 2 of 4; Line 18 | I18: =I17+1 -> 5
A19: =A18+1 -> 6 | H19: Statement BH; Page 1 of 3; Line 18 | I19: =I18+1 -> 6
A20: =A19+1 -> 7 | B20: Agriculture (PA and TOU-PA) | C20: ='Stmt BG - Page 2'!I34 -> -684335.14 | D20: ='Stmt BH - Page 1'!I34 -> -640116.56 | E20: =C20-D20 -> -44218.578 | F20: =(C20-D20)/D20 -> 0.069078947 | H20: Statement BG; Page 2 of 4; Line 20 | I20: =I19+1 -> 7
A21: =A20+1 -> 8 | H21: Statement BH; Page 1 of 3; Line 20 | I21: =I20+1 -> 8
A22: =A21+1 -> 9 | B22: Agriculture (PA-T-1) | C22: ='Stmt BG - Page 2'!I36 -> -534594.31 | D22: ='Stmt BH - Page 1'!I36 -> -500051.29 | E22: =C22-D22 -> -34543.017 | F22: =(C22-D22)/D22 -> 0.069078947 | H22: Statement BG; Page 2 of 4; Line 22 | I22: =I21+1 -> 9
A23: =A22+1 -> 10 | H23: Statement BH; Page 1 of 3; Line 22 | I23: =I22+1 -> 10
A24: =A23+1 -> 11 | B24: Street Lighting Customers | C24: ='Stmt BG - Page 2'!I38 -> -252472.61 | D24: ='Stmt BH - Page 1'!I38 -> -236158.99 | E24: =C24-D24 -> -16313.615 | F24: =(C24-D24)/D24 -> 0.069078947 | H24: Statement BG; Page 2 of 4; Line 24 | I24: =I23+1 -> 11
A25: =A24+1 -> 12 | H25: Statement BH; Page 1 of 3; Line 24 | I25: =I24+1 -> 12
A26: =A25+1 -> 13 | I26: =I25+1 -> 13
A27: =A26+1 -> 14 | B27: Grand Total | C27: =SUM(C14:C24) -> -56925172 | D27: =SUM(D14:D24) -> -53246930 | E27: =SUM(E14:E24) -> -3678241.9 | F27: =(C27-D27)/D27 -> 0.069078947 | H27: Sum Lines 1 through 11 | I27: =I26+1 -> 14
A30: 1 | B30: Present Rates are defined as rates effective pursuant to ER26-336.

Sheet Stmt BG - Page 2
A2: Statement BG
A3: SAN DIEGO GAS & ELECTRIC COMPANY
A4: ='Stmt BG - Page 1'!A4 -> Transmission Revenue Balancing Account Adjustment (TRBAA) Revenues Data to Reflect Changed Rates
A5: ='Stmt BG - Page 1'!A6 -> Rate Effective Period - Twelve Months Ending December 31, 2027
A7: Line | C7: (A) | D7: (B) | E7: (C) | F7: (D) | G7: (E) | H7: (F) | I7: (G) | J7: Line
A8: No. | B8: Customer Classes | C8: 46388 | D8: 46419 | E8: 46447 | F8: 46478 | G8: 46508 | H8: 46539 | J8: No.
A10: 1 | B10: Residential 1 | C10: ='Stmt BG - Page 3'!C33 -> -1891341 | D10: ='Stmt BG - Page 3'!D33 -> -1601265.2 | E10: ='Stmt BG - Page 3'!E33 -> -1392796.8 | F10: ='Stmt BG - Page 3'!F33 -> -1141228 | G10: ='Stmt BG - Page 3'!G33 -> -1071829.1 | H10: ='Stmt BG - Page 3'!H33 -> -1164617.5 | J10: 1
A11: =A10+1 -> 2 | J11: =J10+1 -> 2
A12: =A11+1 -> 3 | B12: Small Commercial 2 | C12: ='Stmt BG - Page 3'!C35 -> -468348.93 | D12: ='Stmt BG - Page 3'!D35 -> -449386.74 | E12: ='Stmt BG - Page 3'!E35 -> -437364.18 | F12: ='Stmt BG - Page 3'!F35 -> -428238 | G12: ='Stmt BG - Page 3'!G35 -> -427900.58 | H12: ='Stmt BG - Page 3'!H35 -> -446001.42 | J12: =J11+1 -> 3
A13: =A12+1 -> 4 | J13: =J12+1 -> 4
A14: =A13+1 -> 5 | B14: Medium and Large Commercial/Industrial 3 | C14: ='Stmt BG - Page 3'!C37 -> -2488543.7 | D14: ='Stmt BG - Page 3'!D37 -> -2371347 | E14: ='Stmt BG - Page 3'!E37 -> -2389842 | F14: ='Stmt BG - Page 3'!F37 -> -2395079.2 | G14: ='Stmt BG - Page 3'!G37 -> -2438102.7 | H14: ='Stmt BG - Page 3'!H37 -> -2553069.3 | J14: =J13+1 -> 5
A15: =A14+1 -> 6 | J15: =J14+1 -> 6
A16: =A15+1 -> 7 | B16: Agriculture (PA and TOU-PA) 4 | C16: ='Stmt BG - Page 3'!C39 -> -42548.526 | D16: ='Stmt BG - Page 3'!D39 -> -37332.4 | E16: ='Stmt BG - Page 3'!E39 -> -34881.259 | F16: ='Stmt BG - Page 3'!F39 -> -40098.731 | G16: ='Stmt BG - Page 3'!G39 -> -57003.042 | H16: ='Stmt BG - Page 3'!H39 -> -63220.291 | J16: =J15+1 -> 7
A17: =A16+1 -> 8 | J17: =J16+1 -> 8
A18: =A17+1 -> 9 | B18: Agriculture (PA-T-1) 5 | C18: ='Stmt BG - Page 3'!C41 -> -41591.744 | D18: ='Stmt BG - Page 3'!D41 -> -39637.252 | E18: ='Stmt BG - Page 3'!E41 -> -37113.837 | F18: ='Stmt BG - Page 3'!F41 -> -38471.49 | G18: ='Stmt BG - Page 3'!G41 -> -45323.625 | H18: ='Stmt BG - Page 3'!H41 -> -46820.671 | J18: =J17+1 -> 9
A19: =A18+1 -> 10 | J19: =J18+1 -> 10
A20: =A19+1 -> 11 | B20: Street Lighting 6 | C20: ='Stmt BG - Page 3'!C43 -> -21940.031 | D20: ='Stmt BG - Page 3'!D43 -> -21492.05 | E20: ='Stmt BG - Page 3'!E43 -> -20965.103 | F20: ='Stmt BG - Page 3'!F43 -> -20391.552 | G20: ='Stmt BG - Page 3'!G43 -> -20385.873 | H20: ='Stmt BG - Page 3'!H43 -> -20517.313 | J20: =J19+1 -> 11
A21: =A20+1 -> 12 | J21: =J20+1 -> 12
A22: =A21+1 -> 13 | B22: TOTAL | C22: =SUM(C10:C20) -> -4954313.9 | D22: =SUM(D10:D20) -> -4520460.6 | E22: =SUM(E10:E20) -> -4312963.1 | F22: =SUM(F10:F20) -> -4063507 | G22: =SUM(G10:G20) -> -4060544.9 | H22: =SUM(H10:H20) -> -4294246.5 | J22: =J21+1 -> 13
A25: Line | C25: =C7 -> (A) | D25: =D7 -> (B) | E25: =E7 -> (C) | F25: =F7 -> (D) | G25: =G7 -> (E) | H25: =H7 -> (F) | I25: =I7 -> (G) | J25: Line
A26: No. | B26: Customer Classes | C26: 46569 | D26: 46600 | E26: 46631 | F26: 46661 | G26: 46692 | H26: 46722 | J26: No.
A28: =A22+1 -> 14 | B28: Residential 1 | C28: ='Stmt BG - Page 4'!C33 -> -1454331 | D28: ='Stmt BG - Page 4'!D33 -> -1880419.5 | E28: ='Stmt BG - Page 4'!E33 -> -2266120.9 | F28: ='Stmt BG - Page 4'!F33 -> -1595508.7 | G28: ='Stmt BG - Page 4'!G33 -> -1422679.3 | H28: ='Stmt BG - Page 4'!H33 -> -1648851.6 | I28: =SUM(C10:H10,C28:H28) -> -18530989 | J28: =J22+1 -> 14
A29: =A28+1 -> 15 | J29: =J28+1 -> 15
A30: =A29+1 -> 16 | B30: Small Commercial 2 | C30: ='Stmt BG - Page 4'!C35 -> -493491.2 | D30: ='Stmt BG - Page 4'!D35 -> -514570.39 | E30: ='Stmt BG - Page 4'!E35 -> -543444.38 | F30: ='Stmt BG - Page 4'!F35 -> -478810.48 | G30: ='Stmt BG - Page 4'!G35 -> -444962.55 | H30: ='Stmt BG - Page 4'!H35 -> -444575.23 | I30: =SUM(C12:H12,C30:H30) -> -5577094.1 | J30: =J29+1 -> 16
A31: =A30+1 -> 17 | J31: =J30+1 -> 17
A32: =A31+1 -> 18 | B32: Medium and Large Commercial/Industrial 3 | C32: ='Stmt BG - Page 4'!C37 -> -2793109.1 | D32: ='Stmt BG - Page 4'!D37 -> -2896896.8 | E32: ='Stmt BG - Page 4'!E37 -> -3068169.9 | F32: ='Stmt BG - Page 4'!F37 -> -2807096.7 | G32: ='Stmt BG - Page 4'!G37 -> -2604799 | H32: ='Stmt BG - Page 4'!H37 -> -2539631.8 | I32: =SUM(C14:H14,C32:H32) -> -31345687 | J32: =J31+1 -> 18
A33: =A32+1 -> 19 | J33: =J32+1 -> 19
A34: =A33+1 -> 20 | B34: Agriculture (PA and TOU-PA) 4 | C34: ='Stmt BG - Page 4'!C39 -> -71824.558 | D34: ='Stmt BG - Page 4'!D39 -> -77430.608 | E34: ='Stmt BG - Page 4'!E39 -> -77390.342 | F34: ='Stmt BG - Page 4'!F39 -> -69438.466 | G34: ='Stmt BG - Page 4'!G39 -> -59463.344 | H34: ='Stmt BG - Page 4'!H39 -> -53703.573 | I34: =SUM(C16:H16,C34:H34) -> -684335.14 | J34: =J33+1 -> 20
A35: =A34+1 -> 21 | J35: =J34+1 -> 21
A36: =A35+1 -> 22 | B36: Agriculture (PA-T-1) 5 | C36: ='Stmt BG - Page 4'!C41 -> -51105.273 | D36: ='Stmt BG - Page 4'!D41 -> -50780.389 | E36: ='Stmt BG - Page 4'!E41 -> -50702.502 | F36: ='Stmt BG - Page 4'!F41 -> -48363.872 | G36: ='Stmt BG - Page 4'!G41 -> -44494.037 | H36: ='Stmt BG - Page 4'!H41 -> -40189.614 | I36: =SUM(C18:H18,C36:H36) -> -534594.31 | J36: =J35+1 -> 22
A37: =A36+1 -> 23 | J37: =J36+1 -> 23
A38: =A37+1 -> 24 | B38: Street Lighting 6 | C38: ='Stmt BG - Page 4'!C43 -> -20248.151 | D38: ='Stmt BG - Page 4'!D43 -> -21003.501 | E38: ='Stmt BG - Page 4'!E43 -> -20161.592 | F38: ='Stmt BG - Page 4'!F43 -> -21072.37 | G38: ='Stmt BG - Page 4'!G43 -> -22118.641 | H38: ='Stmt BG - Page 4'!H43 -> -22176.433 | I38: =SUM(C20:H20,C38:H38) -> -252472.61 | J38: =J37+1 -> 24
A39: =A38+1 -> 25 | J39: =J38+1 -> 25
A40: =A39+1 -> 26 | B40: TOTAL | C40: =SUM(C28:C38) -> -4884109.2 | D40: =SUM(D28:D38) -> -5441101.1 | E40: =SUM(E28:E38) -> -6025989.6 | F40: =SUM(F28:F38) -> -5020290.7 | G40: =SUM(G28:G38) -> -4598516.9 | H40: =SUM(H28:H38) -> -4749128.3 | I40: =SUM(I28:I38) -> -56925172 | J40: =J39+1 -> 26
A43: 1 | B43: See Stmt BG pages 3 of 4 and 4 of 4, Line 23. | F43: 4 | G43: See Stmt BG pages 3 of 4 and 4 of 4, Line 29.
A44: 2 | B44: See Stmt BG pages 3 of 4 and 4 of 4, Line 25. | F44: 5 | G44: See Stmt BG pages 3 of 4 and 4 of 4, Line 31.
A45: 3 | B45: See Stmt BG pages 3 of 4 and 4 of 4, Line 27. | F45: 6 | G45: See Stmt BG pages 3 of 4 and 4 of 4, Line 33.

Sheet Stmt BG - Page 3
A2: Statement BG
A3: SAN DIEGO GAS AND ELECTRIC COMPANY
A4: ='Stmt BG - Page 1'!A4 -> Transmission Revenue Balancing Account Adjustment (TRBAA) Revenues Data to Reflect Changed Rates
A5: ='Stmt BG - Page 1'!A6 -> Rate Effective Period - Twelve Months Ending December 31, 2027
C7: (A) | D7: (B) | E7: (C) | F7: (D) | G7: (E) | H7: (F) | I7: (G)
A8: Line | C8: ='Stmt BG - Page 2'!C8 -> 46388 | D8: ='Stmt BG - Page 2'!D8 -> 46419 | E8: ='Stmt BG - Page 2'!E8 -> 46447 | F8: ='Stmt BG - Page 2'!F8 -> 46478 | G8: ='Stmt BG - Page 2'!G8 -> 46508 | H8: ='Stmt BG - Page 2'!H8 -> 46539 | J8: Line
A9: No. | B9: Customer Classes | C9: Energy (kWh) | D9: Energy (kWh) | E9: Energy (kWh) | F9: Energy (kWh) | G9: Energy (kWh) | H9: Energy (kWh) | I9: Reference | J9: No.
A11: 1 | B11: Residential Customers | C11: ='WP 1.2 Forecast Sales'!C6*1000 -> 5.8195106e+08 | D11: ='WP 1.2 Forecast Sales'!D6*1000 -> 4.9269698e+08 | E11: ='WP 1.2 Forecast Sales'!E6*1000 -> 4.2855285e+08 | F11: ='WP 1.2 Forecast Sales'!F6*1000 -> 3.5114708e+08 | G11: ='WP 1.2 Forecast Sales'!G6*1000 -> 3.2979355e+08 | H11: ='WP 1.2 Forecast Sales'!H6*1000 -> 3.5834385e+08 | I11: Workpaper No. 1; Page 1.2; Line 23 | J11: 1
A12: =A11+1 -> 2 | J12: =J11+1 -> 2
A13: =A12+1 -> 3 | B13: Small Commercial | C13: ='WP 1.2 Forecast Sales'!C7*1000 -> 1.4410736e+08 | D13: ='WP 1.2 Forecast Sales'!D7*1000 -> 1.3827284e+08 | E13: ='WP 1.2 Forecast Sales'!E7*1000 -> 1.3457359e+08 | F13: ='WP 1.2 Forecast Sales'!F7*1000 -> 1.3176554e+08 | G13: ='WP 1.2 Forecast Sales'!G7*1000 -> 1.3166172e+08 | H13: ='WP 1.2 Forecast Sales'!H7*1000 -> 1.3723121e+08 | I13: Workpaper No. 1; Page 1.2; Line 24 | J13: =J12+1 -> 3
A14: =A13+1 -> 4 | J14: =J13+1 -> 4
A15: =A14+1 -> 5 | B15: Medium and Large Commercial/Industrial | C15: ='WP 1.2 Forecast Sales'!C8*1000 -> 7.6570574e+08 | D15: ='WP 1.2 Forecast Sales'!D8*1000 -> 7.2964523e+08 | E15: ='WP 1.2 Forecast Sales'!E8*1000 -> 7.3533599e+08 | F15: ='WP 1.2 Forecast Sales'!F8*1000 -> 7.3694745e+08 | G15: ='WP 1.2 Forecast Sales'!G8*1000 -> 7.5018545e+08 | H15: ='WP 1.2 Forecast Sales'!H8*1000 -> 7.8555979e+08 | I15: Workpaper No. 1; Page 1.2; Line 25 | J15: =J14+1 -> 5
A16: =A15+1 -> 6 | J16: =J15+1 -> 6
A17: =A16+1 -> 7 | B17: Agriculture (PA and TOU-PA) | C17: ='WP 1.2 Forecast Sales'!C10*1000 -> 13091854 | D17: ='WP 1.2 Forecast Sales'!D10*1000 -> 11486892 | E17: ='WP 1.2 Forecast Sales'!E10*1000 -> 10732695 | F17: ='WP 1.2 Forecast Sales'!F10*1000 -> 12338071 | G17: ='WP 1.2 Forecast Sales'!G10*1000 -> 17539397 | H17: ='WP 1.2 Forecast Sales'!H10*1000 -> 19452397 | I17: Workpaper No. 1; Page 1.2; Line 26 | J17: =J16+1 -> 7
A18: =A17+1 -> 8 | J18: =J17+1 -> 8
A19: =A18+1 -> 9 | B19: Agriculture (PA-T-1) | C19: ='WP 1.2 Forecast Sales'!C11*1000 -> 12797460 | D19: ='WP 1.2 Forecast Sales'!D11*1000 -> 12196078 | E19: ='WP 1.2 Forecast Sales'!E11*1000 -> 11419642 | F19: ='WP 1.2 Forecast Sales'!F11*1000 -> 11837382 | G19: ='WP 1.2 Forecast Sales'!G11*1000 -> 13945731 | H19: ='WP 1.2 Forecast Sales'!H11*1000 -> 14406360 | I19: Workpaper No. 1; Page 1.2; Line 27 | J19: =J18+1 -> 9
A20: =A19+1 -> 10 | J20: =J19+1 -> 10
A21: =A20+1 -> 11 | B21: Street Lighting | C21: ='WP 1.2 Forecast Sales'!C12*1000 -> 6750778.9 | D21: ='WP 1.2 Forecast Sales'!D12*1000 -> 6612938.4 | E21: ='WP 1.2 Forecast Sales'!E12*1000 -> 6450801 | F21: ='WP 1.2 Forecast Sales'!F12*1000 -> 6274323.8 | G21: ='WP 1.2 Forecast Sales'!G12*1000 -> 6272576.2 | H21: ='WP 1.2 Forecast Sales'!H12*1000 -> 6313019.4 | I21: Workpaper No. 1; Page 1.2; Line 28 | J21: =J20+1 -> 11
A22: =A21+1 -> 12 | J22: =J21+1 -> 12
A23: =A22+1 -> 13 | B23: TOTAL | C23: =SUM(C11:C21) -> 1.5244043e+09 | D23: =SUM(D11:D21) -> 1.390911e+09 | E23: =SUM(E11:E21) -> 1.3270656e+09 | F23: =SUM(F11:F21) -> 1.2503098e+09 | G23: =SUM(G11:G21) -> 1.2493984e+09 | H23: =SUM(H11:H21) -> 1.3213066e+09 | I23: Sum Lines 1 thru 11 | J23: =J22+1 -> 13
A24: =A23+1 -> 14 | J24: =J23+1 -> 14
A25: =A24+1 -> 15 | J25: =J24+1 -> 15
A26: =A25+1 -> 16 | C26: $/(kWh) | D26: $/(kWh) | E26: $/(kWh) | F26: $/(kWh) | G26: $/(kWh) | H26: $/(kWh) | J26: =J25+1 -> 16
A27: =A26+1 -> 17 | J27: =J26+1 -> 17
A28: =A27+1 -> 18 | B28: Non-CAISO TRBAA Rate ($/kWh) @ Changed Rate | C28: =('Stmnt BL (Non-CAISO) - TRBAA'!C36) -> -0.00325 | D28: =$C28 -> -0.00325 | E28: =$C28 -> -0.00325 | F28: =$C28 -> -0.00325 | G28: =$C28 -> -0.00325 | H28: =$C28 -> -0.00325 | I28: Statement BL (Non-CAISO); Page 1; Line 27 | J28: =J27+1 -> 18
A29: =A28+1 -> 19 | J29: =J28+1 -> 19
A30: =A29+1 -> 20 | J30: =J29+1 -> 20
A31: =A30+1 -> 21 | C31: Revenues @ Changed Rates | D31: Revenues @ Changed Rates | E31: Revenues @ Changed Rates | F31: Revenues @ Changed Rates | G31: Revenues @ Changed Rates | H31: Revenues @ Changed Rates | J31: =J30+1 -> 21
A32: =A31+1 -> 22 | J32: =J31+1 -> 22
A33: =A32+1 -> 23 | B33: Residential Customers | C33: =C11*C$28 -> -1891341 | D33: =D11*D$28 -> -1601265.2 | E33: =E11*E$28 -> -1392796.8 | F33: =F11*F$28 -> -1141228 | G33: =G11*G$28 -> -1071829.1 | H33: =H11*H$28 -> -1164617.5 | I33: Line 1 x Line 18 | J33: =J32+1 -> 23
A34: =A33+1 -> 24 | J34: =J33+1 -> 24
A35: =A34+1 -> 25 | B35: Small Commercial | C35: =C13*C$28 -> -468348.93 | D35: =D13*D$28 -> -449386.74 | E35: =E13*E$28 -> -437364.18 | F35: =F13*F$28 -> -428238 | G35: =G13*G$28 -> -427900.58 | H35: =H13*H$28 -> -446001.42 | I35: Line 3 x Line 18 | J35: =J34+1 -> 25
A36: =A35+1 -> 26 | J36: =J35+1 -> 26
A37: =A36+1 -> 27 | B37: Medium and Large Commercial/Industrial | C37: =C15*C$28 -> -2488543.7 | D37: =D15*D$28 -> -2371347 | E37: =E15*E$28 -> -2389842 | F37: =F15*F$28 -> -2395079.2 | G37: =G15*G$28 -> -2438102.7 | H37: =H15*H$28 -> -2553069.3 | I37: Line 5 x Line 18 | J37: =J36+1 -> 27
A38: =A37+1 -> 28 | J38: =J37+1 -> 28
A39: =A38+1 -> 29 | B39: Agriculture (PA and TOU-PA) | C39: =C17*C$28 -> -42548.526 | D39: =D17*D$28 -> -37332.4 | E39: =E17*E$28 -> -34881.259 | F39: =F17*F$28 -> -40098.731 | G39: =G17*G$28 -> -57003.042 | H39: =H17*H$28 -> -63220.291 | I39: Line 7 x Line 18 | J39: =J38+1 -> 29
A40: =A39+1 -> 30 | J40: =J39+1 -> 30
A41: =A40+1 -> 31 | B41: Agriculture (PA-T-1) | C41: =C19*C$28 -> -41591.744 | D41: =D19*D$28 -> -39637.252 | E41: =E19*E$28 -> -37113.837 | F41: =F19*F$28 -> -38471.49 | G41: =G19*G$28 -> -45323.625 | H41: =H19*H$28 -> -46820.671 | I41: Line 9 x Line 18 | J41: =J40+1 -> 31
A42: =A41+1 -> 32 | J42: =J41+1 -> 32
A43: =A42+1 -> 33 | B43: Street Lighting | C43: =C21*C$28 -> -21940.031 | D43: =D21*D$28 -> -21492.05 | E43: =E21*E$28 -> -20965.103 | F43: =F21*F$28 -> -20391.552 | G43: =G21*G$28 -> -20385.873 | H43: =H21*H$28 -> -20517.313 | I43: Line 11 x Line 18 | J43: =J42+1 -> 33
A44: =A43+1 -> 34 | J44: =J43+1 -> 34
A45: =A44+1 -> 35 | B45: TOTAL | C45: =SUM(C33:C43) -> -4954313.9 | D45: =SUM(D33:D43) -> -4520460.6 | E45: =SUM(E33:E43) -> -4312963.1 | F45: =SUM(F33:F43) -> -4063507 | G45: =SUM(G33:G43) -> -4060544.9 | H45: =SUM(H33:H43) -> -4294246.5 | I45: Sum Lines 23 through 33 | J45: =J44+1 -> 35

Sheet Stmt BG - Page 4
A2: Statement BG
A3: SAN DIEGO GAS AND ELECTRIC COMPANY
A4: ='Stmt BG - Page 1'!A4 -> Transmission Revenue Balancing Account Adjustment (TRBAA) Revenues Data to Reflect Changed Rates
A5: ='Stmt BG - Page 1'!A6 -> Rate Effective Period - Twelve Months Ending December 31, 2027
C7: (H) | D7: (I) | E7: (J) | F7: (K) | G7: (L) | H7: (M) | I7: (N) | J7: (O)
A8: Line | C8: ='Stmt BG - Page 2'!C26 -> 46569 | D8: ='Stmt BG - Page 2'!D26 -> 46600 | E8: ='Stmt BG - Page 2'!E26 -> 46631 | F8: ='Stmt BG - Page 2'!F26 -> 46661 | G8: ='Stmt BG - Page 2'!G26 -> 46692 | H8: ='Stmt BG - Page 2'!H26 -> 46722 | I8: Total | K8: Line
A9: No. | B9: Customer Classes | C9: Energy (kWh) | D9: Energy (kWh) | E9: Energy (kWh) | F9: Energy (kWh) | G9: Energy (kWh) | H9: Energy (kWh) | I9: Energy (kWh) | J9: Reference | K9: No.
A11: 1 | B11: Residential Customers | C11: ='WP 1.2 Forecast Sales'!I6*1000 -> 4.4748645e+08 | D11: ='WP 1.2 Forecast Sales'!J6*1000 -> 5.7859061e+08 | E11: ='WP 1.2 Forecast Sales'!K6*1000 -> 6.9726797e+08 | F11: ='WP 1.2 Forecast Sales'!L6*1000 -> 4.9092576e+08 | G11: ='WP 1.2 Forecast Sales'!M6*1000 -> 4.3774749e+08 | H11: ='WP 1.2 Forecast Sales'!N6*1000 -> 5.0733897e+08 | I11: =SUM('Stmt BG - Page 3'!C11:H11)+SUM('Stmt BG - Page 4'!C11:H11) -> 5.7018426e+09 | J11: Workpaper No. 1; Page 1.2; Line 23 | K11: 1
A12: =A11+1 -> 2 | K12: =K11+1 -> 2
A13: =A12+1 -> 3 | B13: Small Commercial | C13: ='WP 1.2 Forecast Sales'!I7*1000 -> 1.5184345e+08 | D13: ='WP 1.2 Forecast Sales'!J7*1000 -> 1.5832935e+08 | E13: ='WP 1.2 Forecast Sales'!K7*1000 -> 1.6721365e+08 | F13: ='WP 1.2 Forecast Sales'!L7*1000 -> 1.473263e+08 | G13: ='WP 1.2 Forecast Sales'!M7*1000 -> 1.3691155e+08 | H13: ='WP 1.2 Forecast Sales'!N7*1000 -> 1.3679238e+08 | I13: =SUM('Stmt BG - Page 3'!C13:H13)+SUM('Stmt BG - Page 4'!C13:H13) -> 1.7160289e+09 | J13: Workpaper No. 1; Page 1.2; Line 24 | K13: =K12+1 -> 3
A14: =A13+1 -> 4 | K14: =K13+1 -> 4
A15: =A14+1 -> 5 | B15: Medium and Large Commercial/Industrial | C15: ='WP 1.2 Forecast Sales'!I8*1000 -> 8.5941818e+08 | D15: ='WP 1.2 Forecast Sales'!J8*1000 -> 8.9135285e+08 | E15: ='WP 1.2 Forecast Sales'!K8*1000 -> 9.4405227e+08 | F15: ='WP 1.2 Forecast Sales'!L8*1000 -> 8.6372207e+08 | G15: ='WP 1.2 Forecast Sales'!M8*1000 -> 8.0147662e+08 | H15: ='WP 1.2 Forecast Sales'!N8*1000 -> 7.8142517e+08 | I15: =SUM('Stmt BG - Page 3'!C15:H15)+SUM('Stmt BG - Page 4'!C15:H15) -> 9.6448268e+09 | J15: Workpaper No. 1; Page 1.2; Line 25 | K15: =K14+1 -> 5
A16: =A15+1 -> 6 | K16: =K15+1 -> 6
A17: =A16+1 -> 7 | B17: Agriculture (PA and TOU-PA) | C17: ='WP 1.2 Forecast Sales'!I10*1000 -> 22099864 | D17: ='WP 1.2 Forecast Sales'!J10*1000 -> 23824802 | E17: ='WP 1.2 Forecast Sales'!K10*1000 -> 23812413 | F17: ='WP 1.2 Forecast Sales'!L10*1000 -> 21365682 | G17: ='WP 1.2 Forecast Sales'!M10*1000 -> 18296414 | H17: ='WP 1.2 Forecast Sales'!N10*1000 -> 16524176 | I17: =SUM('Stmt BG - Page 3'!C17:H17)+SUM('Stmt BG - Page 4'!C17:H17) -> 2.1056466e+08 | J17: Workpaper No. 1; Page 1.2; Line 26 | K17: =K16+1 -> 7
A18: =A17+1 -> 8 | K18: =K17+1 -> 8
A19: =A18+1 -> 9 | B19: Agriculture (PA-T-1) | C19: ='WP 1.2 Forecast Sales'!I11*1000 -> 15724699 | D19: ='WP 1.2 Forecast Sales'!J11*1000 -> 15624735 | E19: ='WP 1.2 Forecast Sales'!K11*1000 -> 15600770 | F19: ='WP 1.2 Forecast Sales'!L11*1000 -> 14881191 | G19: ='WP 1.2 Forecast Sales'!M11*1000 -> 13690473 | H19: ='WP 1.2 Forecast Sales'!N11*1000 -> 12366035 | I19: =SUM('Stmt BG - Page 3'!C19:H19)+SUM('Stmt BG - Page 4'!C19:H19) -> 1.6449056e+08 | J19: Workpaper No. 1; Page 1.2; Line 27 | K19: =K18+1 -> 9
A20: =A19+1 -> 10 | K20: =K19+1 -> 10
A21: =A20+1 -> 11 | B21: Street Lighting | C21: ='WP 1.2 Forecast Sales'!I12*1000 -> 6230200.2 | D21: ='WP 1.2 Forecast Sales'!J12*1000 -> 6462615.6 | E21: ='WP 1.2 Forecast Sales'!K12*1000 -> 6203566.8 | F21: ='WP 1.2 Forecast Sales'!L12*1000 -> 6483806.2 | G21: ='WP 1.2 Forecast Sales'!M12*1000 -> 6805735.6 | H21: ='WP 1.2 Forecast Sales'!N12*1000 -> 6823517.9 | I21: =SUM('Stmt BG - Page 3'!C21:H21)+SUM('Stmt BG - Page 4'!C21:H21) -> 77683880 | J21: Workpaper No. 1; Page 1.2; Line 28 | K21: =K20+1 -> 11
A22: =A21+1 -> 12 | K22: =K21+1 -> 12
A23: =A22+1 -> 13 | B23: TOTAL | C23: =SUM(C11:C21) -> 1.5028028e+09 | D23: =SUM(D11:D21) -> 1.674185e+09 | E23: =SUM(E11:E21) -> 1.8541506e+09 | F23: =SUM(F11:F21) -> 1.5447048e+09 | G23: =SUM(G11:G21) -> 1.4149283e+09 | H23: =SUM(H11:H21) -> 1.4612702e+09 | I23: =SUM(I11:I21) -> 1.7515437e+10 | J23: Sum Lines 1 thru 11 | K23: =K22+1 -> 13
A24: =A23+1 -> 14 | K24: =K23+1 -> 14
A25: =A24+1 -> 15 | K25: =K24+1 -> 15
A26: =A25+1 -> 16 | C26: $/(kWh) | D26: $/(kWh) | E26: $/(kWh) | F26: $/(kWh) | G26: $/(kWh) | H26: $/(kWh) | K26: =K25+1 -> 16
A27: =A26+1 -> 17 | K27: =K26+1 -> 17
A28: =A27+1 -> 18 | B28: ='Stmt BG - Page 3'!B28 -> Non-CAISO TRBAA Rate ($/kWh) @ Changed Rate | C28: ='Stmt BG - Page 3'!C28 -> -0.00325 | D28: =$C28 -> -0.00325 | E28: =$C28 -> -0.00325 | F28: =$C28 -> -0.00325 | G28: =$C28 -> -0.00325 | H28: =$C28 -> -0.00325 | J28: ='Stmt BG - Page 3'!I28 -> Statement BL (Non-CAISO); Page 1; Line 27 | K28: =K27+1 -> 18
A29: =A28+1 -> 19 | K29: =K28+1 -> 19
A30: =A29+1 -> 20 | K30: =K29+1 -> 20
A31: =A30+1 -> 21 | C31: Revenues @ Changed Rates | D31: Revenues @ Changed Rates | E31: Revenues @ Changed Rates | F31: Revenues @ Changed Rates | G31: Revenues @ Changed Rates | H31: Revenues @ Changed Rates | I31: Revenues @ Changed Rates | K31: =K30+1 -> 21
A32: =A31+1 -> 22 | K32: =K31+1 -> 22
A33: =A32+1 -> 23 | B33: Residential Customers | C33: =C11*C$28 -> -1454331 | D33: =D11*D$28 -> -1880419.5 | E33: =E11*E$28 -> -2266120.9 | F33: =F11*F$28 -> -1595508.7 | G33: =G11*G$28 -> -1422679.3 | H33: =H11*H$28 -> -1648851.6 | I33: =SUM('Stmt BG - Page 3'!C33:H33)+SUM('Stmt BG - Page 4'!C33:H33) -> -18530989 | J33: Line 1 x Line 18 | K33: =K32+1 -> 23
A34: =A33+1 -> 24 | K34: =K33+1 -> 24
A35: =A34+1 -> 25 | B35: Small Commercial | C35: =C13*C$28 -> -493491.2 | D35: =D13*D$28 -> -514570.39 | E35: =E13*E$28 -> -543444.38 | F35: =F13*F$28 -> -478810.48 | G35: =G13*G$28 -> -444962.55 | H35: =H13*H$28 -> -444575.23 | I35: =SUM('Stmt BG - Page 3'!C35:H35)+SUM('Stmt BG - Page 4'!C35:H35) -> -5577094.1 | J35: Line 3 x Line 18 | K35: =K34+1 -> 25
A36: =A35+1 -> 26 | K36: =K35+1 -> 26
A37: =A36+1 -> 27 | B37: Medium and Large Commercial/Industrial | C37: =C15*C$28 -> -2793109.1 | D37: =D15*D$28 -> -2896896.8 | E37: =E15*E$28 -> -3068169.9 | F37: =F15*F$28 -> -2807096.7 | G37: =G15*G$28 -> -2604799 | H37: =H15*H$28 -> -2539631.8 | I37: =SUM('Stmt BG - Page 3'!C37:H37)+SUM('Stmt BG - Page 4'!C37:H37) -> -31345687 | J37: Line 5 x Line 18 | K37: =K36+1 -> 27
A38: =A37+1 -> 28 | K38: =K37+1 -> 28
A39: =A38+1 -> 29 | B39: Agriculture (PA and TOU-PA) | C39: =C17*C$28 -> -71824.558 | D39: =D17*D$28 -> -77430.608 | E39: =E17*E$28 -> -77390.342 | F39: =F17*F$28 -> -69438.466 | G39: =G17*G$28 -> -59463.344 | H39: =H17*H$28 -> -53703.573 | I39: =SUM('Stmt BG - Page 3'!C39:H39)+SUM('Stmt BG - Page 4'!C39:H39) -> -684335.14 | J39: Line 7 x Line 18 | K39: =K38+1 -> 29
A40: =A39+1 -> 30 | K40: =K39+1 -> 30
A41: =A40+1 -> 31 | B41: Agriculture (PA-T-1) | C41: =C19*C$28 -> -51105.273 | D41: =D19*D$28 -> -50780.389 | E41: =E19*E$28 -> -50702.502 | F41: =F19*F$28 -> -48363.872 | G41: =G19*G$28 -> -44494.037 | H41: =H19*H$28 -> -40189.614 | I41: =SUM('Stmt BG - Page 3'!C41:H41)+SUM('Stmt BG - Page 4'!C41:H41) -> -534594.31 | J41: Line 9 x Line 18 | K41: =K40+1 -> 31
A42: =A41+1 -> 32 | K42: =K41+1 -> 32
A43: =A42+1 -> 33 | B43: Street Lighting | C43: =C21*C$28 -> -20248.151 | D43: =D21*D$28 -> -21003.501 | E43: =E21*E$28 -> -20161.592 | F43: =F21*F$28 -> -21072.37 | G43: =G21*G$28 -> -22118.641 | H43: =H21*H$28 -> -22176.433 | I43: =SUM('Stmt BG - Page 3'!C43:H43)+SUM('Stmt BG - Page 4'!C43:H43) -> -252472.61 | J43: Line 11 x Line 18 | K43: =K42+1 -> 33
A44: =A43+1 -> 34 | K44: =K43+1 -> 34
A45: =A44+1 -> 35 | B45: TOTAL | C45: =SUM(C33:C43) -> -4884109.2 | D45: =SUM(D33:D43) -> -5441101.1 | E45: =SUM(E33:E43) -> -6025989.6 | F45: =SUM(F33:F43) -> -5020290.7 | G45: =SUM(G33:G43) -> -4598516.9 | H45: =SUM(H33:H43) -> -4749128.3 | I45: =SUM(I33:I43) -> -56925172 | J45: Sum Lines 23 through 33 | K45: =K44+1 -> 35

Sheet Stmt BH - Page 1
A2: Statement BH
A3: SAN DIEGO GAS & ELECTRIC COMPANY
A4: Transmission Revenue Balancing Account Adjustment (TRBAA) Revenue Data To Reflect Present Rates per ER26-336
A5: ='Stmt BG - Page 1'!A6 -> Rate Effective Period - Twelve Months Ending December 31, 2027
A7: Line | C7: (A) | D7: (B) | E7: (C) | F7: (D) | G7: (E) | H7: (F) | I7: (G) | J7: Line
A8: No. | B8: Customer Classes | C8: ='Stmt BG - Page 2'!C8 -> 46388 | D8: ='Stmt BG - Page 2'!D8 -> 46419 | E8: ='Stmt BG - Page 2'!E8 -> 46447 | F8: ='Stmt BG - Page 2'!F8 -> 46478 | G8: ='Stmt BG - Page 2'!G8 -> 46508 | H8: ='Stmt BG - Page 2'!H8 -> 46539 | J8: No.
A10: 1 | B10: Residential 1 | C10: ='Stmt BH - Page 2'!C33 -> -1769131.2 | D10: ='Stmt BH - Page 2'!D33 -> -1497798.8 | E10: ='Stmt BH - Page 2'!E33 -> -1302800.7 | F10: ='Stmt BH - Page 2'!F33 -> -1067487.1 | G10: ='Stmt BH - Page 2'!G33 -> -1002572.4 | H10: ='Stmt BH - Page 2'!H33 -> -1089365.3 | J10: 1
A11: =A10+1 -> 2 | J11: =J10+1 -> 2
A12: =A11+1 -> 3 | B12: Small Commercial 2 | C12: ='Stmt BH - Page 2'!C35 -> -438086.38 | D12: ='Stmt BH - Page 2'!D35 -> -420349.44 | E12: ='Stmt BH - Page 2'!E35 -> -409103.73 | F12: ='Stmt BH - Page 2'!F35 -> -400567.23 | G12: ='Stmt BH - Page 2'!G35 -> -400251.62 | H12: ='Stmt BH - Page 2'!H35 -> -417182.87 | J12: =J11+1 -> 3
A13: =A12+1 -> 4 | J13: =J12+1 -> 4
A14: =A13+1 -> 5 | B14: Medium and Large Commercial/Industrial 3 | C14: ='Stmt BH - Page 2'!C37 -> -2327745.5 | D14: ='Stmt BH - Page 2'!D37 -> -2218121.5 | E14: ='Stmt BH - Page 2'!E37 -> -2235421.4 | F14: ='Stmt BH - Page 2'!F37 -> -2240320.2 | G14: ='Stmt BH - Page 2'!G37 -> -2280563.8 | H14: ='Stmt BH - Page 2'!H37 -> -2388101.8 | J14: =J13+1 -> 5
A15: =A14+1 -> 6 | J15: =J14+1 -> 6
A16: =A15+1 -> 7 | B16: Agriculture (PA and TOU-PA) 4 | C16: ='Stmt BH - Page 2'!C39 -> -39799.237 | D16: ='Stmt BH - Page 2'!D39 -> -34920.152 | E16: ='Stmt BH - Page 2'!E39 -> -32627.393 | F16: ='Stmt BH - Page 2'!F39 -> -37507.736 | G16: ='Stmt BH - Page 2'!G39 -> -53319.768 | H16: ='Stmt BH - Page 2'!H39 -> -59135.288 | J16: =J15+1 -> 7
A17: =A16+1 -> 8 | J17: =J16+1 -> 8
A18: =A17+1 -> 9 | B18: Agriculture (PA-T-1) 5 | C18: ='Stmt BH - Page 2'!C41 -> -38904.278 | D18: ='Stmt BH - Page 2'!D41 -> -37076.076 | E18: ='Stmt BH - Page 2'!E41 -> -34715.713 | F18: ='Stmt BH - Page 2'!F41 -> -35985.64 | G18: ='Stmt BH - Page 2'!G41 -> -42395.022 | H18: ='Stmt BH - Page 2'!H41 -> -43795.335 | J18: =J17+1 -> 9
A19: =A18+1 -> 10 | J19: =J18+1 -> 10
A20: =A19+1 -> 11 | B20: Street Lighting 6 | C20: ='Stmt BH - Page 2'!C43 -> -20522.368 | D20: ='Stmt BH - Page 2'!D43 -> -20103.333 | E20: ='Stmt BH - Page 2'!E43 -> -19610.435 | F20: ='Stmt BH - Page 2'!F43 -> -19073.944 | G20: ='Stmt BH - Page 2'!G43 -> -19068.632 | H20: ='Stmt BH - Page 2'!H43 -> -19191.579 | J20: =J19+1 -> 11
A21: =A20+1 -> 12 | J21: =J20+1 -> 12
A22: =A21+1 -> 13 | B22: TOTAL | C22: =SUM(C10:C20) -> -4634189 | D22: =SUM(D10:D20) -> -4228369.3 | E22: =SUM(E10:E20) -> -4034279.4 | F22: =SUM(F10:F20) -> -3800941.9 | G22: =SUM(G10:G20) -> -3798171.2 | H22: =SUM(H10:H20) -> -4016772.1 | J22: =J21+1 -> 13
A25: Line | C25: =C7 -> (A) | D25: =D7 -> (B) | E25: =E7 -> (C) | F25: =F7 -> (D) | G25: =G7 -> (E) | H25: =H7 -> (F) | I25: =I7 -> (G) | J25: Line
A26: No. | B26: Customer Classes | C26: ='Stmt BG - Page 2'!C26 -> 46569 | D26: ='Stmt BG - Page 2'!D26 -> 46600 | E26: ='Stmt BG - Page 2'!E26 -> 46631 | F26: ='Stmt BG - Page 2'!F26 -> 46661 | G26: ='Stmt BG - Page 2'!G26 -> 46692 | H26: ='Stmt BG - Page 2'!H26 -> 46722 | J26: No.
A28: =A22+1 -> 14 | B28: Residential 1 | C28: ='Stmt BH - Page 3'!C33 -> -1360358.8 | D28: ='Stmt BH - Page 3'!D33 -> -1758915.5 | E28: ='Stmt BH - Page 3'!E33 -> -2119694.6 | F28: ='Stmt BH - Page 3'!F33 -> -1492414.3 | G28: ='Stmt BH - Page 3'!G33 -> -1330752.4 | H28: ='Stmt BH - Page 3'!H33 -> -1542310.5 | I28: =SUM(C10:H10,C28:H28) -> -17333602 | J28: =J22+1 -> 14
A29: =A28+1 -> 15 | J29: =J28+1 -> 15
A30: =A29+1 -> 16 | B30: Small Commercial 2 | C30: ='Stmt BH - Page 3'!C35 -> -461604.08 | D30: ='Stmt BH - Page 3'!D35 -> -481321.22 | E30: ='Stmt BH - Page 3'!E35 -> -508329.51 | F30: ='Stmt BH - Page 3'!F35 -> -447871.96 | G30: ='Stmt BH - Page 3'!G35 -> -416211.13 | H30: ='Stmt BH - Page 3'!H35 -> -415848.83 | I30: =SUM(C12:H12,C30:H30) -> -5216728 | J30: =J29+1 -> 16
A31: =A30+1 -> 17 | J31: =J30+1 -> 17
A32: =A31+1 -> 18 | B32: Medium and Large Commercial/Industrial 3 | C32: ='Stmt BH - Page 3'!C37 -> -2612631.3 | D32: ='Stmt BH - Page 3'!D37 -> -2709712.7 | E32: ='Stmt BH - Page 3'!E37 -> -2869918.9 | F32: ='Stmt BH - Page 3'!F37 -> -2625715.1 | G32: ='Stmt BH - Page 3'!G37 -> -2436488.9 | H32: ='Stmt BH - Page 3'!H37 -> -2375532.5 | I32: =SUM(C14:H14,C32:H32) -> -29320274 | J32: =J31+1 -> 18
A33: =A32+1 -> 19 | J33: =J32+1 -> 19
A34: =A33+1 -> 20 | B34: Agriculture (PA and TOU-PA) 4 | C34: ='Stmt BH - Page 3'!C39 -> -67183.587 | D34: ='Stmt BH - Page 3'!D39 -> -72427.4 | E34: ='Stmt BH - Page 3'!E39 -> -72389.735 | F34: ='Stmt BH - Page 3'!F39 -> -64951.673 | G34: ='Stmt BH - Page 3'!G39 -> -55621.098 | H34: ='Stmt BH - Page 3'!H39 -> -50233.496 | I34: =SUM(C16:H16,C34:H34) -> -640116.56 | J34: =J33+1 -> 20
A35: =A34+1 -> 21 | J35: =J34+1 -> 21
A36: =A35+1 -> 22 | B36: Agriculture (PA-T-1) 5 | C36: ='Stmt BH - Page 3'!C41 -> -47803.086 | D36: ='Stmt BH - Page 3'!D41 -> -47499.194 | E36: ='Stmt BH - Page 3'!E41 -> -47426.34 | F36: ='Stmt BH - Page 3'!F41 -> -45238.822 | G36: ='Stmt BH - Page 3'!G41 -> -41619.038 | H36: ='Stmt BH - Page 3'!H41 -> -37592.746 | I36: =SUM(C18:H18,C36:H36) -> -500051.29 | J36: =J35+1 -> 22
A37: =A36+1 -> 23 | J37: =J36+1 -> 23
A38: =A37+1 -> 24 | B38: Street Lighting 6 | C38: ='Stmt BH - Page 3'!C43 -> -18939.809 | D38: ='Stmt BH - Page 3'!D43 -> -19646.351 | E38: ='Stmt BH - Page 3'!E43 -> -18858.843 | F38: ='Stmt BH - Page 3'!F43 -> -19710.771 | G38: ='Stmt BH - Page 3'!G43 -> -20689.436 | H38: ='Stmt BH - Page 3'!H43 -> -20743.494 | I38: =SUM(C20:H20,C38:H38) -> -236158.99 | J38: =J37+1 -> 24
A39: =A38+1 -> 25 | J39: =J38+1 -> 25
A40: =A39+1 -> 26 | B40: TOTAL | C40: =SUM(C28:C38) -> -4568520.6 | D40: =SUM(D28:D38) -> -5089522.3 | E40: =SUM(E28:E38) -> -5636618 | F40: =SUM(F28:F38) -> -4695902.6 | G40: =SUM(G28:G38) -> -4301382 | H40: =SUM(H28:H38) -> -4442261.5 | I40: =SUM(I28:I38) -> -53246930 | J40: =J39+1 -> 26
A43: 1 | B43: See Stmt BH pages 2 of 3 and 3 of 3, Line 23. | F43: 4 | G43: See Stmt BH pages 2 of 3 and 3 of 3, Line 29.
A44: 2 | B44: See Stmt BH pages 2 of 3 and 3 of 3, Line 25. | F44: 5 | G44: See Stmt BH pages 2 of 3 and 3 of 3, Line 31.
A45: 3 | B45: See Stmt BH pages 2 of 3 and 3 of 3, Line 27. | F45: 6 | G45: See Stmt BH pages 2 of 3 and 3 of 3, Line 33.

Sheet Stmt BH - Page 2
A2: Statement BH
A3: SAN DIEGO GAS AND ELECTRIC COMPANY
A4: ='Stmt BH - Page 1'!A4:J4 -> Transmission Revenue Balancing Account Adjustment (TRBAA) Revenue Data To Reflect Present Rates per ER26-336
A5: ='Stmt BH - Page 1'!A5 -> Rate Effective Period - Twelve Months Ending December 31, 2027
C7: (A) | D7: (B) | E7: (C) | F7: (D) | G7: (E) | H7: (F) | I7: (F)
A8: Line | C8: ='Stmt BH - Page 1'!C8 -> 46388 | D8: ='Stmt BH - Page 1'!D8 -> 46419 | E8: ='Stmt BH - Page 1'!E8 -> 46447 | F8: ='Stmt BH - Page 1'!F8 -> 46478 | G8: ='Stmt BH - Page 1'!G8 -> 46508 | H8: ='Stmt BH - Page 1'!H8 -> 46539 | J8: Line
A9: No. | B9: Customer Classes | C9: Energy (kWh) | D9: Energy (kWh) | E9: Energy (kWh) | F9: Energy (kWh) | G9: Energy (kWh) | H9: Energy (kWh) | I9: Reference | J9: No.
A11: 1 | B11: Residential Customers | C11: ='WP 1.2 Forecast Sales'!C6*1000 -> 5.8195106e+08 | D11: ='WP 1.2 Forecast Sales'!D6*1000 -> 4.9269698e+08 | E11: ='WP 1.2 Forecast Sales'!E6*1000 -> 4.2855285e+08 | F11: ='WP 1.2 Forecast Sales'!F6*1000 -> 3.5114708e+08 | G11: ='WP 1.2 Forecast Sales'!G6*1000 -> 3.2979355e+08 | H11: ='WP 1.2 Forecast Sales'!H6*1000 -> 3.5834385e+08 | I11: Workpaper No. 1; Page 1.2; Line 23 | J11: 1
A12: =A11+1 -> 2 | J12: =J11+1 -> 2
A13: =A12+1 -> 3 | B13: Small Commercial | C13: ='WP 1.2 Forecast Sales'!C7*1000 -> 1.4410736e+08 | D13: ='WP 1.2 Forecast Sales'!D7*1000 -> 1.3827284e+08 | E13: ='WP 1.2 Forecast Sales'!E7*1000 -> 1.3457359e+08 | F13: ='WP 1.2 Forecast Sales'!F7*1000 -> 1.3176554e+08 | G13: ='WP 1.2 Forecast Sales'!G7*1000 -> 1.3166172e+08 | H13: ='WP 1.2 Forecast Sales'!H7*1000 -> 1.3723121e+08 | I13: Workpaper No. 1; Page 1.2; Line 24 | J13: =J12+1 -> 3
A14: =A13+1 -> 4 | J14: =J13+1 -> 4
A15: =A14+1 -> 5 | B15: Medium and Large Commercial/Industrial | C15: ='WP 1.2 Forecast Sales'!C8*1000 -> 7.6570574e+08 | D15: ='WP 1.2 Forecast Sales'!D8*1000 -> 7.2964523e+08 | E15: ='WP 1.2 Forecast Sales'!E8*1000 -> 7.3533599e+08 | F15: ='WP 1.2 Forecast Sales'!F8*1000 -> 7.3694745e+08 | G15: ='WP 1.2 Forecast Sales'!G8*1000 -> 7.5018545e+08 | H15: ='WP 1.2 Forecast Sales'!H8*1000 -> 7.8555979e+08 | I15: Workpaper No. 1; Page 1.2; Line 25 | J15: =J14+1 -> 5
A16: =A15+1 -> 6 | J16: =J15+1 -> 6
A17: =A16+1 -> 7 | B17: Agriculture (PA and TOU-PA) | C17: ='WP 1.2 Forecast Sales'!C10*1000 -> 13091854 | D17: ='WP 1.2 Forecast Sales'!D10*1000 -> 11486892 | E17: ='WP 1.2 Forecast Sales'!E10*1000 -> 10732695 | F17: ='WP 1.2 Forecast Sales'!F10*1000 -> 12338071 | G17: ='WP 1.2 Forecast Sales'!G10*1000 -> 17539397 | H17: ='WP 1.2 Forecast Sales'!H10*1000 -> 19452397 | I17: Workpaper No. 1; Page 1.2; Line 26 | J17: =J16+1 -> 7
A18: =A17+1 -> 8 | J18: =J17+1 -> 8
A19: =A18+1 -> 9 | B19: Agriculture (PA-T-1) | C19: ='WP 1.2 Forecast Sales'!C11*1000 -> 12797460 | D19: ='WP 1.2 Forecast Sales'!D11*1000 -> 12196078 | E19: ='WP 1.2 Forecast Sales'!E11*1000 -> 11419642 | F19: ='WP 1.2 Forecast Sales'!F11*1000 -> 11837382 | G19: ='WP 1.2 Forecast Sales'!G11*1000 -> 13945731 | H19: ='WP 1.2 Forecast Sales'!H11*1000 -> 14406360 | I19: Workpaper No. 1; Page 1.2; Line 27 | J19: =J18+1 -> 9
A20: =A19+1 -> 10 | J20: =J19+1 -> 10
A21: =A20+1 -> 11 | B21: Street Lighting | C21: ='WP 1.2 Forecast Sales'!C12*1000 -> 6750778.9 | D21: ='WP 1.2 Forecast Sales'!D12*1000 -> 6612938.4 | E21: ='WP 1.2 Forecast Sales'!E12*1000 -> 6450801 | F21: ='WP 1.2 Forecast Sales'!F12*1000 -> 6274323.8 | G21: ='WP 1.2 Forecast Sales'!G12*1000 -> 6272576.2 | H21: ='WP 1.2 Forecast Sales'!H12*1000 -> 6313019.4 | I21: Workpaper No. 1; Page 1.2; Line 28 | J21: =J20+1 -> 11
A22: =A21+1 -> 12 | J22: =J21+1 -> 12
A23: =A22+1 -> 13 | B23: TOTAL | C23: =SUM(C11:C21) -> 1.5244043e+09 | D23: =SUM(D11:D21) -> 1.390911e+09 | E23: =SUM(E11:E21) -> 1.3270656e+09 | F23: =SUM(F11:F21) -> 1.2503098e+09 | G23: =SUM(G11:G21) -> 1.2493984e+09 | H23: =SUM(H11:H21) -> 1.3213066e+09 | I23: Sum Lines 1 thru 11 | J23: =J22+1 -> 13
A24: =A23+1 -> 14 | J24: =J23+1 -> 14
A25: =A24+1 -> 15 | J25: =J24+1 -> 15
A26: =A25+1 -> 16 | C26: $/(kWh) | D26: $/(kWh) | E26: $/(kWh) | F26: $/(kWh) | G26: $/(kWh) | H26: $/(kWh) | J26: =J25+1 -> 16
A27: =A26+1 -> 17 | I27: Statement BL (Non-CAISO); Page 1; Line 27 | J27: =J26+1 -> 17
A28: =A27+1 -> 18 | B28: Non-CAISO TRBAA Rate ($/kWh) @ Present Rate | C28: -0.00304 | D28: =$C28 -> -0.00304 | E28: =$C28 -> -0.00304 | F28: =$C28 -> -0.00304 | G28: =$C28 -> -0.00304 | H28: =$C28 -> -0.00304 | I28: FERC Docket No. ER26-336-000 | J28: =J27+1 -> 18
A29: =A28+1 -> 19 | J29: =J28+1 -> 19
A30: =A29+1 -> 20 | J30: =J29+1 -> 20
A31: =A30+1 -> 21 | C31: TRBAA @ Present Rates | D31: TRBAA @ Present Rates | E31: TRBAA @ Present Rates | F31: TRBAA @ Present Rates | G31: TRBAA @ Present Rates | H31: TRBAA @ Present Rates | J31: =J30+1 -> 21
A32: =A31+1 -> 22 | J32: =J31+1 -> 22
A33: =A32+1 -> 23 | B33: Residential Customers | C33: =C11*C$28 -> -1769131.2 | D33: =D11*D$28 -> -1497798.8 | E33: =E11*E$28 -> -1302800.7 | F33: =F11*F$28 -> -1067487.1 | G33: =G11*G$28 -> -1002572.4 | H33: =H11*H$28 -> -1089365.3 | I33: Line 1 x Line 18 | J33: =J32+1 -> 23
A34: =A33+1 -> 24 | J34: =J33+1 -> 24
A35: =A34+1 -> 25 | B35: Small Commercial | C35: =C13*C$28 -> -438086.38 | D35: =D13*D$28 -> -420349.44 | E35: =E13*E$28 -> -409103.73 | F35: =F13*F$28 -> -400567.23 | G35: =G13*G$28 -> -400251.62 | H35: =H13*H$28 -> -417182.87 | I35: Line 3 x Line 18 | J35: =J34+1 -> 25
A36: =A35+1 -> 26 | J36: =J35+1 -> 26
A37: =A36+1 -> 27 | B37: Medium and Large Commercial/Industrial | C37: =C15*C$28 -> -2327745.5 | D37: =D15*D$28 -> -2218121.5 | E37: =E15*E$28 -> -2235421.4 | F37: =F15*F$28 -> -2240320.2 | G37: =G15*G$28 -> -2280563.8 | H37: =H15*H$28 -> -2388101.8 | I37: Line 5 x Line 18 | J37: =J36+1 -> 27
A38: =A37+1 -> 28 | J38: =J37+1 -> 28
A39: =A38+1 -> 29 | B39: Agriculture (PA and TOU-PA) | C39: =C17*C$28 -> -39799.237 | D39: =D17*D$28 -> -34920.152 | E39: =E17*E$28 -> -32627.393 | F39: =F17*F$28 -> -37507.736 | G39: =G17*G$28 -> -53319.768 | H39: =H17*H$28 -> -59135.288 | I39: Line 7 x Line 18 | J39: =J38+1 -> 29
A40: =A39+1 -> 30 | J40: =J39+1 -> 30
A41: =A40+1 -> 31 | B41: Agriculture (PA-T-1) | C41: =C19*C$28 -> -38904.278 | D41: =D19*D$28 -> -37076.076 | E41: =E19*E$28 -> -34715.713 | F41: =F19*F$28 -> -35985.64 | G41: =G19*G$28 -> -42395.022 | H41: =H19*H$28 -> -43795.335 | I41: Line 9 x Line 18 | J41: =J40+1 -> 31
A42: =A41+1 -> 32 | J42: =J41+1 -> 32
A43: =A42+1 -> 33 | B43: Street Lighting | C43: =C21*C$28 -> -20522.368 | D43: =D21*D$28 -> -20103.333 | E43: =E21*E$28 -> -19610.435 | F43: =F21*F$28 -> -19073.944 | G43: =G21*G$28 -> -19068.632 | H43: =H21*H$28 -> -19191.579 | I43: Line 11 x Line 18 | J43: =J42+1 -> 33
A44: =A43+1 -> 34 | J44: =J43+1 -> 34
A45: =A44+1 -> 35 | B45: TOTAL | C45: =SUM(C33:C43) -> -4634189 | D45: =SUM(D33:D43) -> -4228369.3 | E45: =SUM(E33:E43) -> -4034279.4 | F45: =SUM(F33:F43) -> -3800941.9 | G45: =SUM(G33:G43) -> -3798171.2 | H45: =SUM(H33:H43) -> -4016772.1 | I45: Sum Lines 23 through 33 | J45: =J44+1 -> 35

Sheet Stmt BH - Page 3
A2: Statement BH
A3: SAN DIEGO GAS AND ELECTRIC COMPANY
A4: ='Stmt BH - Page 1'!A4:J4 -> Transmission Revenue Balancing Account Adjustment (TRBAA) Revenue Data To Reflect Present Rates per ER26-336
A5: ='Stmt BH - Page 1'!A5 -> Rate Effective Period - Twelve Months Ending December 31, 2027
C7: (G) | D7: (H) | E7: (I) | F7: (J) | G7: (K) | H7: (L) | I7: (M) | J7: (M)
A8: Line | C8: ='Stmt BH - Page 1'!C26 -> 46569 | D8: ='Stmt BH - Page 1'!D26 -> 46600 | E8: ='Stmt BH - Page 1'!E26 -> 46631 | F8: ='Stmt BH - Page 1'!F26 -> 46661 | G8: ='Stmt BH - Page 1'!G26 -> 46692 | H8: ='Stmt BH - Page 1'!H26 -> 46722 | I8: Total | K8: Line
A9: No. | B9: Customer Classes | C9: Energy (kWh) | D9: Energy (kWh) | E9: Energy (kWh) | F9: Energy (kWh) | G9: Energy (kWh) | H9: Energy (kWh) | I9: Energy (kWh) | J9: Reference | K9: No.
A11: 1 | B11: Residential Customers | C11: ='WP 1.2 Forecast Sales'!I6*1000 -> 4.4748645e+08 | D11: ='WP 1.2 Forecast Sales'!J6*1000 -> 5.7859061e+08 | E11: ='WP 1.2 Forecast Sales'!K6*1000 -> 6.9726797e+08 | F11: ='WP 1.2 Forecast Sales'!L6*1000 -> 4.9092576e+08 | G11: ='WP 1.2 Forecast Sales'!M6*1000 -> 4.3774749e+08 | H11: ='WP 1.2 Forecast Sales'!N6*1000 -> 5.0733897e+08 | I11: =SUM(C11:H11)+SUM('Stmt BH - Page 2'!C11:H11) -> 5.7018426e+09 | J11: Workpaper No. 1; Page 1.2; Line 23 | K11: 1
A12: =A11+1 -> 2 | K12: =K11+1 -> 2
A13: =A12+1 -> 3 | B13: Small Commercial | C13: ='WP 1.2 Forecast Sales'!I7*1000 -> 1.5184345e+08 | D13: ='WP 1.2 Forecast Sales'!J7*1000 -> 1.5832935e+08 | E13: ='WP 1.2 Forecast Sales'!K7*1000 -> 1.6721365e+08 | F13: ='WP 1.2 Forecast Sales'!L7*1000 -> 1.473263e+08 | G13: ='WP 1.2 Forecast Sales'!M7*1000 -> 1.3691155e+08 | H13: ='WP 1.2 Forecast Sales'!N7*1000 -> 1.3679238e+08 | I13: =SUM(C13:H13)+SUM('Stmt BH - Page 2'!C13:H13) -> 1.7160289e+09 | J13: Workpaper No. 1; Page 1.2; Line 24 | K13: =K12+1 -> 3
A14: =A13+1 -> 4 | K14: =K13+1 -> 4
A15: =A14+1 -> 5 | B15: Medium and Large Commercial/Industrial | C15: ='WP 1.2 Forecast Sales'!I8*1000 -> 8.5941818e+08 | D15: ='WP 1.2 Forecast Sales'!J8*1000 -> 8.9135285e+08 | E15: ='WP 1.2 Forecast Sales'!K8*1000 -> 9.4405227e+08 | F15: ='WP 1.2 Forecast Sales'!L8*1000 -> 8.6372207e+08 | G15: ='WP 1.2 Forecast Sales'!M8*1000 -> 8.0147662e+08 | H15: ='WP 1.2 Forecast Sales'!N8*1000 -> 7.8142517e+08 | I15: =SUM(C15:H15)+SUM('Stmt BH - Page 2'!C15:H15) -> 9.6448268e+09 | J15: Workpaper No. 1; Page 1.2; Line 25 | K15: =K14+1 -> 5
A16: =A15+1 -> 6 | K16: =K15+1 -> 6
A17: =A16+1 -> 7 | B17: Agriculture (PA and TOU-PA) | C17: ='WP 1.2 Forecast Sales'!I10*1000 -> 22099864 | D17: ='WP 1.2 Forecast Sales'!J10*1000 -> 23824802 | E17: ='WP 1.2 Forecast Sales'!K10*1000 -> 23812413 | F17: ='WP 1.2 Forecast Sales'!L10*1000 -> 21365682 | G17: ='WP 1.2 Forecast Sales'!M10*1000 -> 18296414 | H17: ='WP 1.2 Forecast Sales'!N10*1000 -> 16524176 | I17: =SUM(C17:H17)+SUM('Stmt BH - Page 2'!C17:H17) -> 2.1056466e+08 | J17: Workpaper No. 1; Page 1.2; Line 26 | K17: =K16+1 -> 7
A18: =A17+1 -> 8 | K18: =K17+1 -> 8
A19: =A18+1 -> 9 | B19: Agriculture (PA-T-1) | C19: ='WP 1.2 Forecast Sales'!I11*1000 -> 15724699 | D19: ='WP 1.2 Forecast Sales'!J11*1000 -> 15624735 | E19: ='WP 1.2 Forecast Sales'!K11*1000 -> 15600770 | F19: ='WP 1.2 Forecast Sales'!L11*1000 -> 14881191 | G19: ='WP 1.2 Forecast Sales'!M11*1000 -> 13690473 | H19: ='WP 1.2 Forecast Sales'!N11*1000 -> 12366035 | I19: =SUM(C19:H19)+SUM('Stmt BH - Page 2'!C19:H19) -> 1.6449056e+08 | J19: Workpaper No. 1; Page 1.2; Line 27 | K19: =K18+1 -> 9
A20: =A19+1 -> 10 | K20: =K19+1 -> 10
A21: =A20+1 -> 11 | B21: Street Lighting | C21: ='WP 1.2 Forecast Sales'!I12*1000 -> 6230200.2 | D21: ='WP 1.2 Forecast Sales'!J12*1000 -> 6462615.6 | E21: ='WP 1.2 Forecast Sales'!K12*1000 -> 6203566.8 | F21: ='WP 1.2 Forecast Sales'!L12*1000 -> 6483806.2 | G21: ='WP 1.2 Forecast Sales'!M12*1000 -> 6805735.6 | H21: ='WP 1.2 Forecast Sales'!N12*1000 -> 6823517.9 | I21: =SUM(C21:H21)+SUM('Stmt BH - Page 2'!C21:H21) -> 77683880 | J21: Workpaper No. 1; Page 1.2; Line 28 | K21: =K20+1 -> 11
A22: =A21+1 -> 12 | K22: =K21+1 -> 12
A23: =A22+1 -> 13 | B23: TOTAL | C23: =SUM(C11:C21) -> 1.5028028e+09 | D23: =SUM(D11:D21) -> 1.674185e+09 | E23: =SUM(E11:E21) -> 1.8541506e+09 | F23: =SUM(F11:F21) -> 1.5447048e+09 | G23: =SUM(G11:G21) -> 1.4149283e+09 | H23: =SUM(H11:H21) -> 1.4612702e+09 | I23: =SUM(I11:I21) -> 1.7515437e+10 | J23: Sum Lines 1 thru 11 | K23: =K22+1 -> 13
A24: =A23+1 -> 14 | K24: =K23+1 -> 14
A25: =A24+1 -> 15 | K25: =K24+1 -> 15
A26: =A25+1 -> 16 | C26: $/(kWh) | D26: $/(kWh) | E26: $/(kWh) | F26: $/(kWh) | G26: $/(kWh) | H26: $/(kWh) | K26: =K25+1 -> 16
A27: =A26+1 -> 17 | J27: ='Stmt BH - Page 2'!I27 -> Statement BL (Non-CAISO); Page 1; Line 27 | K27: =K26+1 -> 17
A28: =A27+1 -> 18 | B28: ='Stmt BH - Page 2'!B28 -> Non-CAISO TRBAA Rate ($/kWh) @ Present Rate | C28: ='Stmt BH - Page 2'!C28 -> -0.00304 | D28: =$C28 -> -0.00304 | E28: =$C28 -> -0.00304 | F28: =$C28 -> -0.00304 | G28: =$C28 -> -0.00304 | H28: =$C28 -> -0.00304 | J28: ='Stmt BH - Page 2'!I28 -> FERC Docket No. ER26-336-000 | K28: =K27+1 -> 18
A29: =A28+1 -> 19 | K29: =K28+1 -> 19
A30: =A29+1 -> 20 | K30: =K29+1 -> 20
A31: =A30+1 -> 21 | C31: TRBAA @ Present Rates | D31: TRBAA @ Present Rates | E31: TRBAA @ Present Rates | F31: TRBAA @ Present Rates | G31: TRBAA @ Present Rates | H31: TRBAA @ Present Rates | I31: TRBAA @ Present Rates | K31: =K30+1 -> 21
A32: =A31+1 -> 22 | K32: =K31+1 -> 22
A33: =A32+1 -> 23 | B33: Residential Customers | C33: =C11*C$28 -> -1360358.8 | D33: =D11*D$28 -> -1758915.5 | E33: =E11*E$28 -> -2119694.6 | F33: =F11*F$28 -> -1492414.3 | G33: =G11*G$28 -> -1330752.4 | H33: =H11*H$28 -> -1542310.5 | I33: =SUM('Stmt BH - Page 2'!C33:H33)+SUM('Stmt BH - Page 3'!C33:H33) -> -17333602 | J33: Line 1 x Line 18 | K33: =K32+1 -> 23
A34: =A33+1 -> 24 | K34: =K33+1 -> 24
A35: =A34+1 -> 25 | B35: Small Commercial | C35: =C13*C$28 -> -461604.08 | D35: =D13*D$28 -> -481321.22 | E35: =E13*E$28 -> -508329.51 | F35: =F13*F$28 -> -447871.96 | G35: =G13*G$28 -> -416211.13 | H35: =H13*H$28 -> -415848.83 | I35: =SUM('Stmt BH - Page 2'!C35:H35)+SUM('Stmt BH - Page 3'!C35:H35) -> -5216728 | J35: Line 3 x Line 18 | K35: =K34+1 -> 25
A36: =A35+1 -> 26 | K36: =K35+1 -> 26
A37: =A36+1 -> 27 | B37: Medium and Large Commercial/Industrial | C37: =C15*C$28 -> -2612631.3 | D37: =D15*D$28 -> -2709712.7 | E37: =E15*E$28 -> -2869918.9 | F37: =F15*F$28 -> -2625715.1 | G37: =G15*G$28 -> -2436488.9 | H37: =H15*H$28 -> -2375532.5 | I37: =SUM('Stmt BH - Page 2'!C37:H37)+SUM('Stmt BH - Page 3'!C37:H37) -> -29320274 | J37: Line 5 x Line 18 | K37: =K36+1 -> 27
A38: =A37+1 -> 28 | K38: =K37+1 -> 28
A39: =A38+1 -> 29 | B39: Agriculture (PA and TOU-PA) | C39: =C17*C$28 -> -67183.587 | D39: =D17*D$28 -> -72427.4 | E39: =E17*E$28 -> -72389.735 | F39: =F17*F$28 -> -64951.673 | G39: =G17*G$28 -> -55621.098 | H39: =H17*H$28 -> -50233.496 | I39: =SUM('Stmt BH - Page 2'!C39:H39)+SUM('Stmt BH - Page 3'!C39:H39) -> -640116.56 | J39: Line 7 x Line 18 | K39: =K38+1 -> 29
A40: =A39+1 -> 30 | K40: =K39+1 -> 30
A41: =A40+1 -> 31 | B41: Agriculture (PA-T-1) | C41: =C19*C$28 -> -47803.086 | D41: =D19*D$28 -> -47499.194 | E41: =E19*E$28 -> -47426.34 | F41: =F19*F$28 -> -45238.822 | G41: =G19*G$28 -> -41619.038 | H41: =H19*H$28 -> -37592.746 | I41: =SUM('Stmt BH - Page 2'!C41:H41)+SUM('Stmt BH - Page 3'!C41:H41) -> -500051.29 | J41: Line 9 x Line 18 | K41: =K40+1 -> 31
A42: =A41+1 -> 32 | K42: =K41+1 -> 32
A43: =A42+1 -> 33 | B43: Street Lighting | C43: =C21*C$28 -> -18939.809 | D43: =D21*D$28 -> -19646.351 | E43: =E21*E$28 -> -18858.843 | F43: =F21*F$28 -> -19710.771 | G43: =G21*G$28 -> -20689.436 | H43: =H21*H$28 -> -20743.494 | I43: =SUM('Stmt BH - Page 2'!C43:H43)+SUM('Stmt BH - Page 3'!C43:H43) -> -236158.99 | J43: Line 11 x Line 18 | K43: =K42+1 -> 33
A44: =A43+1 -> 34 | K44: =K43+1 -> 34
A45: =A44+1 -> 35 | B45: TOTAL | C45: =SUM(C33:C43) -> -4568520.6 | D45: =SUM(D33:D43) -> -5089522.3 | E45: =SUM(E33:E43) -> -5636618 | F45: =SUM(F33:F43) -> -4695902.6 | G45: =SUM(G33:G43) -> -4301382 | H45: =SUM(H33:H43) -> -4442261.5 | I45: =SUM(I33:I43) -> -53246930 | J45: Sum Lines 23 through 33 | K45: =K44+1 -> 35

Sheet Stmnt BK1 - TRBAA
B2: Statement BK-1
B3: San Diego Gas & Electric Company
B4: ='Stmnt BD - Recorded KWH'!A4 -> 2027 - TRBAA Rate Filing
B5: Total Non-CAISO TRBAA Forecast - Including Franchise Fees & Uncollectible Expense
A7: Line | C7: Total | E7: Line
A8: No. | B8: Components | C8: Non-CAISO - TRBAA | D8: Reference | E8: No.
A10: 1 | B10: Beginning TRBAA Balance @ 9/30/2026 | C10: ='WP 4 Monthly TRBAA '!O38 -> -6237733 | D10: Work paper No. 4; Page 4.4; Line 32 | E10: 1
A11: =A10+1 -> 2 | E11: =E10+1 -> 2
A12: =A11+1 -> 3 | B12: Transmission Revenue Credits Forecast: | E12: =E11+1 -> 3
A13: =A12+1 -> 4 | E13: =E12+1 -> 4
A14: =A13+1 -> 5 | B14: Wheeling Revenues | C14: ='WP 7 Wheeling Revenues'!E37 -> -36254660 | D14: Work paper No. 7; Page 7.1; Line 27 | E14: =E13+1 -> 5
A15: =A14+1 -> 6 | E15: =E14+1 -> 6
A16: =A15+1 -> 7 | B16: Settlements, Metering and Client Relations | C16: ='WP 8 CT4575'!C34 -> 18000 | D16: Work paper No. 8; Page 8.1; Line 27 | E16: =E15+1 -> 7
A17: =A16+1 -> 8 | E17: =E16+1 -> 8
A18: =A17+1 -> 9 | B18: Existing Transmission Contract (ETC) Cost Differentials | C18: ='WP 9 ETC Cost Diffs'!C34 -> -556352.71 | D18: Work paper No. 9; Page 9.1; Line 27 | E18: =E17+1 -> 9
A19: =A18+1 -> 10 | E19: =E18+1 -> 10
A20: =A19+1 -> 11 | B20: Other PTO Related Revenue (Credits)/Charges | C20: ='WP 11 Other PTO Forecast'!C34 -> -12802804 | D20: Work paper No. 11; Page 11.1; Line 27 | E20: =E19+1 -> 11
A21: =A20+1 -> 12 | E21: =E20+1 -> 12
A22: =A21+1 -> 13 | B22: Total Transmission Revenue Credits Forecast | C22: =SUM(C14:C20) -> -49595817 | D22: Sum {Line 5 thru Line 11} | E22: =E21+1 -> 13
A23: =A22+1 -> 14 | E23: =E22+1 -> 14
A24: =A23+1 -> 15 | B24: Total TRBAA Before Franchise Fees and Uncollectibles | C24: =C10+C22 -> -55833550 | D24: Line 1 + Line 13 | E24: =E23+1 -> 15
A25: =A24+1 -> 16 | E25: =E24+1 -> 16
A26: =A25+1 -> 17 | B26: Franchise Fees Expense @ 1.0207% | C26: =C24*0.010207 -> -569893.04 | D26: Line 15 x 1.0207% | E26: =E25+1 -> 17
A27: =A26+1 -> 18 | E27: =E26+1 -> 18
A28: =A27+1 -> 19 | B28: Uncollectibles @ 0.5510% | C28: =(C24*0.00551) -> -307642.86 | D28: Line 15 x 0.5510% | E28: =E27+1 -> 19
A29: =A28+1 -> 20 | E29: =E28+1 -> 20
A30: =A29+1 -> 21 | B30: Total Franchise Fees and Uncollectible | C30: =SUM(C26:C28) -> -877535.91 | D30: Line 17 + Line 19 | E30: =E29+1 -> 21
A31: =A30+1 -> 22 | E31: =E30+1 -> 22
A32: =A31+1 -> 23 | B32: Total Non-CAISO TRBAA Forecast Including FF&U | C32: =C24+C30 -> -56711086 | D32: Line 15 + Line 21 | E32: =E31+1 -> 23

Sheet Stmnt BK2 - TRBAA
B2: Statement BK-2
B3: San Diego Gas & Electric Company
B4: ='Stmnt BK1 - TRBAA'!B4 -> 2027 - TRBAA Rate Filing
B5: CAISO Wholesale Customers - HVTRR & LVTRR Calculation
C7: (A) | D7: (B) | E7: (C) = (A) + (B)
C8: Total | D8: Total | E8: Total
C9: HIGH VOLTAGE | D9: LOW VOLTAGE | E9: Transmission
A10: Line | C10: Transmission Revenue | D10: Transmission Revenue | E10: Revenue | G10: Line
A11: No. | B11: Components | C11: Requirements | D11: Requirements | E11: Requirements | F11: Reference | G11: No.
A13: 1 | B13: CAISO Base Transmission Revenue Requirement 1 | C13: 5.9078891e+08 | D13: 7.5473945e+08 | E13: =C13+D13 -> 1.3455284e+09 | F13: See Note 1 | G13: 1
A14: =A13+1 -> 2 | G14: =G13+1 -> 2
A15: =A14+1 -> 3 | B15: ='Stmnt BK1 - TRBAA'!B10 -> Beginning TRBAA Balance @ 9/30/2026 | C15: ='WP 2 Allocation of TRBAA'!D24 -> -5484857 | D15: ='WP 2 Allocation of TRBAA'!E24 -> -752876 | E15: =C15+D15 -> -6237733 | F15: Work paper No. 2 Page 2.1; Line 15 | G15: =G14+1 -> 3
A16: =A15+1 -> 4 | G16: =G15+1 -> 4
A17: =A16+1 -> 5 | B17: Transmission Revenue Credits Forecast: | G17: =G16+1 -> 5
A18: =A17+1 -> 6 | G18: =G17+1 -> 6
A19: =A18+1 -> 7 | B19: Wheeling Revenues | C19: ='WP 6 HV LV Alloc Summary'!C26 -> -36254660 | D19: ='WP 6 HV LV Alloc Summary'!D26 -> 0 | E19: =C19+D19 -> -36254660 | F19: Work paper No. 6; Page 6.1; Line 19 | G19: =G18+1 -> 7
A20: =A19+1 -> 8 | G20: =G19+1 -> 8
A21: =A20+1 -> 9 | B21: Settlements, Metering and Client Relations | C21: ='WP 6 HV LV Alloc Summary'!C33 -> 7943.4 | D21: ='WP 6 HV LV Alloc Summary'!D33 -> 10056.6 | E21: =C21+D21 -> 18000 | F21: Work paper No. 6; Page 6.1; Line 26 | G21: =G20+1 -> 9
A22: =A21+1 -> 10 | G22: =G21+1 -> 10
A23: =A22+1 -> 11 | B23: ETC Cost Differentials | C23: ='WP 6 HV LV Alloc Summary'!C39 -> -245518.45 | D23: ='WP 6 HV LV Alloc Summary'!D39 -> -310834.26 | E23: =C23+D23 -> -556352.71 | F23: Work paper No. 6; Page 6.1; Line 32 | G23: =G22+1 -> 11
A24: =A23+1 -> 12 | G24: =G23+1 -> 12
A25: =A24+1 -> 13 | B25: Other PTO Related Revenue (Credits)/Charges | C25: ='WP 6 HV LV Alloc Summary'!C49 -> -7117514.2 | D25: ='WP 6 HV LV Alloc Summary'!D49 -> -5685289.9 | E25: =C25+D25 -> -12802804 | F25: Work paper No. 6; Page 6.1; Line 42 | G25: =G24+1 -> 13
A26: =A25+1 -> 14 | G26: =G25+1 -> 14
A27: =A26+1 -> 15 | B27: Total Transmission Revenue Credits Forecast | C27: =SUM(C19:C25) -> -43609749 | D27: =SUM(D19:D25) -> -5986067.6 | E27: =SUM(E19:E25) -> -49595817 | F27: Sum {Line 7 through Line 13} | G27: =G26+1 -> 15
A28: =A27+1 -> 16 | G28: =G27+1 -> 16
A29: =A28+1 -> 17 | B29: Total CAISO TRBAA Before Franchise Fees | C29: =C15+C27 -> -49094606 | D29: =D15+D27 -> -6738943.6 | E29: =E15+E27 -> -55833550 | F29: Line 3 + Line 15 | G29: =G28+1 -> 17
A30: =A29+1 -> 18 | G30: =G29+1 -> 18
A31: =A30+1 -> 19 | B31: Franchise Fees Expense @ 1.0207% | C31: =C29*0.010207 -> -501108.65 | D31: =D29*0.010207 -> -68784.397 | E31: =C31+D31 -> -569893.04 | F31: Line 17 x 1.0207% | G31: =G30+1 -> 19
A32: =A31+1 -> 20 | G32: =G31+1 -> 20
A33: =A32+1 -> 21 | B33: Total CAISO TRBAA Forecast Including Franchise Fees | C33: =C29+C31 -> -49595715 | D33: =D29+D31 -> -6807728 | E33: =E29+E31 -> -56403443 | F33: Line 17 + Line 19 | G33: =G32+1 -> 21
A34: =A33+1 -> 22 | G34: =G33+1 -> 22
A35: =A34+1 -> 23 | B35: Transmission Standby Revenues 2 | C35: ='WP 3 Standby Revenues'!C15 -> -4147664 | D35: ='WP 3 Standby Revenues'!D15 -> -5298688 | E35: =C35+D35 -> -9446352 | F35: Work paper No. 3; Page 3.1; Line 7 | G35: =G34+1 -> 23
A36: =A35+1 -> 24 | G36: =G35+1 -> 24
A37: =A36+1 -> 25 | B37: CAISO Transmission Revenue Requirement | C37: =C13+C33+C35 -> 5.3704553e+08 | D37: =D13+D33+D35 -> 7.4263303e+08 | E37: =E13+E33+E35 -> 1.2796786e+09 | F37: Line 1 + Line 21 + Line 23 | G37: =G36+1 -> 25
A41: 1 | B41: BTRR CAISO information comes from Cost Statement BK-2 of SDG&E's TO6 Cycle 3 Annual Informational Filing.
A42: 2 | B42: Standby Revenue amount of $9,446,352, from Cost Statement BG; Page 1; Column A; Line 26, of SDG&E's TO6 Cycle 3 Annual Informational Filing.

Sheet Stmnt BL (Non-CAISO) - TRBAA
B2: Statement BL
B3: San Diego Gas & Electric Company
B4: ='Stmnt BK1 - TRBAA'!B4 -> 2027 - TRBAA Rate Filing
B5: Non-CAISO TRBAA Rate Calculation
A7: Line | C7: Total | E7: Line
A8: No. | B8: Components | C8: Retail - TRBAA | D8: Reference | E8: No.
A10: 1 | B10: Beginning TRBAA Balance @ 9/30/2026 | C10: ='WP 4 Monthly TRBAA '!O38 -> -6237733 | D10: ='Stmnt BK1 - TRBAA'!D10 -> Work paper No. 4; Page 4.4; Line 32 | E10: 1
A11: =A10+1 -> 2 | E11: =E10+1 -> 2
A12: =A11+1 -> 3 | B12: Transmission Revenue Credits Forecast: | E12: =E11+1 -> 3
A13: =A12+1 -> 4 | E13: =E12+1 -> 4
A14: =A13+1 -> 5 | B14: Wheeling Revenues | C14: ='WP 7 Wheeling Revenues'!E37 -> -36254660 | D14: ='Stmnt BK1 - TRBAA'!D14 -> Work paper No. 7; Page 7.1; Line 27 | E14: =E13+1 -> 5
A15: =A14+1 -> 6 | E15: =E14+1 -> 6
A16: =A15+1 -> 7 | B16: Settlements, Metering and Client Relations | C16: ='WP 8 CT4575'!C34 -> 18000 | D16: ='Stmnt BK1 - TRBAA'!D16 -> Work paper No. 8; Page 8.1; Line 27 | E16: =E15+1 -> 7
A17: =A16+1 -> 8 | E17: =E16+1 -> 8
A18: =A17+1 -> 9 | B18: ETC Cost Differentials | C18: ='WP 9 ETC Cost Diffs'!C34 -> -556352.71 | D18: ='Stmnt BK1 - TRBAA'!D18 -> Work paper No. 9; Page 9.1; Line 27 | E18: =E17+1 -> 9
A19: =A18+1 -> 10 | E19: =E18+1 -> 10
A20: =A19+1 -> 11 | B20: Other PTO Related Revenue (Credits)/Charges | C20: ='WP 11 Other PTO Forecast'!C34 -> -12802804 | D20: ='Stmnt BK1 - TRBAA'!D20 -> Work paper No. 11; Page 11.1; Line 27 | E20: =E19+1 -> 11
A21: =A20+1 -> 12 | E21: =E20+1 -> 12
A22: =A21+1 -> 13 | B22: Total Transmission Revenue Credits Forecast | C22: =SUM(C14:C20) -> -49595817 | D22: Sum {Line 5 through Line 11} | E22: =E21+1 -> 13
A23: =A22+1 -> 14 | E23: =E22+1 -> 14
A24: =A23+1 -> 15 | B24: Total TRBAA Before Franchise Fees and Uncollectibles | C24: =C10+C22 -> -55833550 | D24: ='Stmnt BK1 - TRBAA'!D24 -> Line 1 + Line 13 | E24: =E23+1 -> 15
A25: =A24+1 -> 16 | E25: =E24+1 -> 16
A26: =A25+1 -> 17 | B26: Franchise Fees Expense @ 1.0207% | C26: =C24*0.010207 -> -569893.04 | D26: ='Stmnt BK1 - TRBAA'!D26 -> Line 15 x 1.0207% | E26: =E25+1 -> 17
A27: =A26+1 -> 18 | E27: =E26+1 -> 18
A28: =A27+1 -> 19 | B28: ='Stmnt BK1 - TRBAA'!B28 -> Uncollectibles @ 0.5510% | C28: =(C24*0.00551) -> -307642.86 | D28: ='Stmnt BK1 - TRBAA'!D28 -> Line 15 x 0.5510% | E28: =E27+1 -> 19
A29: =A28+1 -> 20 | E29: =E28+1 -> 20
A30: =A29+1 -> 21 | B30: Total Franchise Fees and Uncollectible | C30: =SUM(C26:C28) -> -877535.91 | D30: Line 17 + Line 19 | E30: =E29+1 -> 21
A31: =A30+1 -> 22 | E31: =E30+1 -> 22
A32: =A31+1 -> 23 | B32: Total Non-CAISO TRBAA Forecast Including FF&U | C32: =SUM(C24:C29) -> -56711086 | D32: Line 15 + Line 21 | E32: =E31+1 -> 23
A33: =A32+1 -> 24 | E33: =E32+1 -> 24
A34: =A33+1 -> 25 | B34: 12 Months kWh Ending September 30, 2026 | C34: ='Stmnt BD - Recorded KWH'!$E26 -> 17464377638 | D34: Statement BD; Pg. 1 of 5; Col. C; Ln. 15 | E34: =E33+1 -> 25
A35: =A34+1 -> 26 | E35: =E34+1 -> 26
A36: =A35+1 -> 27 | B36: Non-CAISO TRBAA Rate ($/kWh) | C36: =ROUND(C32/C34,5) -> -0.00325 | D36: Line 23 / Line 25 | E36: =E35+1 -> 27

Sheet Stmnt BL - CAISO WHOLESALE
B2: Statement BL
B3: San Diego Gas & Electric Company
B4: ='Stmnt BK1 - TRBAA'!B4 -> 2027 - TRBAA Rate Filing
B5: 2027 - CAISO Customers Utility Specific Access Charge Rate Calculations
B6: High Voltage & Low Voltage Component
C8: (A) | D8: (B) | E8: (C) = (A) + (B)
A9: Line | C9: Total | D9: Total | E9: Combined | G9: Line
A10: No. | C10: High Voltage | D10: Low Voltage | E10: TRR | G10: No.
B11: Components | C11: TRR | D11: TRR | F11: Notes & Reference
A13: 1 | B13: BTRR CAISO 1 | C13: ='Stmnt BK2 - TRBAA'!C13 -> 5.9078891e+08 | D13: ='Stmnt BK2 - TRBAA'!D13 -> 7.5473945e+08 | E13: =C13+D13 -> 1.3455284e+09 | F13: See Note 1 | G13: 1
A14: =A13+1 -> 2 | G14: =G13+1 -> 2
A15: =A14+1 -> 3 | B15: Total CAISO TRBAA 2 | C15: ='Stmnt BK2 - TRBAA'!C33 -> -49595715 | D15: ='Stmnt BK2 - TRBAA'!D33 -> -6807728 | E15: =C15+D15 -> -56403443 | F15: Statement BK-2; Page 1; Line 21 | G15: =G14+1 -> 3
A16: =A15+1 -> 4 | G16: =G15+1 -> 4
A17: =A16+1 -> 5 | B17: Transmission Standby Revenue 3 | C17: ='Stmnt BK2 - TRBAA'!C35 -> -4147664 | D17: ='Stmnt BK2 - TRBAA'!D35 -> -5298688 | E17: =C17+D17 -> -9446352 | F17: See Note 3 | G17: =G16+1 -> 5
A18: =A17+1 -> 6 | G18: =G17+1 -> 6
A19: =A18+1 -> 7 | B19: CAISO Transmission Revenue Requirements | C19: =C13+C15+C17 -> 5.3704553e+08 | D19: =D13+D15+D17 -> 7.4263303e+08 | E19: =E13+E15+E17 -> 1.2796786e+09 | F19: Sum ( Lines 1, 3, & 5 ) | G19: =G18+1 -> 7
A20: =A19+1 -> 8 | G20: =G19+1 -> 8
A21: =A20+1 -> 9 | B21: Gross Load - MWh | C21: ='Stmnt BD-Forecast MWH@Transm.'!$F40 -> 18291754 | D21: ='Stmnt BD-Forecast MWH@Transm.'!$F40 -> 18291754 | E21: ='Stmnt BD-Forecast MWH@Transm.'!$F40 -> 18291754 | F21: Statement BD; Page 1 of 5; Line 28; Col. D | G21: =G20+1 -> 9
A22: =A21+1 -> 10 | G22: =G21+1 -> 10
A23: =A22+1 -> 11 | B23: Utility Specific Access Charges ($/MWh) | C23: =C19/C21 -> 29.359981 | D23: =D19/D21 -> 40.599335 | E23: =E19/E21 -> 69.959316 | F23: Line 7 / Line 9 | G23: =G22+1 -> 11
B26: NOTES:
A27: 1 | B27: BTRR CAISO information comes from Cost Statement BK-2 of SDG&E's TO6 Cycle 3 Annual Informational Filing.
A28: 2 | B28: The CAISO TRBAA amount comes from the instant filing, in Statement BK-2; Page 1; Line 21
A29: 3 | B29: Standby Revenue amount of $9,446,352, from Cost Statement BG; Page 1; Column A; Line 26, of SDG&E's TO6 Cycle 3 Annual Informational Filing.

Sheet WP 1.1 Recorded Sales
A2: Line | B2: San Diego Gas & Electric Co. | P2: Line
A3: No. | B3: Recorded Billing Determinants for the 12-Month Period: October 2025 - September 2026 | P3: No.
A4: 1 | B4: System Delivery Determinants | P4: 1
A5: =A4+1 -> 2 | B5: Customer Class Deliveries (MWh) | C5: 45931 | D5: 45962 | E5: 45992 | F5: 46023 | G5: 46054 | H5: 46082 | I5: 46113 | J5: 46143 | K5: 46174 | L5: 46204 | M5: 46235 | N5: 46266 | O5: Total | P5: =P4+1 -> 2
A6: =A5+1 -> 3 | B6: Residential | C6: 530908.99 | D6: 340147.86 | E6: 509686.78 | F6: 548550.05 | G6: 392651.86 | H6: 416742.82 | I6: 370330.48 | J6: 291039.9 | K6: 354665.11 | L6: 466528.09 | M6: 669143.02 | N6: 800093.99 | O6: =SUM(C6:N6) -> 5690489 | P6: =P5+1 -> 3
A7: =A6+1 -> 4 | B7: Small Commercial | C7: 205524.34 | D7: 149585.01 | E7: 191969.85 | F7: 185866.8 | G7: 155309.43 | H7: 142410.16 | I7: 136961.43 | J7: 125455.51 | K7: 142413.73 | L7: 155517.46 | M7: 163070.75 | N7: 173515.08 | O7: =SUM(C7:N7) -> 1927599.6 | P7: =P6+1 -> 4
A8: =A7+1 -> 5 | B8: Med. & Large Comm./Ind. | C8: 861364.96 | D8: 721419.92 | E8: 735271.52 | F8: 723852.16 | G8: 557131.83 | H8: 774068.05 | I8: 823131.1 | J8: 599560.27 | K8: 922239.54 | L8: 856002.45 | M8: 867220.21 | N8: 941691.43 | O8: =SUM(C8:N8) -> 9382953.4 | P8: =P7+1 -> 5
A9: =A8+1 -> 6 | B9: San Diego Unified Port District | C9: 830.1 | D9: 591.888 | E9: 349.656 | F9: 505.116 | G9: 394.056 | H9: 599.844 | I9: 1194.672 | J9: 395.568 | K9: 0 | L9: 0 | M9: 0.024 | N9: 577.044 | O9: =SUM(C9:N9) -> 5437.968 | P9: =P8+1 -> 6
A10: =A9+1 -> 7 | B10: Agriculture (PA) | C10: 16743.768 | D10: 13044.755 | E10: 12830.287 | F10: 11025.685 | G10: 10591.929 | H10: 11659.721 | I10: 13838.644 | J10: 14629.715 | K10: 17023.339 | L10: 21277.192 | M10: 19915.298 | N10: 20711.792 | O10: =SUM(C10:N10) -> 183292.12 | P10: =P9+1 -> 7
A11: =A10+1 -> 8 | B11: Agriculture (PA-T-1) | C11: 16722.309 | D11: 12225.74 | E11: 19950.925 | F11: 13034.206 | G11: 14468.949 | H11: 13031.965 | I11: 21165.631 | J11: 13197.715 | K11: 15928.342 | L11: 21115.069 | M11: 20518.665 | N11: 19035.486 | O11: =SUM(C11:N11) -> 200395 | P11: =P10+1 -> 8
A12: =A11+1 -> 9 | B12: Lighting | C12: 6206.232 | D12: 3072.935 | E12: 7320.706 | F12: 5003.957 | G12: 4861.481 | H12: 5016.543 | I12: 5024.74 | J12: 15536.591 | K12: 5869.001 | L12: 6408.115 | M12: -20831.797 | N12: 30722.083 | O12: =SUM(C12:N12) -> 74210.587 | P12: =P11+1 -> 9
A13: =A12+1 -> 10 | B13: Sale for Resale | C13: 0 | D13: 0 | E13: 0 | F13: 0 | G13: 0 | H13: 0 | I13: 0 | J13: 0 | K13: 0 | L13: 0 | M13: 0 | N13: 0 | O13: =SUM(C13:N13) -> 0 | P13: =P12+1 -> 10
A14: =A13+1 -> 11 | B14: Total System | C14: =SUM(C6:C13) -> 1638300.7 | D14: =SUM(D6:D13) -> 1240088.1 | E14: =SUM(E6:E13) -> 1477379.7 | F14: =SUM(F6:F13) -> 1487838 | G14: =SUM(G6:G13) -> 1135409.5 | H14: =SUM(H6:H13) -> 1363529.1 | I14: =SUM(I6:I13) -> 1371646.7 | J14: =SUM(J6:J13) -> 1059815.3 | ... O14: =SUM(O6:O13) -> 17464378 | P14: =P13+1 -> 11
A15: =A14+1 -> 12 | P15: =P14+1 -> 12
A16: =A15+1 -> 13 | B16: Total System - EXCLUDING Sale for Resale | C16: =SUM(C6:C12) -> 1638300.7 | D16: =SUM(D6:D12) -> 1240088.1 | E16: =SUM(E6:E12) -> 1477379.7 | F16: =SUM(F6:F12) -> 1487838 | G16: =SUM(G6:G12) -> 1135409.5 | H16: =SUM(H6:H12) -> 1363529.1 | I16: =SUM(I6:I12) -> 1371646.7 | J16: =SUM(J6:J12) -> 1059815.3 | ... O16: =SUM(O6:O12) -> 17464378 | P16: =P15+1 -> 13
A17: =A16+1 -> 14 | P17: =P16+1 -> 14
A18: =A17+1 -> 15 | B18: INPUT FROM RECORDED SALES FILE: | C18: =C5 -> 45931 | D18: =D5 -> 45962 | E18: =E5 -> 45992 | F18: =F5 -> 46023 | G18: =G5 -> 46054 | H18: =H5 -> 46082 | I18: =I5 -> 46113 | J18: =J5 -> 46143 | ... O18: =O5 -> Total | P18: =P17+1 -> 15
A19: =A18+1 -> 16 | B19: Medium & Large Details - Deliveries in MWH: | P19: =P18+1 -> 16
A20: =A19+1 -> 17 | B20: Med & Large C/I (AD) | C20: 0 | D20: 0 | E20: 0 | F20: 0 | G20: 0 | H20: 0 | I20: 0 | J20: 0 | K20: 0 | L20: 0 | M20: 0 | N20: 0 | O20: =SUM(C20:N20) -> 0 | P20: =P19+1 -> 17
A21: =A20+1 -> 18 | B21: Med & Large C/I (AL+AY+DGR) | C21: =C8 -> 861364.96 | D21: =D8 -> 721419.92 | E21: =E8 -> 735271.52 | F21: =F8 -> 723852.16 | G21: =G8 -> 557131.83 | H21: =H8 -> 774068.05 | I21: =I8 -> 823131.1 | J21: =J8 -> 599560.27 | ... N21: =N8 -> 941691.43 | O21: =SUM(C21:N21) -> 9382953.4 | P21: =P20+1 -> 18
A22: =A21+1 -> 19 | B22: Med & Large C/I (A6) | C22: 0 | D22: 0 | E22: 0 | F22: 0 | G22: 0 | H22: 0 | I22: 0 | J22: 0 | K22: 0 | L22: 0 | M22: 0 | N22: 0 | O22: =SUM(C22:N22) -> 0 | P22: =P21+1 -> 19
A23: =A22+1 -> 20 | B23: Total | C23: =SUM(C20:C22) -> 861364.96 | D23: =SUM(D20:D22) -> 721419.92 | E23: =SUM(E20:E22) -> 735271.52 | F23: =SUM(F20:F22) -> 723852.16 | G23: =SUM(G20:G22) -> 557131.83 | H23: =SUM(H20:H22) -> 774068.05 | I23: =SUM(I20:I22) -> 823131.1 | J23: =SUM(J20:J22) -> 599560.27 | ... O23: =SUM(O20:O22) -> 9382953.4 | P23: =P22+1 -> 20
A24: =A23+1 -> 21 | P24: =P23+1 -> 21
A27: Line | B27: San Diego Gas & Electric | P27: Line
A28: No. | B28: =B3 -> Recorded Billing Determinants for the 12-Month Period: October 2025 - September 2026 | P28: No.
A29: =A24+1 -> 22 | B29: System Delivery Determinants | P29: =P24+1 -> 22
A30: =A29+1 -> 23 | B30: Customer Class Deliveries (kWh) | C30: =C5 -> 45931 | D30: =D5 -> 45962 | E30: =E5 -> 45992 | F30: =F5 -> 46023 | G30: =G5 -> 46054 | H30: =H5 -> 46082 | I30: =I5 -> 46113 | J30: =J5 -> 46143 | ... N30: =N5 -> 46266 | O30: Total | P30: =P29+1 -> 23
A31: =A30+1 -> 24 | B31: Residential | C31: =C6*1000 -> 5.3090899e+08 | D31: =D6*1000 -> 340147859 | E31: =E6*1000 -> 509686784 | F31: =F6*1000 -> 548550048 | G31: =G6*1000 -> 392651859 | H31: =H6*1000 -> 416742815 | I31: =I6*1000 -> 370330481 | J31: =J6*1000 -> 291039901 | ... N31: =N6*1000 -> 800093991 | O31: =SUM(C31:N31) -> 5690488963 | P31: =P30+1 -> 24
A32: =A31+1 -> 25 | B32: Small Commercial | C32: =C7*1000 -> 205524336 | D32: =D7*1000 -> 149585005 | E32: =E7*1000 -> 191969848 | F32: =F7*1000 -> 185866803 | G32: =G7*1000 -> 155309430 | H32: =H7*1000 -> 142410161 | I32: =I7*1000 -> 136961430 | J32: =J7*1000 -> 125455511 | ... N32: =N7*1000 -> 173515085 | O32: =SUM(C32:N32) -> 1927599557 | P32: =P31+1 -> 25
A33: =A32+1 -> 26 | B33: Med. & Large Comm./Ind. | C33: =C48 -> 861364957 | D33: =D48 -> 721419922 | E33: =E48 -> 7.3527152e+08 | F33: =F48 -> 723852156 | G33: =G48 -> 557131834 | H33: =H48 -> 774068053 | I33: =I48 -> 823131097 | J33: =J48 -> 599560268 | ... N33: =N48 -> 9.4169143e+08 | O33: =SUM(C33:N33) -> 9382953436 | P33: =P32+1 -> 26
A34: =A33+1 -> 27 | B34: San Diego Unified Port District | C34: =C9*1000 -> 830100 | D34: =D9*1000 -> 591888 | E34: =E9*1000 -> 349656 | F34: =F9*1000 -> 505116 | G34: =G9*1000 -> 394056 | H34: =H9*1000 -> 599844 | I34: =I9*1000 -> 1194672 | J34: =J9*1000 -> 395568 | ... N34: =N9*1000 -> 577044 | O34: =SUM(C34:N34) -> 5437968 | P34: =P33+1 -> 27
A35: =A34+1 -> 28 | B35: Agriculture (PA) | C35: =C10*1000 -> 16743768 | D35: =D10*1000 -> 13044755 | E35: =E10*1000 -> 12830287 | F35: =F10*1000 -> 11025685 | G35: =G10*1000 -> 10591929 | H35: =H10*1000 -> 11659721 | I35: =I10*1000 -> 13838644 | J35: =J10*1000 -> 14629715 | ... N35: =N10*1000 -> 20711792 | O35: =SUM(C35:N35) -> 183292125 | P35: =P34+1 -> 28
A36: =A35+1 -> 29 | B36: Agriculture (PA-T-1) | C36: =C11*1000 -> 16722309 | D36: =D11*1000 -> 12225740 | E36: =E11*1000 -> 19950925 | F36: =F11*1000 -> 13034206 | G36: =G11*1000 -> 14468949 | H36: =H11*1000 -> 13031965 | I36: =I11*1000 -> 21165631 | J36: =J11*1000 -> 13197715 | ... N36: =N11*1000 -> 19035486 | O36: =SUM(C36:N36) -> 200395002 | P36: =P35+1 -> 29
A37: =A36+1 -> 30 | B37: Lighting | C37: =C12*1000 -> 6206232 | D37: =D12*1000 -> 3072935 | E37: =E12*1000 -> 7320706 | F37: =F12*1000 -> 5003957 | G37: =G12*1000 -> 4861481 | H37: =H12*1000 -> 5016543 | I37: =I12*1000 -> 5024740 | J37: =J12*1000 -> 15536591 | ... N37: =N12*1000 -> 30722083 | O37: =SUM(C37:N37) -> 74210587 | P37: =P36+1 -> 30
A38: =A37+1 -> 31 | B38: Sale for Resale | C38: =C13*1000 -> 0 | D38: =D13*1000 -> 0 | E38: =E13*1000 -> 0 | F38: =F13*1000 -> 0 | G38: =G13*1000 -> 0 | H38: =H13*1000 -> 0 | I38: =I13*1000 -> 0 | J38: =J13*1000 -> 0 | ... N38: =N13*1000 -> 0 | O38: =SUM(C38:N38) -> 0 | P38: =P37+1 -> 31
A39: =A38+1 -> 32 | B39: Total System | C39: =SUM(C31:C38) -> 1638300694 | D39: =SUM(D31:D38) -> 1240088104 | E39: =SUM(E31:E38) -> 1477379730 | F39: =SUM(F31:F38) -> 1487837971 | G39: =SUM(G31:G38) -> 1135409538 | H39: =SUM(H31:H38) -> 1363529102 | I39: =SUM(I31:I38) -> 1371646695 | J39: =SUM(J31:J38) -> 1059815269 | ... O39: =SUM(O31:O38) -> 17464377638 | P39: =P38+1 -> 32
A40: =A39+1 -> 33 | P40: =P39+1 -> 33
A41: =A40+1 -> 34 | B41: Total System - EXCLUDING Sale for Resale | C41: =SUM(C31:C37) -> 1638300694 | D41: =SUM(D31:D37) -> 1240088104 | E41: =SUM(E31:E37) -> 1477379730 | F41: =SUM(F31:F37) -> 1487837971 | G41: =SUM(G31:G37) -> 1135409538 | H41: =SUM(H31:H37) -> 1363529102 | I41: =SUM(I31:I37) -> 1371646695 | J41: =SUM(J31:J37) -> 1059815269 | ... O41: =SUM(O31:O37) -> 17464377638 | P41: =P40+1 -> 34
A42: =A41+1 -> 35 | P42: =P41+1 -> 35 | R42: =O41-'Stmnt BD - Recorded KWH'!E26 -> 0
A43: =A42+1 -> 36 | B43: =B18 -> INPUT FROM RECORDED SALES FILE: | C43: =C30 -> 45931 | D43: =D30 -> 45962 | E43: =E30 -> 45992 | F43: =F30 -> 46023 | G43: =G30 -> 46054 | H43: =H30 -> 46082 | I43: =I30 -> 46113 | J43: =J30 -> 46143 | ... O43: =O30 -> Total | P43: =P42+1 -> 36
A44: =A43+1 -> 37 | B44: Medium & Large Details - Deliveries in kWh: | P44: =P43+1 -> 37
A45: =A44+1 -> 38 | B45: Med & Large C/I (AD) | C45: =C20*1000 -> 0 | D45: =D20*1000 -> 0 | E45: =E20*1000 -> 0 | F45: =F20*1000 -> 0 | G45: =G20*1000 -> 0 | H45: =H20*1000 -> 0 | I45: =I20*1000 -> 0 | J45: =J20*1000 -> 0 | ... N45: =N20*1000 -> 0 | O45: =SUM(C45:N45) -> 0 | P45: =P44+1 -> 38
A46: =A45+1 -> 39 | B46: Med & Large C/I (AL+AY+DGR) | C46: =C21*1000 -> 861364957 | D46: =D21*1000 -> 721419922 | E46: =E21*1000 -> 7.3527152e+08 | F46: =F21*1000 -> 723852156 | G46: =G21*1000 -> 557131834 | H46: =H21*1000 -> 774068053 | I46: =I21*1000 -> 823131097 | J46: =J21*1000 -> 599560268 | ... N46: =N21*1000 -> 9.4169143e+08 | O46: =SUM(C46:N46) -> 9382953436 | P46: =P45+1 -> 39
A47: =A46+1 -> 40 | B47: Med & Large C/I (A6) | C47: =C22*1000 -> 0 | D47: =D22*1000 -> 0 | E47: =E22*1000 -> 0 | F47: =F22*1000 -> 0 | G47: =G22*1000 -> 0 | H47: =H22*1000 -> 0 | I47: =I22*1000 -> 0 | J47: =J22*1000 -> 0 | ... N47: =N22*1000 -> 0 | O47: =SUM(C47:N47) -> 0 | P47: =P46+1 -> 40
A48: =A47+1 -> 41 | B48: Total | C48: =SUM(C45:C47) -> 861364957 | D48: =SUM(D45:D47) -> 721419922 | E48: =SUM(E45:E47) -> 7.3527152e+08 | F48: =SUM(F45:F47) -> 723852156 | G48: =SUM(G45:G47) -> 557131834 | H48: =SUM(H45:H47) -> 774068053 | I48: =SUM(I45:I47) -> 823131097 | J48: =SUM(J45:J47) -> 599560268 | ... O48: =SUM(O45:O47) -> 9382953436 | P48: =P47+1 -> 41
A49: =A48+1 -> 42 | P49: =P48+1 -> 42

Sheet WP 1.2 Forecast Sales
A2: Line | B2: San Diego Gas & Electric Co. | P2: Line
A3: No. | B3: Forecast Billing Determinants for the 12-Month Period: January 2027- December 2027 | P3: No.
A4: 1 | B4: System Delivery Determinants | P4: 1
A5: =A4+1 -> 2 | B5: Customer Class Deliveries (MWh) | C5: 46388 | D5: 46419 | E5: 46447 | F5: 46478 | G5: 46508 | H5: 46539 | I5: 46569 | J5: 46600 | K5: 46631 | L5: 46661 | M5: 46692 | N5: 46722 | O5: Total | P5: =P4+1 -> 2
A6: =A5+1 -> 3 | B6: Residential | C6: 581951.06 | D6: 492696.98 | E6: 428552.85 | F6: 351147.08 | G6: 329793.55 | H6: 358343.85 | I6: 447486.45 | J6: 578590.61 | K6: 697267.97 | L6: 490925.76 | M6: 437747.49 | N6: 507338.97 | O6: =SUM(C6:N6) -> 5701842.6 | P6: =P5+1 -> 3
A7: =A6+1 -> 4 | B7: Small Commercial | C7: 144107.36 | D7: 138272.84 | E7: 134573.59 | F7: 131765.54 | G7: 131661.72 | H7: 137231.21 | I7: 151843.45 | J7: 158329.35 | K7: 167213.65 | L7: 147326.3 | M7: 136911.55 | N7: 136792.38 | O7: =SUM(C7:N7) -> 1716028.9 | P7: =P6+1 -> 4
A8: =A7+1 -> 5 | B8: Med. & Large Comm./Ind. | C8: 765705.74 | D8: 729645.23 | E8: 735335.99 | F8: 736947.45 | G8: 750185.45 | H8: 785559.79 | I8: 859418.18 | J8: 891352.85 | K8: 944052.27 | L8: 863722.07 | M8: 801476.62 | N8: 781425.17 | O8: =SUM(C8:N8) -> 9644826.8 | P8: =P7+1 -> 5
A9: =A8+1 -> 6 | B9: San Diego Unified Port District | C9: 147.852 | D9: 178.992 | E9: 387.768 | F9: 920.892 | G9: 411.168 | H9: 0 | I9: 0 | J9: 0 | K9: 227.556 | L9: 830.1 | M9: 591.888 | N9: 349.656 | O9: =SUM(C9:N9) -> 4045.872 | P9: =P8+1 -> 6
A10: =A9+1 -> 7 | B10: Agriculture (TOU-PA) | C10: 13091.854 | D10: 11486.892 | E10: 10732.695 | F10: 12338.071 | G10: 17539.397 | H10: 19452.397 | I10: 22099.864 | J10: 23824.802 | K10: 23812.413 | L10: 21365.682 | M10: 18296.414 | N10: 16524.176 | O10: =SUM(C10:N10) -> 210564.66 | P10: =P9+1 -> 7
A11: =A10+1 -> 8 | B11: Agriculture (PA-T-1) | C11: 12797.46 | D11: 12196.078 | E11: 11419.642 | F11: 11837.382 | G11: 13945.731 | H11: 14406.36 | I11: 15724.699 | J11: 15624.735 | K11: 15600.77 | L11: 14881.191 | M11: 13690.473 | N11: 12366.035 | O11: =SUM(C11:N11) -> 164490.56 | P11: =P10+1 -> 8
A12: =A11+1 -> 9 | B12: Lighting | C12: 6750.7789 | D12: 6612.9384 | E12: 6450.801 | F12: 6274.3238 | G12: 6272.5762 | H12: 6313.0194 | I12: 6230.2002 | J12: 6462.6156 | K12: 6203.5668 | L12: 6483.8062 | M12: 6805.7356 | N12: 6823.5179 | O12: =SUM(C12:N12) -> 77683.88 | P12: =P11+1 -> 9
A13: =A12+1 -> 10 | B13: Sale for Resale | C13: 0 | D13: 0 | E13: 0 | F13: 0 | G13: 0 | H13: 0 | I13: 0 | J13: 0 | K13: 0 | L13: 0 | M13: 0 | N13: 0 | O13: =SUM(C13:N13) -> 0 | P13: =P12+1 -> 10
A14: =A13+1 -> 11 | B14: Total System | C14: =SUM(C6:C13) -> 1524552.1 | D14: =SUM(D6:D13) -> 1391090 | E14: =SUM(E6:E13) -> 1327453.3 | F14: =SUM(F6:F13) -> 1251230.7 | G14: =SUM(G6:G13) -> 1249809.6 | H14: =SUM(H6:H13) -> 1321306.6 | I14: =SUM(I6:I13) -> 1502802.8 | J14: =SUM(J6:J13) -> 1674185 | ... O14: =SUM(O6:O13) -> 17519483 | P14: =P13+1 -> 11
A15: =A14+1 -> 12 | P15: =P14+1 -> 12
A16: =A15+1 -> 13 | B16: Total System - EXCLUDING Sale for Resale | C16: =SUM(C6:C12) -> 1524552.1 | D16: =SUM(D6:D12) -> 1391090 | E16: =SUM(E6:E12) -> 1327453.3 | F16: =SUM(F6:F12) -> 1251230.7 | G16: =SUM(G6:G12) -> 1249809.6 | H16: =SUM(H6:H12) -> 1321306.6 | I16: =SUM(I6:I12) -> 1502802.8 | J16: =SUM(J6:J12) -> 1674185 | ... O16: =SUM(O6:O12) -> 17519483 | P16: =P15+1 -> 13
A17: =A16+1 -> 14 | P17: =P16+1 -> 14
A18: =A17+1 -> 15 | B18: INPUT FROM FORECAST INFORMATION: | C18: =C5 -> 46388 | D18: =D5 -> 46419 | E18: =E5 -> 46447 | F18: =F5 -> 46478 | G18: =G5 -> 46508 | H18: =H5 -> 46539 | I18: =I5 -> 46569 | J18: =J5 -> 46600 | ... O18: =O5 -> Total | P18: =P17+1 -> 15
A19: =A18+1 -> 16 | B19: Medium & Large Details - Deliveries in MWH: | P19: =P18+1 -> 16
A20: =A19+1 -> 17 | B20: Med Comm(ALTOU-M) | C20: 152437.61 | D20: 146528.23 | E20: 145835.4 | F20: 145639.22 | G20: 149255.18 | H20: 156567.06 | I20: 172808.98 | J20: 177553.51 | K20: 186422.64 | L20: 168894.62 | M20: 153836.37 | N20: 147743.22 | O20: =SUM(C20:N20) -> 1903522 | P20: =P19+1 -> 17
A21: =A20+1 -> 18 | B21: Med Comm(DGR-M) | C21: 5418.4772 | D21: 4950.3621 | E21: 3635.9327 | F21: 2188.7941 | G21: 2394.9195 | H21: 2831.2402 | I21: 2183.3212 | J21: 4511.9766 | K21: 6955.1641 | L21: 6251.1981 | M21: 5674.8331 | N21: 5771.1539 | O21: =SUM(C21:N21) -> 52767.373 | P21: =P20+1 -> 18
A22: =A21+1 -> 19 | B22: Med Comm (EV-HP, OL-TOU, TOU-M) | C22: 76734.101 | D22: 74238.822 | E22: 76625.35 | F22: 80910.807 | G22: 80096.884 | H22: 81767.775 | I22: 89579.268 | J22: 94749.248 | K22: 100678.96 | L22: 95728.077 | M22: 92429.133 | N22: 94057.998 | O22: =SUM(C22:N22) -> 1037596.4 | P22: =P21+1 -> 19
A23: =A22+1 -> 20 | B23: Large Comm./Ind. (excluding A6-TOU/Port) | C23: 435002.98 | D23: 417245.93 | E23: 415499.72 | F23: 413971.09 | G23: 425483.43 | H23: 450598.09 | I23: 492530.28 | J23: 511800.69 | K23: 542491.16 | L23: 491500.78 | M23: 451482.04 | N23: 438504.21 | O23: =SUM(C23:N23) -> 5486110.4 | P23: =P22+1 -> 20
A24: =A23+1 -> 21 | B24: Large Comm./Ind. (A6-TOU) | C24: 96112.572 | D24: 86681.888 | E24: 93739.588 | F24: 94237.534 | G24: 92955.04 | H24: 93795.617 | I24: 102316.34 | J24: 102737.42 | K24: 107504.35 | L24: 101347.4 | M24: 98054.239 | N24: 95348.588 | O24: =SUM(C24:N24) -> 1164830.6 | P24: =P23+1 -> 21
A25: =A24+1 -> 22 | B25: Total | C25: =SUM(C20:C24) -> 765705.74 | D25: =SUM(D20:D24) -> 729645.23 | E25: =SUM(E20:E24) -> 735335.99 | F25: =SUM(F20:F24) -> 736947.45 | G25: =SUM(G20:G24) -> 750185.45 | H25: =SUM(H20:H24) -> 785559.79 | I25: =SUM(I20:I24) -> 859418.18 | J25: =SUM(J20:J24) -> 891352.85 | ... O25: =SUM(O20:O24) -> 9644826.8 | P25: =P24+1 -> 22
A26: =A25+1 -> 23 | P26: =P25+1 -> 23
A29: Line | B29: San Diego Gas & Electric | P29: Line
A30: No. | B30: =B3 -> Forecast Billing Determinants for the 12-Month Period: January 2027- December 2027 | P30: No.
A31: =A26+1 -> 24 | B31: System Delivery Determinants | P31: =P26+1 -> 24
A32: =A31+1 -> 25 | B32: Customer Class Deliveries (kWh) | C32: =C5 -> 46388 | D32: =D5 -> 46419 | E32: =E5 -> 46447 | F32: =F5 -> 46478 | G32: =G5 -> 46508 | H32: =H5 -> 46539 | I32: =I5 -> 46569 | J32: =J5 -> 46600 | ... N32: =N5 -> 46722 | O32: Total | P32: =P31+1 -> 25
A33: =A32+1 -> 26 | B33: Residential | C33: =C6*1000 -> 5.8195106e+08 | D33: =D6*1000 -> 4.9269698e+08 | E33: =E6*1000 -> 4.2855285e+08 | F33: =F6*1000 -> 3.5114708e+08 | G33: =G6*1000 -> 3.2979355e+08 | H33: =H6*1000 -> 3.5834385e+08 | I33: =I6*1000 -> 4.4748645e+08 | J33: =J6*1000 -> 5.7859061e+08 | ... N33: =N6*1000 -> 5.0733897e+08 | O33: =SUM(C33:N33) -> 5.7018426e+09 | P33: =P32+1 -> 26
A34: =A33+1 -> 27 | B34: Small Commercial | C34: =C7*1000 -> 1.4410736e+08 | D34: =D7*1000 -> 1.3827284e+08 | E34: =E7*1000 -> 1.3457359e+08 | F34: =F7*1000 -> 1.3176554e+08 | G34: =G7*1000 -> 1.3166172e+08 | H34: =H7*1000 -> 1.3723121e+08 | I34: =I7*1000 -> 1.5184345e+08 | J34: =J7*1000 -> 1.5832935e+08 | ... N34: =N7*1000 -> 1.3679238e+08 | O34: =SUM(C34:N34) -> 1.7160289e+09 | P34: =P33+1 -> 27
A35: =A34+1 -> 28 | B35: Med. & Large Comm./Ind. | C35: =C52 -> 7.6570574e+08 | D35: =D52 -> 7.2964523e+08 | E35: =E52 -> 7.3533599e+08 | F35: =F52 -> 7.3694745e+08 | G35: =G52 -> 7.5018545e+08 | H35: =H52 -> 7.8555979e+08 | I35: =I52 -> 8.5941818e+08 | J35: =J52 -> 8.9135285e+08 | ... N35: =N52 -> 7.8142517e+08 | O35: =SUM(C35:N35) -> 9.6448268e+09 | P35: =P34+1 -> 28
A36: =A35+1 -> 29 | B36: San Diego Unified Port District | C36: =C9*1000 -> 147852 | D36: =D9*1000 -> 178992 | E36: =E9*1000 -> 387768 | F36: =F9*1000 -> 920892 | G36: =G9*1000 -> 411168 | H36: =H9*1000 -> 0 | I36: =I9*1000 -> 0 | J36: =J9*1000 -> 0 | ... N36: =N9*1000 -> 349656 | O36: =SUM(C36:N36) -> 4045872 | P36: =P35+1 -> 29
A37: =A36+1 -> 30 | B37: Agriculture (TOU-PA) | C37: =C10*1000 -> 13091854 | D37: =D10*1000 -> 11486892 | E37: =E10*1000 -> 10732695 | F37: =F10*1000 -> 12338071 | G37: =G10*1000 -> 17539397 | H37: =H10*1000 -> 19452397 | I37: =I10*1000 -> 22099864 | J37: =J10*1000 -> 23824802 | ... N37: =N10*1000 -> 16524176 | O37: =SUM(C37:N37) -> 2.1056466e+08 | P37: =P36+1 -> 30
A38: =A37+1 -> 31 | B38: Agriculture (PA-T-1) | C38: =C11*1000 -> 12797460 | D38: =D11*1000 -> 12196078 | E38: =E11*1000 -> 11419642 | F38: =F11*1000 -> 11837382 | G38: =G11*1000 -> 13945731 | H38: =H11*1000 -> 14406360 | I38: =I11*1000 -> 15724699 | J38: =J11*1000 -> 15624735 | ... N38: =N11*1000 -> 12366035 | O38: =SUM(C38:N38) -> 1.6449056e+08 | P38: =P37+1 -> 31
A39: =A38+1 -> 32 | B39: Lighting | C39: =C12*1000 -> 6750778.9 | D39: =D12*1000 -> 6612938.4 | E39: =E12*1000 -> 6450801 | F39: =F12*1000 -> 6274323.8 | G39: =G12*1000 -> 6272576.2 | H39: =H12*1000 -> 6313019.4 | I39: =I12*1000 -> 6230200.2 | J39: =J12*1000 -> 6462615.6 | ... N39: =N12*1000 -> 6823517.9 | O39: =SUM(C39:N39) -> 77683880 | P39: =P38+1 -> 32
A40: =A39+1 -> 33 | B40: Sale for Resale | C40: =C13*1000 -> 0 | D40: =D13*1000 -> 0 | E40: =E13*1000 -> 0 | F40: =F13*1000 -> 0 | G40: =G13*1000 -> 0 | H40: =H13*1000 -> 0 | I40: =I13*1000 -> 0 | J40: =J13*1000 -> 0 | ... N40: =N13*1000 -> 0 | O40: =SUM(C40:N40) -> 0 | P40: =P39+1 -> 33
A41: =A40+1 -> 34 | B41: Total System | C41: =SUM(C33:C40) -> 1.5245521e+09 | D41: =SUM(D33:D40) -> 1.39109e+09 | E41: =SUM(E33:E40) -> 1.3274533e+09 | F41: =SUM(F33:F40) -> 1.2512307e+09 | G41: =SUM(G33:G40) -> 1.2498096e+09 | H41: =SUM(H33:H40) -> 1.3213066e+09 | I41: =SUM(I33:I40) -> 1.5028028e+09 | J41: =SUM(J33:J40) -> 1.674185e+09 | ... O41: =SUM(O33:O40) -> 1.7519483e+10 | P41: =P40+1 -> 34
A42: =A41+1 -> 35 | P42: =P41+1 -> 35
A43: =A42+1 -> 36 | B43: Total System - EXCLUDING Sale for Resale | C43: =SUM(C33:C39) -> 1.5245521e+09 | D43: =SUM(D33:D39) -> 1.39109e+09 | E43: =SUM(E33:E39) -> 1.3274533e+09 | F43: =SUM(F33:F39) -> 1.2512307e+09 | G43: =SUM(G33:G39) -> 1.2498096e+09 | H43: =SUM(H33:H39) -> 1.3213066e+09 | I43: =SUM(I33:I39) -> 1.5028028e+09 | J43: =SUM(J33:J39) -> 1.674185e+09 | ... O43: =SUM(O33:O39) -> 1.7519483e+10 | P43: =P42+1 -> 36
A44: =A43+1 -> 37 | P44: =P43+1 -> 37 | R44: =O43-'Stmnt BD - Forecast KWH'!E26 -> 0
A45: =A44+1 -> 38 | B45: INPUT FROM FORECAST INFORMATION: | C45: =C32 -> 46388 | D45: =D32 -> 46419 | E45: =E32 -> 46447 | F45: =F32 -> 46478 | G45: =G32 -> 46508 | H45: =H32 -> 46539 | I45: =I32 -> 46569 | J45: =J32 -> 46600 | ... O45: =O32 -> Total | P45: =P44+1 -> 38
A46: =A45+1 -> 39 | B46: Medium & Large Details - Deliveries in kWh: | P46: =P45+1 -> 39
A47: =A46+1 -> 40 | B47: Med Comm(ALTOU-M) | C47: =C20*1000 -> 1.5243761e+08 | D47: =D20*1000 -> 1.4652823e+08 | E47: =E20*1000 -> 1.458354e+08 | F47: =F20*1000 -> 1.4563922e+08 | G47: =G20*1000 -> 1.4925518e+08 | H47: =H20*1000 -> 1.5656706e+08 | I47: =I20*1000 -> 1.7280898e+08 | J47: =J20*1000 -> 1.7755351e+08 | ... N47: =N20*1000 -> 1.4774322e+08 | O47: =SUM(C47:N47) -> 1.903522e+09 | P47: =P46+1 -> 40
A48: =A47+1 -> 41 | B48: Med Comm(DGR-M) | C48: =C21*1000 -> 5418477.2 | D48: =D21*1000 -> 4950362.1 | E48: =E21*1000 -> 3635932.7 | F48: =F21*1000 -> 2188794.1 | G48: =G21*1000 -> 2394919.5 | H48: =H21*1000 -> 2831240.2 | I48: =I21*1000 -> 2183321.2 | J48: =J21*1000 -> 4511976.6 | ... N48: =N21*1000 -> 5771153.9 | O48: =SUM(C48:N48) -> 52767373 | P48: =P47+1 -> 41
A49: =A48+1 -> 42 | B49: Med Comm (EV-HP, OL-TOU, TOU-M) | C49: =C22*1000 -> 76734101 | D49: =D22*1000 -> 74238822 | E49: =E22*1000 -> 76625350 | F49: =F22*1000 -> 80910807 | G49: =G22*1000 -> 80096884 | H49: =H22*1000 -> 81767775 | I49: =I22*1000 -> 89579268 | J49: =J22*1000 -> 94749248 | ... N49: =N22*1000 -> 94057998 | O49: =SUM(C49:N49) -> 1.0375964e+09 | P49: =P48+1 -> 42
A50: =A49+1 -> 43 | B50: Large Comm./Ind. (excluding A6-TOU/Port) | C50: =C23*1000 -> 4.3500298e+08 | D50: =D23*1000 -> 4.1724593e+08 | E50: =E23*1000 -> 4.1549972e+08 | F50: =F23*1000 -> 4.1397109e+08 | G50: =G23*1000 -> 4.2548343e+08 | H50: =H23*1000 -> 4.5059809e+08 | I50: =I23*1000 -> 4.9253028e+08 | J50: =J23*1000 -> 5.1180069e+08 | ... N50: =N23*1000 -> 4.3850421e+08 | O50: =SUM(C50:N50) -> 5.4861104e+09 | P50: =P49+1 -> 43
A51: =A50+1 -> 44 | B51: Large Comm./Ind. (A6-TOU) | C51: =C24*1000 -> 96112572 | D51: =D24*1000 -> 86681888 | E51: =E24*1000 -> 93739588 | F51: =F24*1000 -> 94237534 | G51: =G24*1000 -> 92955040 | H51: =H24*1000 -> 93795617 | I51: =I24*1000 -> 1.0231634e+08 | J51: =J24*1000 -> 1.0273742e+08 | ... N51: =N24*1000 -> 95348588 | O51: =SUM(C51:N51) -> 1.1648306e+09 | P51: =P50+1 -> 44
A52: =A51+1 -> 45 | B52: Total | C52: =SUM(C47:C51) -> 7.6570574e+08 | D52: =SUM(D47:D51) -> 7.2964523e+08 | E52: =SUM(E47:E51) -> 7.3533599e+08 | F52: =SUM(F47:F51) -> 7.3694745e+08 | G52: =SUM(G47:G51) -> 7.5018545e+08 | H52: =SUM(H47:H51) -> 7.8555979e+08 | I52: =SUM(I47:I51) -> 8.5941818e+08 | J52: =SUM(J47:J51) -> 8.9135285e+08 | ... O52: =SUM(O47:O51) -> 9.6448268e+09 | P52: =P51+1 -> 45
A53: =A52+1 -> 46 | P53: =P52+1 -> 46

Sheet WP 2 Allocation of TRBAA
B2: San Diego Gas & Electric Company
B3: ='Stmnt BD - Recorded KWH'!A4 -> 2027 - TRBAA Rate Filing
B4: Allocation Of Beginning TRBAA Balance Based on Forecast Balances
C6: (A) | D6: (B) | E6: (C) | F6: (D)
A7: Line | C7: Beginning | D7: High Voltage | E7: Low Voltage | H7: Line
A8: No. | B8: Components | C8: TRBAA Balance | D8: TRBAA | E8: TRBAA | F8: Total | G8: Reference | H8: No.
A10: 1 | B10: TRBAA Balance @ 9/30/2026 | C10: ='WP 4 Monthly TRBAA '!O38 -> -6237733 | G10: Work paper No. 4; Page 4.4; Line 32 | H10: 1
A11: =A10+1 -> 2 | H11: =H10+1 -> 2
A12: =A11+1 -> 3 | B12: Forecast - Wheeling Revenues | D12: ='WP 6 HV LV Alloc Summary'!C26 -> -36254660 | E12: ='WP 6 HV LV Alloc Summary'!D26 -> 0 | F12: =SUM(D12:E12) -> -36254660 | G12: Work paper No. 6; Page 6.1; Line 19 | H12: =H11+1 -> 3
A13: =A12+1 -> 4 | H13: =H12+1 -> 4
A14: =A13+1 -> 5 | B14: Forecast - Settlements, Metering and Client Relations | D14: ='WP 6 HV LV Alloc Summary'!C33 -> 7943.4 | E14: ='WP 6 HV LV Alloc Summary'!D33 -> 10056.6 | F14: =SUM(D14:E14) -> 18000 | G14: Work paper No. 6; Page 6.1; Line 26 | H14: =H13+1 -> 5
A15: =A14+1 -> 6 | H15: =H14+1 -> 6
A16: =A15+1 -> 7 | B16: Forecast - ETC Cost Differentials | D16: ='WP 6 HV LV Alloc Summary'!C39 -> -245518.45 | E16: ='WP 6 HV LV Alloc Summary'!D39 -> -310834.26 | F16: =SUM(D16:E16) -> -556352.71 | G16: Work paper No. 6; Page 6.1; Line 32 | H16: =H15+1 -> 7
A17: =A16+1 -> 8 | H17: =H16+1 -> 8
A18: =A17+1 -> 9 | B18: Forecast - Other PTO Related Revenue (Credits)/Charges | D18: ='WP 6 HV LV Alloc Summary'!C49 -> -7117514.2 | E18: ='WP 6 HV LV Alloc Summary'!D49 -> -5685289.9 | F18: =SUM(D18:E18) -> -12802804 | G18: Work paper No. 6; Page 6.1; Line 42 | H18: =H17+1 -> 9
A19: =A18+1 -> 10 | H19: =H18+1 -> 10
A20: =A19+1 -> 11 | B20: Forecast 2027 - Net Transmission Revenue Credits | D20: =SUM(D12:D18) -> -43609749 | E20: =SUM(E12:E18) -> -5986067.6 | F20: =SUM(F12:F18) -> -49595817 | G20: Sum Lines 3 through 9 | H20: =H19+1 -> 11
A21: =A20+1 -> 12 | H21: =H20+1 -> 12
A22: =A21+1 -> 13 | B22: Allocation Factors Based on Revenue Credit Forecast | D22: =D20/$F20 -> 0.87930298 | E22: =E20/$F20 -> 0.12069702 | F22: =SUM(D22:E22) -> 1 | G22: Ratios Per Line 11 | H22: =H21+1 -> 13
A23: =A22+1 -> 14 | H23: =H22+1 -> 14
A24: =A23+1 -> 15 | B24: Allocation of Beginning TRBAA Balance 1 | D24: =ROUND($C10*D22,0) -> -5484857 | E24: =ROUND($C10*E22,0) -> -752876 | F24: =SUM(D24:E24) -> -6237733 | G24: Column (A) Line 1 x Line 13 | H24: =H23+1 -> 15
A27: 1 | B27: The beginning TRBAA balance on line 1, Column (A), is allocated between High Voltage and Low Voltage, using the ratios that were developed on line 13.

Sheet WP 3 Standby Revenues
B2: San Diego Gas & Electric Company
B3: ='Stmnt BK1 - TRBAA'!B4 -> 2027 - TRBAA Rate Filing
B4: Standby Revenues
A6: Line | B6: Components | C6: (1) | D6: (2) | E6: (3) = (1) + (2) | G6: Line
A7: No. | C7: High Voltage | D7: Low Voltage | E7: Combined TRR | F7: Reference | G7: No.
A9: 1 | B9: Total Standby Revenues | E9: -9446352 | F9: See Note 1 | G9: 1
A10: =A9+1 -> 2 | G10: =G9+1 -> 2
A11: =A10+1 -> 3 | B11: TO6-Cycle 3 Informational Filing - BTRR CAISO | C11: ='Stmnt BK2 - TRBAA'!C13 -> 5.9078891e+08 | D11: ='Stmnt BK2 - TRBAA'!D13 -> 7.5473945e+08 | E11: =SUM(C11:D11) -> 1.3455284e+09 | F11: See Note 2 | G11: =G10+1 -> 3
A12: =A11+1 -> 4 | G12: =G11+1 -> 4
A13: =A12+1 -> 5 | B13: HV-LV Allocation Factors | C13: =C11/$E11 -> 0.43907578 | D13: =D11/$E11 -> 0.56092422 | E13: =SUM(C13:D13) -> 1 | F13: Ratios Based on Line 2 | G13: =G12+1 -> 5
A14: =A13+1 -> 6 | G14: =G13+1 -> 6
A15: =A14+1 -> 7 | B15: Total HV-LV Standby Revenue Credits | C15: =ROUND($E$9*C13,0) -> -4147664 | D15: =ROUND($E$9*D13,0) -> -5298688 | E15: =SUM(C15:D15) -> -9446352 | F15: Col. 3; Line 1 x Line 5 Ratios | G15: =G14+1 -> 7
A18: 1 | B18: Standby Revenue amount of $9,446,352, from Cost Statement BG; Page 1; Column A; Line 26, of SDG&E's TO6 Cycle 3 Annual Informational Filing.
A19: 2 | B19: BTRR CAISO information comes from SDG&E's TO6 Cycle 3 Annual Informational Filing.

Sheet WP 4 Monthly TRBAA 
A4: Line | C4: October | D4: November | E4: December | F4: January | G4: February | H4: March | I4: April | J4: May | K4: June | L4: July | M4: August | N4: September | Q4: Line
A5: No. | B5: Description | C5: 2025 | D5: =C5 -> 2025 | E5: =C5 -> 2025 | F5: =E5+1 -> 2026 | G5: =$F$5 -> 2026 | H5: =$F$5 -> 2026 | I5: =$F$5 -> 2026 | J5: =$F$5 -> 2026 | K5: =$F$5 -> 2026 | L5: =$F$5 -> 2026 | M5: =$F$5 -> 2026 | N5: =$F$5 -> 2026 | O5: Total | P5: Reference | Q5: No.
A7: 1 | B7: Beginning Balance (Overcollection)/Undercollection | C7: -5881073 | D7: =C38 -> -6006600.8 | E7: =D38 -> -5858625.6 | F7: =E38 -> -4692509.6 | G7: =F38 -> -2310193.3 | H7: =G38 -> -618431.69 | I7: =H38 -> 1978741.1 | J7: =I38 -> 2134249.4 | K7: =J38 -> 857047.69 | ... N7: =M38 -> 1986226.7 | O7: =C7 -> -5881073 | P7: Previous Month's Balance | Q7: 1
A8: =A7+1 -> 2 | Q8: =Q7+1 -> 2
A9: =A8+1 -> 3 | B9: TRBAA Refund | Q9: =Q8+1 -> 3
A10: =A9+1 -> 4 | B10: Kwh (Excluding Sales for Resale). | C10: ='WP 1.1 Recorded Sales'!C41 -> 1638300694 | D10: ='WP 1.1 Recorded Sales'!D41 -> 1240088104 | E10: ='WP 1.1 Recorded Sales'!E41 -> 1477379730 | F10: ='WP 1.1 Recorded Sales'!F41 -> 1487837971 | G10: ='WP 1.1 Recorded Sales'!G41 -> 1135409538 | H10: ='WP 1.1 Recorded Sales'!H41 -> 1363529102 | I10: ='WP 1.1 Recorded Sales'!I41 -> 1371646695 | J10: ='WP 1.1 Recorded Sales'!J41 -> 1059815269 | ... N10: ='WP 1.1 Recorded Sales'!N41 -> 1986346915 | O10: =SUM(C10:N10) -> 17464377638 | P10: Work Paper No. 1; Page 1.1; Line 32 | Q10: =Q9+1 -> 4
A11: =A10+1 -> 5 | B11: TRBAA Rate | C11: =C48 -> -0.00245 | D11: =C11 -> -0.00245 | E11: =D11 -> -0.00245 | F11: =C51 -> -0.002745 | G11: =C49 -> -0.00304 | H11: =C49 -> -0.00304 | I11: =H11 -> -0.00304 | J11: =I11 -> -0.00304 | K11: =J11 -> -0.00304 | L11: =K11 -> -0.00304 | M11: =L11 -> -0.00304 | N11: =M11 -> -0.00304 | P11: TRBAA Rates; ER25-218 (Oct - Dec 2025); ER26-336 (Jan - Sep 2026) | Q11: =Q10+1 -> 5
A12: =A11+1 -> 6 | B12: Total TRBAA Refund Including Franchise Fees & Uncollectibles | C12: =C10*C11 -> -4013836.7 | D12: =D10*D11 -> -3038215.9 | E12: =E10*E11 -> -3619580.3 | F12: =F10*F11 -> -4084115.2 | G12: =G10*G11 -> -3451645 | H12: =H10*H11 -> -4145128.5 | I12: =I10*I11 -> -4169806 | J12: =J10*J11 -> -3221838.4 | ... M12: =M10*M11 -> -5225870 | N12: =(N10*N11) -> -6038494.6 | O12: =SUM(C12:N12) -> -50082892 | P12: Line 4 x Line 5 | Q12: =Q11+1 -> 6
A13: =A12+1 -> 7 | B13: Franchise Fees & Uncollectible Expense Adjustment | C13: =(+C12/(1+C44)*C$44) -> -50011.582 | D13: =(+D12/(1+D44)*D$44) -> -37855.546 | E13: =(+E12/(1+E44)*E$44) -> -45099.228 | F13: =(+F12/(1+F44)*F$44) -> -63196.775 | G13: =(+G12/(1+G44)*G$44) -> -53410.059 | H13: =(+H12/(1+H44)*H$44) -> -64140.882 | I13: =(+I12/(1+I44)*I$44) -> -64522.736 | J13: =(+J12/(1+J44)*J$44) -> -49854.078 | ... N13: =(+N12/(1+N44)*N$44) -> -93438.448 | O13: =SUM(C13:N13) -> -742808.24 | P13: (Line 6 / (1+ Line 38)) * Line 38 | Q13: =Q12+1 -> 7
A14: =A13+1 -> 8 | B14: TRBAA Refunds/Collections Excluding Uncollectibles | C14: =C12-C13 -> -3963825.1 | D14: =D12-D13 -> -3000360.3 | E14: =E12-E13 -> -3574481.1 | F14: =F12-F13 -> -4020918.5 | G14: =G12-G13 -> -3398234.9 | H14: =H12-H13 -> -4080987.6 | I14: =I12-I13 -> -4105283.2 | J14: =J12-J13 -> -3171984.3 | ... N14: =N12-N13 -> -5945056.2 | O14: =SUM(C14:N14) -> -49340084 | P14: Line 6 - Line 7 | Q14: =Q13+1 -> 8
A15: =A14+1 -> 9 | Q15: =Q14+1 -> 9
A16: =A15+1 -> 10 | B16: PTO Related - ISO Charge Types: | Q16: =Q15+1 -> 10
A17: =A16+1 -> 11 | B17: CT 384/ CT 382 - HV Wheeling Revenues Due TO/Due ISO (Net) | C17: ='WP 5 CAISO Charges'!C10 -> -2775834.6 | D17: ='WP 5 CAISO Charges'!D10 -> -1868822.9 | E17: ='WP 5 CAISO Charges'!E10 -> -1911300.1 | F17: ='WP 5 CAISO Charges'!F10 -> -914497.53 | G17: ='WP 5 CAISO Charges'!G10 -> -1213633.4 | H17: ='WP 5 CAISO Charges'!H10 -> -817667.36 | I17: ='WP 5 CAISO Charges'!I10 -> -3280119.8 | J17: ='WP 5 CAISO Charges'!J10 -> -4103102.9 | ... N17: ='WP 5 CAISO Charges'!N10 -> -7507360.2 | O17: =SUM(C17:N17) -> -36254660 | P17: Work Paper No. 5; Page 5.1-5.2; Line 4 | Q17: =Q16+1 -> 11
A18: =A17+1 -> 12 | B18: CT 4575 - Settlements, Metering, Client Relations | C18: ='WP 5 CAISO Charges'!C13 -> 1500 | D18: ='WP 5 CAISO Charges'!D13 -> 1500 | E18: ='WP 5 CAISO Charges'!E13 -> 1500 | F18: ='WP 5 CAISO Charges'!F13 -> 1500 | G18: ='WP 5 CAISO Charges'!G13 -> 1500 | H18: ='WP 5 CAISO Charges'!H13 -> 1500 | I18: ='WP 5 CAISO Charges'!I13 -> 1500 | J18: ='WP 5 CAISO Charges'!J13 -> 1500 | ... N18: ='WP 5 CAISO Charges'!N13 -> 1500 | O18: =SUM(C18:N18) -> 18000 | P18: Work Paper No. 5; Page 5.1-5.2; Line 7 | Q18: =Q17+1 -> 12
A19: =A18+1 -> 13 | B19: ETC Cost Differentials | C19: ='WP 5 CAISO Charges'!C16 -> -849605.36 | D19: ='WP 5 CAISO Charges'!D16 -> -48116.04 | E19: ='WP 5 CAISO Charges'!E16 -> 71552.93 | F19: ='WP 5 CAISO Charges'!F16 -> 75403.47 | G19: ='WP 5 CAISO Charges'!G16 -> 91378.79 | H19: ='WP 5 CAISO Charges'!H16 -> 7763.65 | I19: ='WP 5 CAISO Charges'!I16 -> 18147.45 | J19: ='WP 5 CAISO Charges'!J16 -> 83699.37 | ... N19: ='WP 5 CAISO Charges'!N16 -> -200901.73 | O19: =SUM(C19:N19) -> -556352.71 | P19: Work Paper No. 5; Page 5.1-5.2; Line 10 | Q19: =Q18+1 -> 13
A20: =A19+1 -> 14 | B20: Other PTO Related Revenue (Credits)/Charges | C20: ='WP 5 CAISO Charges'!C19 -> -427494.79 | D20: ='WP 5 CAISO Charges'!D19 -> -900277.63 | E20: ='WP 5 CAISO Charges'!E19 -> -536462.12 | F20: ='WP 5 CAISO Charges'!F19 -> -779714.78 | G20: ='WP 5 CAISO Charges'!G19 -> -577687.07 | H20: ='WP 5 CAISO Charges'!H19 -> -679547.42 | I20: ='WP 5 CAISO Charges'!I19 -> -699836.77 | J20: ='WP 5 CAISO Charges'!J19 -> -439932.23 | ... N20: ='WP 5 CAISO Charges'!N19 -> -6450594.4 | O20: =SUM(C20:N20) -> -12802804 | P20: Work Paper No. 5; Page 5.1-5.2; Line 13 | Q20: =Q19+1 -> 14
A21: =A20+1 -> 15 | B21: Sub-Total Monthly PTO Related Activity | C21: =SUM(C17:C20) -> -4051434.7 | D21: =SUM(D17:D20) -> -2815716.6 | E21: =SUM(E17:E20) -> -2374709.2 | F21: =SUM(F17:F20) -> -1617308.8 | G21: =SUM(G17:G20) -> -1698441.7 | H21: =SUM(H17:H20) -> -1487951.1 | I21: =SUM(I17:I20) -> -3960309.1 | J21: =SUM(J17:J20) -> -4457835.8 | ... O21: =SUM(O17:O20) -> -49595817 | P21: Sum Lines 11 thru 14 | Q21: =Q20+1 -> 15
A22: =A21+1 -> 16 | Q22: =Q21+1 -> 16
A23: =A22+1 -> 17 | B23: Other CAISO Adjustment | C23: 0 | D23: 0 | E23: 0 | F23: 0 | G23: 0 | H23: 0 | I23: 0 | J23: 0 | K23: 0 | L23: 0 | M23: 0 | N23: 0 | O23: =SUM(C23:N23) -> 0 | P23: =B23 -> Other CAISO Adjustment | Q23: =Q22+1 -> 17
A24: =A23+1 -> 18 | B24: Sub-Total Adjustment | C24: =SUM(C23:C23) -> 0 | D24: =SUM(D23:D23) -> 0 | E24: =SUM(E23:E23) -> 0 | F24: =SUM(F23:F23) -> 0 | G24: =SUM(G23:G23) -> 0 | H24: =SUM(H23:H23) -> 0 | I24: =SUM(I23:I23) -> 0 | J24: =SUM(J23:J23) -> 0 | ... O24: =SUM(O23:O23) -> 0 | P24: Sum Line 17 | Q24: =Q23+1 -> 18
A25: =A24+1 -> 19 | B25: Total | C25: =C21+C24 -> -4051434.7 | D25: =D21+D24 -> -2815716.6 | E25: =E21+E24 -> -2374709.2 | F25: =F21+F24 -> -1617308.8 | G25: =G21+G24 -> -1698441.7 | H25: =H21+H24 -> -1487951.1 | I25: =I21+I24 -> -3960309.1 | J25: =J21+J24 -> -4457835.8 | ... N25: =N21+N24 -> -14157356 | O25: =O24+O21 -> -49595817 | P25: Sum Lines 15; 18 | Q25: =Q24+1 -> 19
A26: =A25+1 -> 20 | Q26: =Q25+1 -> 20
A27: =A26+1 -> 21 | B27: Net Monthly Activity (Net Refunds, Revenues, Expenses, & Adjustments) | C27: =-C14+C25 -> -87609.601 | D27: =-D14+D25 -> 184643.75 | E27: =-E14+E25 -> 1199771.9 | F27: =-F14+F25 -> 2403609.6 | G27: =-G14+G25 -> 1699793.2 | H27: =-H14+H25 -> 2593036.5 | I27: =-I14+I25 -> 144974.14 | J27: =-J14+J25 -> -1285851.4 | ... O27: =-O14+O25 -> -255732.82 | P27: Minus Line 8 + Line 19 | Q27: =Q26+1 -> 21
A28: =A27+1 -> 22 | Q28: =Q27+1 -> 22
A29: =A28+1 -> 23 | B29: Interest Expense Calculations: | Q29: =Q28+1 -> 23
A30: =A29+1 -> 24 | B30: Beginning Balance for Interest Calculation | C30: =C7 -> -5881073 | D30: =D7 -> -6006600.8 | E30: =E7 -> -5858625.6 | F30: =F7 -> -4692509.6 | G30: =G7 -> -2310193.3 | H30: =H7 -> -618431.69 | I30: =I7 -> 1978741.1 | J30: =J7 -> 2134249.4 | ... N30: =N7 -> 1986226.7 | P30: Beg. Monthly Balances | Q30: =Q29+1 -> 24
A31: =A30+1 -> 25 | B31: Monthly Activity Included in Interest Calculation Basis | C31: =C27/2 -> -43804.801 | D31: =D27/2 -> 92321.874 | E31: =E27/2 -> 599885.94 | F31: =F27/2 -> 1201804.8 | G31: =G27/2 -> 849896.62 | H31: =H27/2 -> 1296518.2 | I31: =I27/2 -> 72487.068 | J31: =J27/2 -> -642925.72 | ... N31: =N27/2 -> -4106150.1 | P31: Interest Calculation Basis | Q31: =Q30+1 -> 25
A32: =A31+1 -> 26 | B32: Basis for Interest Expense Calculation | C32: =C30+C31 -> -5924877.8 | D32: =D30+D31 -> -5914278.9 | E32: =E30+E31 -> -5258739.6 | F32: =F30+F31 -> -3490704.8 | G32: =G30+G31 -> -1460296.7 | H32: =H30+H31 -> 678086.54 | I32: =I30+I31 -> 2051228.2 | J32: =J30+J31 -> 1491323.7 | ... N32: =N30+N31 -> -2119923.4 | P32: Line 24 + Line 25 | Q32: =Q31+1 -> 26
A33: =A32+1 -> 27 | B33: Monthly Interest Rate | C33: =C62 -> 0.0064 | D33: =D62 -> 0.0062 | E33: =E62 -> 0.0064 | F33: =F62 -> 0.0061 | G33: =G62 -> 0.0055 | H33: =H62 -> 0.0061 | I33: =I62 -> 0.0056 | J33: =J62 -> 0.0058 | ... N33: =N62 -> 0.0055 | P33: FERC Monthly Rates | Q33: =Q32+1 -> 27
A34: =A33+1 -> 28 | B34: Interest Expense | C34: =C32*C33 -> -37919.218 | D34: =D32*D33 -> -36668.529 | E34: =E32*E33 -> -33655.934 | F34: =F32*F33 -> -21293.299 | G34: =G32*G33 -> -8031.6318 | H34: =H32*H33 -> 4136.3279 | I34: =I32*I33 -> 11486.878 | J34: =J32*J33 -> 8649.6776 | ... N34: =N32*N33 -> -11659.578 | O34: =SUM(C34:N34) -> -99975.407 | P34: Line 26 x Line 27 | Q34: =Q33+1 -> 28
A35: =A34+1 -> 29 | Q35: =Q34+1 -> 29
A36: =A35+1 -> 30 | B36: Other Adjustment (rounding) | C36: 1.05 | D36: -0.01 | H36: 0.01 | I36: -952.67 | J36: 0 | L36: 0 | M36: -0.17 | O36: =SUM(C36:N36) -> -951.79 | Q36: =Q35+1 -> 30
A37: =A36+1 -> 31 | Q37: =Q36+1 -> 31
A38: =A37+1 -> 32 | B38: Ending Balance (Overcollection)/Undercollection | C38: =C7+C27+C34+C36 -> -6006600.8 | D38: =D7+D27+D34+D36 -> -5858625.6 | E38: =E7+E27+E34+E36 -> -4692509.6 | F38: =F7+F27+F34+F36 -> -2310193.3 | G38: =G7+G27+G34+G36 -> -618431.69 | H38: =H7+H27+H34+H36 -> 1978741.1 | I38: =I7+I27+I34+I36 -> 2134249.4 | J38: =J7+J27+J34+J36 -> 857047.69 | ... O38: =O7+O27+O34+O36 -> -6237733 | P38: Line 1 + Line 21 + Line 28 + Line 30 | Q38: =Q37+1 -> 32
A39: =A38+1 -> 33 | Q39: =Q38+1 -> 33
A40: =A39+1 -> 34 | Q40: =Q39+1 -> 34
A41: =A40+1 -> 35 | B41: Franchise Fees & Uncollectible Adjustment: | Q41: =Q40+1 -> 35
A42: =A41+1 -> 36 | B42: Franchise Fees Expense Rate | C42: =F48 -> 0.010207 | D42: =$C$42 -> 0.010207 | E42: =$C$42 -> 0.010207 | F42: =I48 -> 0.010207 | G42: =I48 -> 0.010207 | H42: =$G$42 -> 0.010207 | I42: =$G$42 -> 0.010207 | J42: =$G$42 -> 0.010207 | K42: =$G$42 -> 0.010207 | L42: =$G$42 -> 0.010207 | M42: =$G$42 -> 0.010207 | N42: =$G$42 -> 0.010207 | P42: Franchise Fees Expense Rate | Q42: =Q41+1 -> 36
A43: =A42+1 -> 37 | B43: Uncollectible Expense Adjustment Rate | C43: =F49 -> 0.00241 | D43: =$C$43 -> 0.00241 | E43: =$C$43 -> 0.00241 | F43: =I49 -> 0.00551 | G43: =I49 -> 0.00551 | H43: =$G$43 -> 0.00551 | I43: =$G$43 -> 0.00551 | J43: =$G$43 -> 0.00551 | K43: =$G$43 -> 0.00551 | L43: =$G$43 -> 0.00551 | M43: =$G$43 -> 0.00551 | N43: =$G$43 -> 0.00551 | P43: Uncollectible Expense Adjustment Rate | Q43: =Q42+1 -> 37
A44: =A43+1 -> 38 | B44: Combined FF&U Adjustment Rate | C44: =C42+C43 -> 0.012617 | D44: =D42+D43 -> 0.012617 | E44: =E42+E43 -> 0.012617 | F44: =F42+F43 -> 0.015717 | G44: =G42+G43 -> 0.015717 | H44: =H42+H43 -> 0.015717 | I44: =I42+I43 -> 0.015717 | J44: =J42+J43 -> 0.015717 | ... N44: =N42+N43 -> 0.015717 | P44: Line 36 + Line 37 | Q44: =Q43+1 -> 38
B47: Average TRBAA Rate Calculation for January 2026 | E47: FF&U used in Balancing Acct detail (2025 Rates) | H47: FF&U used in Balancing Acct detail (2026 Rates)
B48: Prior Year - TRBAA Rate 2025 | C48: -0.00245 | E48: Franchise Fee Rate | F48: 0.010207 | H48: Franchise Fee Rate | I48: 0.010207
B49: Current Year - TRBAA Rate 2026 | C49: -0.00304 | E49: Uncollectible Rate | F49: 0.00241 | H49: Uncollectible Rate | I49: 0.00551
B50: Total | C50: =C48+C49 -> -0.00549 | E50: Total Rate | F50: =SUM(F48:F49) -> 0.012617 | H50: Total Rate | I50: =SUM(I48:I49) -> 0.015717
B51: Average TRBAA Rate Calculation for January 2026: | C51: =C50/2 -> -0.002745
C55: October | D55: November | E55: December | F55: January | G55: February | H55: March | I55: April | J55: May | K55: June | L55: July | M55: August | N55: September | Q55: Line
B56: Verification of Interest Rates | C56: =C5 -> 2025 | D56: =D5 -> 2025 | E56: =E5 -> 2025 | F56: =F5 -> 2026 | G56: =G5 -> 2026 | H56: =H5 -> 2026 | I56: =I5 -> 2026 | J56: =J5 -> 2026 | ... N56: =N5 -> 2026 | O56: Total | P56: Reference | Q56: No.
B58: FERC INTEREST RATE | C58: 0.075 | D58: =C58 -> 0.075 | E58: =C58 -> 0.075 | F58: 0.072 | G58: =F58 -> 0.072 | H58: =F58 -> 0.072 | I58: 0.0678 | J58: =I58 -> 0.0678 | K58: =I58 -> 0.0678 | L58: 0.0675 | M58: =L58 -> 0.0675 | N58: =L58 -> 0.0675
B59: Days in Year | C59: 365 | D59: =C59 -> 365 | E59: =C59 -> 365 | F59: 365 | G59: =F59 -> 365 | H59: =F59 -> 365 | I59: =F59 -> 365 | J59: =F59 -> 365 | K59: =F59 -> 365 | L59: =G59 -> 365 | M59: =F59 -> 365 | N59: =F59 -> 365 | O59: =N59 -> 365
B60: Days in Month | C60: 31 | D60: 30 | E60: 31 | F60: 31 | G60: 28 | H60: 31 | I60: 30 | J60: 31 | K60: 30 | L60: 31 | M60: 31 | N60: 30 | O60: =SUM(C60:N60) -> 365
B61: Monthly Interest Rate - Calculated | C61: =(C58/C59)*C60 -> 0.006369863 | D61: =(D58/D59)*D60 -> 0.0061643836 | E61: =(E58/E59)*E60 -> 0.006369863 | F61: =(F58/F59)*F60 -> 0.0061150685 | G61: =(G58/G59)*G60 -> 0.0055232877 | H61: =(H58/H59)*H60 -> 0.0061150685 | I61: =(I58/I59)*I60 -> 0.0055726027 | J61: =(J58/J59)*J60 -> 0.0057583562 | ... N61: =(N58/N59)*N60 -> 0.0055479452 | O61: =SUM(C61:N61) -> 0.070574795
B62: FERC Interest Rates - Website | C62: 0.0064 | D62: 0.0062 | E62: 0.0064 | F62: 0.0061 | G62: 0.0055 | H62: 0.0061 | I62: 0.0056 | J62: 0.0058 | K62: 0.0056 | L62: 0.0057 | M62: 0.0057 | N62: 0.0055 | O62: =SUM(C62:N62) -> 0.0706
B63: Difference | C63: =C61-C62 -> -3.0136986e-05 | D63: =D61-D62 -> -3.5616438e-05 | E63: =E61-E62 -> -3.0136986e-05 | F63: =F61-F62 -> 1.5068493e-05 | G63: =G61-G62 -> 2.3287671e-05 | H63: =H61-H62 -> 1.5068493e-05 | I63: =I61-I62 -> -2.739726e-05 | J63: =J61-J62 -> -4.1643836e-05 | ... N63: =N61-N62 -> 4.7945205e-05 | O63: =SUM(C63:N63) -> -2.5205479e-05

Sheet WP 4 Footnotes
A2: Line | C2: Line
A3: No. | B3: FOOTNOTES to Monthly TRBAA Balance: | C3: No.
A5: 1 | B5: 1 The Franchise Fees and Uncollectible expense amount adjustment are removed from the amount collected from/(refunded) to customers to properly balance in the TRBAA mechanism only the approved revenue credits and CAISO charges. | C5: 1
A6: =A5+1 -> 2 | C6: =C5+1 -> 2
A7: =A6+1 -> 3 | B7: 2 Existing Transmission Contract (ETC) Cost Differentials related to APS-IID pertains to SDG&E as the Scheduling Coordinator for Arizona Public Service - Imperial Irrigation District ("APS-IID") (See Work Paper No. 5; Pages 5.1 - 5.2; Line 10). | C7: =C6+1 -> 3
A8: =A7+1 -> 4 | C8: =C7+1 -> 4
A9: =A8+1 -> 5 | B9: 3 Other Participating Transmission Owner (PTO) Related (Credits)/Charges include CAISO charge codes 1592, 7989, 7999, 8526, 8989, and 8999. These charges are segregated out of the ETC Cost Differentials category and classified as Other PTO related (Credits)/Charges to enhance reporting transparency. Each account has a different allocation method specified by CAISO. | C9: =C8+1 -> 5

Sheet WP 5 CAISO Charges
A4: Line | C4: October | D4: November | E4: December | F4: January | G4: February | H4: March | I4: April | J4: May | K4: June | L4: July | M4: August | N4: September | Q4: Line
A5: No. | B5: Description | C5: 2025 | D5: =C5 -> 2025 | E5: =C5 -> 2025 | F5: =$C5+1 -> 2026 | G5: =$C5+1 -> 2026 | H5: =$C5+1 -> 2026 | I5: =$C5+1 -> 2026 | J5: =$C5+1 -> 2026 | K5: =$C5+1 -> 2026 | L5: =$C5+1 -> 2026 | M5: =$C5+1 -> 2026 | N5: =$C5+1 -> 2026 | O5: Total | P5: Reference | Q5: No.
A7: 1 | B7: High Voltage Wheeling Revenues: | Q7: 1
A8: =A7+1 -> 2 | B8: CT 384 - HV Wheeling Revenues Due TO | C8: -3748399.1 | D8: -2777385.4 | E8: -2287379.2 | F8: -1487306.6 | G8: -1832597.9 | H8: -1575020.1 | I8: -4157426.6 | J8: -5597119.1 | K8: -5332304.8 | L8: -2666302.6 | M8: -3685345.3 | N8: -7504767.9 | O8: =SUM(C8:N8) -> -42651355 | P8: ISO Charge Type 384 | Q8: =Q7+1 -> 2
A9: =A8+1 -> 3 | B9: CT 382 - HV Wheeling Charge Due ISO | C9: 972564.55 | D9: 908562.46 | E9: 376079.18 | F9: 572809.1 | G9: 618964.54 | H9: 757352.71 | I9: 877306.82 | J9: 1494016.2 | K9: 1193533.1 | L9: 3758.82 | M9: -1375660.6 | N9: -2592.35 | O9: =SUM(C9:N9) -> 6396694.5 | P9: ISO Charge Type 382 | Q9: =Q8+1 -> 3
A10: =A9+1 -> 4 | B10: Net | C10: =SUM(C8:C9) -> -2775834.6 | D10: =SUM(D8:D9) -> -1868822.9 | E10: =SUM(E8:E9) -> -1911300.1 | F10: =SUM(F8:F9) -> -914497.53 | G10: =SUM(G8:G9) -> -1213633.4 | H10: =SUM(H8:H9) -> -817667.36 | I10: =SUM(I8:I9) -> -3280119.8 | J10: =SUM(J8:J9) -> -4103102.9 | ... O10: =SUM(O8:O9) -> -36254660 | Q10: =Q9+1 -> 4
A11: =A10+1 -> 5 | Q11: =Q10+1 -> 5
A12: =A11+1 -> 6 | Q12: =Q11+1 -> 6
A13: =A12+1 -> 7 | B13: CT 4575 - Settlements, Metering, & Client Relations (SDGE-PTO) | C13: 1500 | D13: 1500 | E13: 1500 | F13: 1500 | G13: 1500 | H13: 1500 | I13: 1500 | J13: 1500 | K13: 1500 | L13: 1500 | M13: 1500 | N13: 1500 | O13: =SUM(C13:N13) -> 18000 | P13: ISO Charge Type 4575 | Q13: =Q12+1 -> 7
A14: =A13+1 -> 8 | Q14: =Q13+1 -> 8
A15: =A14+1 -> 9 | Q15: =Q14+1 -> 9
A16: =A15+1 -> 10 | B16: ETC Cost Differentials from CAISO | C16: ='WP 10 ETC Costs'!D62 -> -849605.36 | D16: ='WP 10 ETC Costs'!E62 -> -48116.04 | E16: ='WP 10 ETC Costs'!F62 -> 71552.93 | F16: ='WP 10 ETC Costs'!G62 -> 75403.47 | G16: ='WP 10 ETC Costs'!H62 -> 91378.79 | H16: ='WP 10 ETC Costs'!I62 -> 7763.65 | I16: ='WP 10 ETC Costs'!J62 -> 18147.45 | J16: ='WP 10 ETC Costs'!K62 -> 83699.37 | ... N16: ='WP 10 ETC Costs'!O62 -> -200901.73 | O16: =SUM(C16:N16) -> -556352.71 | P16: Work Paper 10; Pages 10.1 - 10.3; Line 44 | Q16: =Q15+1 -> 10
A17: =A16+1 -> 11 | Q17: =Q16+1 -> 11
A18: =A17+1 -> 12 | Q18: =Q17+1 -> 12
A19: =A18+1 -> 13 | B19: Other PTO Related Revenue (Credits)/Charges | C19: ='WP 12 PTO'!D17 -> -427494.79 | D19: ='WP 12 PTO'!E17 -> -900277.63 | E19: ='WP 12 PTO'!F17 -> -536462.12 | F19: ='WP 12 PTO'!G17 -> -779714.78 | G19: ='WP 12 PTO'!H17 -> -577687.07 | H19: ='WP 12 PTO'!I17 -> -679547.42 | I19: ='WP 12 PTO'!J17 -> -699836.77 | J19: ='WP 12 PTO'!K17 -> -439932.23 | ... N19: ='WP 12 PTO'!O17 -> -6450594.4 | O19: =SUM(C19:N19) -> -12802804 | P19: Work Paper 12; Pages 12.1; Line 13 | Q19: =Q18+1 -> 13
A20: =A19+1 -> 14 | Q20: =Q19+1 -> 14
B23: Check:
B24: Total | C24: =C10+C13+C16+C19 -> -4051434.7 | D24: =D10+D13+D16+D19 -> -2815716.6 | E24: =E10+E13+E16+E19 -> -2374709.2 | F24: =F10+F13+F16+F19 -> -1617308.8 | G24: =G10+G13+G16+G19 -> -1698441.7 | H24: =H10+H13+H16+H19 -> -1487951.1 | I24: =I10+I13+I16+I19 -> -3960309.1 | J24: =J10+J13+J16+J19 -> -4457835.8 | ... N24: =N10+N13+N16+N19 -> -14157356 | O24: =SUM(C24:N24) -> -49595817
B25: Total Per TRBAA Details (From Regulatory Reporting) | C25: ='WP 4 Monthly TRBAA '!C21 -> -4051434.7 | D25: ='WP 4 Monthly TRBAA '!D21 -> -2815716.6 | E25: ='WP 4 Monthly TRBAA '!E21 -> -2374709.2 | F25: ='WP 4 Monthly TRBAA '!F21 -> -1617308.8 | G25: ='WP 4 Monthly TRBAA '!G21 -> -1698441.7 | H25: ='WP 4 Monthly TRBAA '!H21 -> -1487951.1 | I25: ='WP 4 Monthly TRBAA '!I21 -> -3960309.1 | J25: ='WP 4 Monthly TRBAA '!J21 -> -4457835.8 | ... N25: ='WP 4 Monthly TRBAA '!N21 -> -14157356 | O25: =SUM(C25:N25) -> -49595817
B26: Difference | C26: =C24-C25 -> 0 | D26: =D24-D25 -> 0 | E26: =E24-E25 -> 0 | F26: =F24-F25 -> 0 | G26: =G24-G25 -> 0 | H26: =H24-H25 -> 0 | I26: =I24-I25 -> 0 | J26: =J24-J25 -> 0 | ... O26: =O24-O25 -> 0

Sheet WP 6 HV LV Alloc Summary
A2: San Diego Gas & Electric Company
A3: ='WP 7 Wheeling Revenues'!A3:G3 -> 2027 - TRBAA Rate Filing
A4: Summary of TRBAA Forecast Allocation Between High Voltage and Low Voltage Facilities
A6: Line | G6: Line
A7: No. | F7: Reference | G7: No.
A8: 1 | B8: HV-LV Allocation Factors: | C8: (A) | D8: (B) | E8: (C) = (A) + (B) | G8: 1
A9: =A8+1 -> 2 | G9: =A9 -> 2
A10: =A9+1 -> 3 | B10: A. Development of Allocation Factors: | C10: High Voltage | D10: Low Voltage | E10: Total | G10: =A10 -> 3
A11: =A10+1 -> 4 | G11: =A11 -> 4
A12: =A11+1 -> 5 | B12: TO6 Cycle 3 - Recorded Gross Plant Balances; Dollars in ($000) | C12: 4228257 | D12: 4993302.2 | E12: =SUM(C12:D12) -> 9221559.2 | F12: HV-LV Plant Study; Line 32 of SDG&E's TO6 Cycle 3 Annual Informational Filing | G12: =A12 -> 5
A13: =A12+1 -> 6 | G13: =A13 -> 6
A14: =A13+1 -> 7 | B14: TO6 Cycle 3 - Weighted Forecast Plant Additions; Dollars in ($000) | C14: 156299.98 | D14: 557118.77 | E14: =SUM(C14:D14) -> 713418.75 | F14: Forecast Plant; Line 16 of SDG&E's TO6 Cycle 3 Annual Informational Filing | G14: =A14 -> 7
A15: =A14+1 -> 8 | G15: =A15 -> 8
A16: =A15+1 -> 9 | B16: Total Recorded & Forecast Gross Plant Balances; Dollars in ($000) | C16: =C12+C14 -> 4384557 | D16: =D12+D14 -> 5550421 | E16: =E12+E14 -> 9934978 | F16: Line 5 + Line 7 | G16: =A16 -> 9
A17: =A16+1 -> 10 | G17: =A17 -> 10
A18: =A17+1 -> 11 | B18: High Voltage - Low Voltage Ratios Based on Gross Plant; Per Line 9 | C18: =ROUND(C16/$E16,4) -> 0.4413 | D18: =ROUND(D16/$E16,4) -> 0.5587 | E18: =SUM(C18:D18) -> 1 | F18: Allocation Ratios Based on Line 9 | G18: =A18 -> 11
A19: =A18+1 -> 12 | G19: =A19 -> 12
A20: =A19+1 -> 13 | B20: B. Allocation of High Voltage Wheeling Revenues: | G20: =A20 -> 13
A21: =A20+1 -> 14 | G21: =A21 -> 14
A22: =A21+1 -> 15 | B22: Total Wheeling Revenues Forecast based on recorded HV-LV wheeling revenues ending 9/30/2026 | C22: ='WP 7 Wheeling Revenues'!C37 -> -36254660 | D22: ='WP 7 Wheeling Revenues'!D37 -> 0 | E22: =SUM(C22:D22) -> -36254660 | F22: Work paper No.7; Page 7.1; Line 27 | G22: =A22 -> 15
A23: =A22+1 -> 16 | G23: =A23 -> 16
A24: =A23+1 -> 17 | B24: HV - Allocation Ratio is NOT Based on Plant as shown on Line 11 | C24: =E18 -> 1 | D24: 0 | E24: =SUM(C24:D24) -> 1 | F24: Wheeling Revenues are assigned 100% to High Voltage facilities | G24: =A24 -> 17
A25: =A24+1 -> 18 | G25: =A25 -> 18
A26: =A25+1 -> 19 | B26: Total HV-LV Wheeling Revenues Allocation | C26: =C22*C24 -> -36254660 | D26: =D22*D24 -> 0 | E26: =SUM(C26:D26) -> -36254660 | F26: Line 15 x Line 17 | G26: =A26 -> 19
A27: =A26+1 -> 20 | G27: =G26+1 -> 20
A28: =A27+1 -> 21 | B28: C. Forecast of Settlements, Metering, & Client Relations Expense: | G28: =G27+1 -> 21
A29: =A28+1 -> 22 | G29: =G28+1 -> 22
A30: =A29+1 -> 23 | B30: Total Settlements, Metering & Client Relations Expense Forecast based on recorded CC4575 ending 9/30/2026 | E30: ='WP 8 CT4575'!C34 -> 18000 | F30: Work paper No. 8; Page 8.1, Line 27 | G30: =G29+1 -> 23
A31: =A30+1 -> 24 | B31: Adjusted for Known and Measurable Changes. | G31: =G30+1 -> 24
A32: =A31+1 -> 25 | G32: =G31+1 -> 25
A33: =A32+1 -> 26 | B33: Total Settlements, Metering, & Client Relations Allocation | C33: =$E$30*$C$18 -> 7943.4 | D33: =$E$30*$D$18 -> 10056.6 | E33: =SUM(C33:D33) -> 18000 | F33: Col. C; Line 23 x Line 11 Ratios | G33: =G32+1 -> 26
A34: =A33+1 -> 27 | G34: =G33+1 -> 27
A35: =A34+1 -> 28 | B35: D: Forecast of ETC Cost Differentials Expense: | G35: =G34+1 -> 28
A36: =A35+1 -> 29 | G36: =G35+1 -> 29
A37: =A36+1 -> 30 | B37: Total ETC Cost Differentials Expense Forecast based on recorded other various CAISO charges ending 9/30/2026 | E37: ='WP 9 ETC Cost Diffs'!C34 -> -556352.71 | F37: Work paper No. 9; Page 9.1, Line 27 | G37: =G36+1 -> 30
A38: =A37+1 -> 31 | G38: =G37+1 -> 31
A39: =A38+1 -> 32 | B39: Total ETC Cost Differentials Allocation | C39: =$E$37*$C$18 -> -245518.45 | D39: =$E$37*$D$18 -> -310834.26 | E39: =SUM(C39:D39) -> -556352.71 | F39: Col. C; Line 30 x Line 11 Ratios | G39: =G38+1 -> 32
A40: =A39+1 -> 33 | G40: =G39+1 -> 33
A41: =A40+1 -> 34 | B41: E: Forecast of Other PTO Related Revenue (Credits)/Charges: | G41: =G40+1 -> 34
A42: =A41+1 -> 35 | G42: =G41+1 -> 35
A43: =A42+1 -> 36 | B43: Total Other PTO Related Revenue (Credits)/Charges based on recorded specific various CAISO charges ending 9/30/2026 | E43: ='WP 12 PTO'!P17 -> -12802804 | F43: WP No. 12; Page 12.1, Total Col, Line 13 | G43: =G42+1 -> 36
A44: =A43+1 -> 37 | G44: =G43+1 -> 37
A45: =A44+1 -> 38 | B45: Less: CC 8526 HV/LV specific allocation per CAISO | C45: ='WP 12 PTO'!P29 -> -4170183.8 | D45: ='WP 12 PTO'!P30 -> -1953874.8 | E45: =SUM(C45:D45) -> -6124058.5 | F45: WP No. 12; Page 12.1, footnotes (b) and (c) explanation on the HV/LV allocation per CAISO | G45: =G44+1 -> 38
A46: =A45+1 -> 39 | G46: =G45+1 -> 39
A47: =A46+1 -> 40 | B47: Net Other PTO Related Revenue (Credits)/Charges HV/LV Allocation | C47: =$E$47*$C$18 -> -2947330.4 | D47: =$E$47*$D$18 -> -3731415.1 | E47: =E43-E45 -> -6678745.5 | F47: Col. C, Line 40 x Line 11 Ratios | G47: =G46+1 -> 40
A48: =A47+1 -> 41 | G48: =G47+1 -> 41
A49: =A48+1 -> 42 | B49: Total Other PTO Related Revenue (Credits)/Charges Allocation | C49: =C45+C47 -> -7117514.2 | D49: =D45+D47 -> -5685289.9 | E49: =SUM(C49:D49) -> -12802804 | F49: Line 38 + Line 40 | G49: =G48+1 -> 42
A50: =A49+1 -> 43 | G50: =G49+1 -> 43

Sheet WP 7 Wheeling Revenues
A2: San Diego Gas & Electric Company
A3: ='Stmnt BD - Recorded KWH'!$A$4 -> 2027 - TRBAA Rate Filing
A4: Wheeling Revenues Forecast
C6: (A) | D6: (B) | E6: (C) | F6: (D)
C7: High Voltage | D7: Low Voltage
A8: Line | C8: Wheeling Revenues | D8: Wheeling Revenues | G8: Line
A9: No | B9: Actual Recorded Month | C9: (384)/(382)-Net | D9: (385) | E9: Total | F9: Reference | G9: No
A11: 1 | B11: ='Stmnt BD - Recorded KWH'!B12 -> 45931 | C11: ='WP 5 CAISO Charges'!C10 -> -2775834.6 | D11: 0 | E11: =C11+D11 -> -2775834.6 | F11: Work paper No. 5; Page 5.1 and 5.2; Line 4 | G11: 1
A12: =A11+1 -> 2 | G12: =G11+1 -> 2
A13: =A12+1 -> 3 | B13: ='Stmnt BD - Recorded KWH'!B13 -> 45962 | C13: ='WP 5 CAISO Charges'!D10 -> -1868822.9 | D13: 0 | E13: =C13+D13 -> -1868822.9 | F13: =F11 -> Work paper No. 5; Page 5.1 and 5.2; Line 4 | G13: =G12+1 -> 3
A14: =A13+1 -> 4 | G14: =G13+1 -> 4
A15: =A14+1 -> 5 | B15: ='Stmnt BD - Recorded KWH'!B14 -> 45992 | C15: ='WP 5 CAISO Charges'!E10 -> -1911300.1 | D15: 0 | E15: =C15+D15 -> -1911300.1 | F15: =F11 -> Work paper No. 5; Page 5.1 and 5.2; Line 4 | G15: =G14+1 -> 5
A16: =A15+1 -> 6 | G16: =G15+1 -> 6
A17: =A16+1 -> 7 | B17: ='Stmnt BD - Recorded KWH'!B15 -> 46023 | C17: ='WP 5 CAISO Charges'!F10 -> -914497.53 | D17: 0 | E17: =C17+D17 -> -914497.53 | F17: =F11 -> Work paper No. 5; Page 5.1 and 5.2; Line 4 | G17: =G16+1 -> 7
A18: =A17+1 -> 8 | G18: =G17+1 -> 8
A19: =A18+1 -> 9 | B19: ='Stmnt BD - Recorded KWH'!B16 -> 46054 | C19: ='WP 5 CAISO Charges'!G10 -> -1213633.4 | D19: 0 | E19: =C19+D19 -> -1213633.4 | F19: =F11 -> Work paper No. 5; Page 5.1 and 5.2; Line 4 | G19: =G18+1 -> 9
A20: =A19+1 -> 10 | G20: =G19+1 -> 10
A21: =A20+1 -> 11 | B21: ='Stmnt BD - Recorded KWH'!B17 -> 46082 | C21: ='WP 5 CAISO Charges'!H10 -> -817667.36 | D21: 0 | E21: =C21+D21 -> -817667.36 | F21: =F11 -> Work paper No. 5; Page 5.1 and 5.2; Line 4 | G21: =G20+1 -> 11
A22: =A21+1 -> 12 | G22: =G21+1 -> 12
A23: =A22+1 -> 13 | B23: ='Stmnt BD - Recorded KWH'!B18 -> 46113 | C23: ='WP 5 CAISO Charges'!I10 -> -3280119.8 | D23: 0 | E23: =C23+D23 -> -3280119.8 | F23: =F11 -> Work paper No. 5; Page 5.1 and 5.2; Line 4 | G23: =G22+1 -> 13
A24: =A23+1 -> 14 | G24: =G23+1 -> 14
A25: =A24+1 -> 15 | B25: ='Stmnt BD - Recorded KWH'!B19 -> 46143 | C25: ='WP 5 CAISO Charges'!J10 -> -4103102.9 | D25: 0 | E25: =C25+D25 -> -4103102.9 | F25: =F11 -> Work paper No. 5; Page 5.1 and 5.2; Line 4 | G25: =G24+1 -> 15
A26: =A25+1 -> 16 | G26: =G25+1 -> 16
A27: =A26+1 -> 17 | B27: ='Stmnt BD - Recorded KWH'!B20 -> 46174 | C27: ='WP 5 CAISO Charges'!K10 -> -4138771.7 | D27: 0 | E27: =C27+D27 -> -4138771.7 | F27: =F11 -> Work paper No. 5; Page 5.1 and 5.2; Line 4 | G27: =G26+1 -> 17
A28: =A27+1 -> 18 | G28: =G27+1 -> 18
A29: =A28+1 -> 19 | B29: ='Stmnt BD - Recorded KWH'!B21 -> 46204 | C29: ='WP 5 CAISO Charges'!L10 -> -2662543.8 | D29: 0 | E29: =C29+D29 -> -2662543.8 | F29: =F11 -> Work paper No. 5; Page 5.1 and 5.2; Line 4 | G29: =G28+1 -> 19
A30: =A29+1 -> 20 | G30: =G29+1 -> 20
A31: =A30+1 -> 21 | B31: ='Stmnt BD - Recorded KWH'!B22 -> 46235 | C31: ='WP 5 CAISO Charges'!M10 -> -5061006 | D31: 0 | E31: =C31+D31 -> -5061006 | F31: =F11 -> Work paper No. 5; Page 5.1 and 5.2; Line 4 | G31: =G30+1 -> 21
A32: =A31+1 -> 22 | G32: =G31+1 -> 22
A33: =A32+1 -> 23 | B33: ='Stmnt BD - Recorded KWH'!B23 -> 46266 | C33: ='WP 5 CAISO Charges'!N10 -> -7507360.2 | D33: 0 | E33: =C33+D33 -> -7507360.2 | F33: =F11 -> Work paper No. 5; Page 5.1 and 5.2; Line 4 | G33: =G32+1 -> 23
A34: =A33+1 -> 24 | G34: =G33+1 -> 24
A35: =A34+1 -> 25 | B35: Total Recorded | C35: =SUM(C11:C33) -> -36254660 | D35: =SUM(D11:D33) -> 0 | E35: =SUM(E11:E33) -> -36254660 | F35: Sum Lines 1 to 23 | G35: =G34+1 -> 25
A36: =A35+1 -> 26 | G36: =G35+1 -> 26
A37: =A36+1 -> 27 | B37: Wheeling Revenue Forecast | C37: =C35 -> -36254660 | D37: =D35 -> 0 | E37: =E35 -> -36254660 | F37: See Line 25 | G37: =G36+1 -> 27
A38: =A37+1 -> 28 | G38: =G37+1 -> 28

Sheet WP 8 CT4575
A2: San Diego Gas & Electric Company
A3: ='WP 7 Wheeling Revenues'!A3:G3 -> 2027 - TRBAA Rate Filing
A4: CAISO Charge Code 4575 - Settlements, Metering and Client Relations Charge Code 4575 Forecast
A6: Line No. | B6: Actual Recorded Month | C6: Settlements, Metering, and Client Relations Charge Code - 4575 | D6: Reference | E6: Line No.
A8: 1 | B8: ='WP 7 Wheeling Revenues'!B11 -> 45931 | C8: ='WP 5 CAISO Charges'!C13 -> 1500 | D8: Work paper No. 5; Page 5.1 and 5.2; Line 7 | E8: 1
A9: =A8+1 -> 2 | E9: =A9 -> 2
A10: =A9+1 -> 3 | B10: ='WP 7 Wheeling Revenues'!B13 -> 45962 | C10: ='WP 5 CAISO Charges'!D13 -> 1500 | D10: =D8 -> Work paper No. 5; Page 5.1 and 5.2; Line 7 | E10: =A10 -> 3
A11: =A10+1 -> 4 | E11: =A11 -> 4
A12: =A11+1 -> 5 | B12: ='WP 7 Wheeling Revenues'!B15 -> 45992 | C12: ='WP 5 CAISO Charges'!E13 -> 1500 | D12: =D8 -> Work paper No. 5; Page 5.1 and 5.2; Line 7 | E12: =A12 -> 5
A13: =A12+1 -> 6 | E13: =A13 -> 6
A14: =A13+1 -> 7 | B14: ='WP 7 Wheeling Revenues'!B17 -> 46023 | C14: ='WP 5 CAISO Charges'!F13 -> 1500 | D14: =D8 -> Work paper No. 5; Page 5.1 and 5.2; Line 7 | E14: =A14 -> 7
A15: =A14+1 -> 8 | E15: =A15 -> 8
A16: =A15+1 -> 9 | B16: ='WP 7 Wheeling Revenues'!B19 -> 46054 | C16: ='WP 5 CAISO Charges'!G13 -> 1500 | D16: =D8 -> Work paper No. 5; Page 5.1 and 5.2; Line 7 | E16: =A16 -> 9
A17: =A16+1 -> 10 | E17: =A17 -> 10
A18: =A17+1 -> 11 | B18: ='WP 7 Wheeling Revenues'!B21 -> 46082 | C18: ='WP 5 CAISO Charges'!H13 -> 1500 | D18: =D8 -> Work paper No. 5; Page 5.1 and 5.2; Line 7 | E18: =A18 -> 11
A19: =A18+1 -> 12 | E19: =A19 -> 12
A20: =A19+1 -> 13 | B20: ='WP 7 Wheeling Revenues'!B23 -> 46113 | C20: ='WP 5 CAISO Charges'!I13 -> 1500 | D20: =D8 -> Work paper No. 5; Page 5.1 and 5.2; Line 7 | E20: =A20 -> 13
A21: =A20+1 -> 14 | E21: =A21 -> 14
A22: =A21+1 -> 15 | B22: ='WP 7 Wheeling Revenues'!B25 -> 46143 | C22: ='WP 5 CAISO Charges'!J13 -> 1500 | D22: =D8 -> Work paper No. 5; Page 5.1 and 5.2; Line 7 | E22: =A22 -> 15
A23: =A22+1 -> 16 | E23: =A23 -> 16
A24: =A23+1 -> 17 | B24: ='WP 7 Wheeling Revenues'!B27 -> 46174 | C24: ='WP 5 CAISO Charges'!K13 -> 1500 | D24: =D8 -> Work paper No. 5; Page 5.1 and 5.2; Line 7 | E24: =A24 -> 17
A25: =A24+1 -> 18 | E25: =A25 -> 18
A26: =A25+1 -> 19 | B26: ='WP 7 Wheeling Revenues'!B29 -> 46204 | C26: ='WP 5 CAISO Charges'!L13 -> 1500 | D26: =D8 -> Work paper No. 5; Page 5.1 and 5.2; Line 7 | E26: =A26 -> 19
A27: =A26+1 -> 20 | E27: =A27 -> 20
A28: =A27+1 -> 21 | B28: ='WP 7 Wheeling Revenues'!B31 -> 46235 | C28: ='WP 5 CAISO Charges'!M13 -> 1500 | D28: =D8 -> Work paper No. 5; Page 5.1 and 5.2; Line 7 | E28: =A28 -> 21
A29: =A28+1 -> 22 | E29: =A29 -> 22
A30: =A29+1 -> 23 | B30: ='WP 7 Wheeling Revenues'!B33 -> 46266 | C30: ='WP 5 CAISO Charges'!N13 -> 1500 | D30: =D8 -> Work paper No. 5; Page 5.1 and 5.2; Line 7 | E30: =A30 -> 23
A31: =A30+1 -> 24 | E31: =A31 -> 24
A32: =A31+1 -> 25 | B32: Total Recorded | C32: =SUM(C8:C30) -> 18000 | D32: Sum Lines 1 to 23 | E32: =A32 -> 25
A33: =A32+1 -> 26 | E33: =A33 -> 26
A34: =A33+1 -> 27 | B34: Settlements, Metering and Client Relations Charge Code - 4575 Forecast a | C34: =C32 -> 18000 | D34: See Line 25 | E34: =A34 -> 27
A35: =A34+1 -> 28 | E35: =E34+1 -> 28
A37: a | B37: CAISO Settlements, Metering and Client Relations forecast is based on the recorded rates under MRTU.
B38: The monthly amounts represent the amount charged to SDG&E as a PTO. A similar amount is charged to SDG&E as the Scheduling
B39: Coordinator for APS-IID where the amount is included as part of ETC Cost Differentials.

Sheet WP 9 ETC Cost Diffs
A2: San Diego Gas & Electric Company
A3: ='WP 7 Wheeling Revenues'!A3:G3 -> 2027 - TRBAA Rate Filing
A4: Existing Transmission Contracts (ETC) Cost Differentials Forecast
A6: Line No. | B6: Actual Recorded Month | C6: Existing Transmission Contracts (ETC) Cost Differentials | D6: Reference | E6: Line No.
A8: 1 | B8: ='WP 7 Wheeling Revenues'!B11 -> 45931 | C8: ='WP 5 CAISO Charges'!C16 -> -849605.36 | D8: Work paper No. 5; Page 5.1 and 5.2; Line 10 | E8: =A8 -> 1
A9: =A8+1 -> 2 | E9: =A9 -> 2
A10: =A9+1 -> 3 | B10: ='WP 7 Wheeling Revenues'!B13 -> 45962 | C10: ='WP 5 CAISO Charges'!D16 -> -48116.04 | D10: =D8 -> Work paper No. 5; Page 5.1 and 5.2; Line 10 | E10: =A10 -> 3
A11: =A10+1 -> 4 | E11: =A11 -> 4
A12: =A11+1 -> 5 | B12: ='WP 7 Wheeling Revenues'!B15 -> 45992 | C12: ='WP 5 CAISO Charges'!E16 -> 71552.93 | D12: =D8 -> Work paper No. 5; Page 5.1 and 5.2; Line 10 | E12: =A12 -> 5
A13: =A12+1 -> 6 | E13: =A13 -> 6
A14: =A13+1 -> 7 | B14: ='WP 7 Wheeling Revenues'!B17 -> 46023 | C14: ='WP 5 CAISO Charges'!F16 -> 75403.47 | D14: =D8 -> Work paper No. 5; Page 5.1 and 5.2; Line 10 | E14: =A14 -> 7
A15: =A14+1 -> 8 | E15: =A15 -> 8
A16: =A15+1 -> 9 | B16: ='WP 7 Wheeling Revenues'!B19 -> 46054 | C16: ='WP 5 CAISO Charges'!G16 -> 91378.79 | D16: =D8 -> Work paper No. 5; Page 5.1 and 5.2; Line 10 | E16: =A16 -> 9
A17: =A16+1 -> 10 | E17: =A17 -> 10
A18: =A17+1 -> 11 | B18: ='WP 7 Wheeling Revenues'!B21 -> 46082 | C18: ='WP 5 CAISO Charges'!H16 -> 7763.65 | D18: =D8 -> Work paper No. 5; Page 5.1 and 5.2; Line 10 | E18: =A18 -> 11
A19: =A18+1 -> 12 | E19: =A19 -> 12
A20: =A19+1 -> 13 | B20: ='WP 7 Wheeling Revenues'!B23 -> 46113 | C20: ='WP 5 CAISO Charges'!I16 -> 18147.45 | D20: =D8 -> Work paper No. 5; Page 5.1 and 5.2; Line 10 | E20: =A20 -> 13
A21: =A20+1 -> 14 | E21: =A21 -> 14
A22: =A21+1 -> 15 | B22: ='WP 7 Wheeling Revenues'!B25 -> 46143 | C22: ='WP 5 CAISO Charges'!J16 -> 83699.37 | D22: =D8 -> Work paper No. 5; Page 5.1 and 5.2; Line 10 | E22: =A22 -> 15
A23: =A22+1 -> 16 | E23: =A23 -> 16
A24: =A23+1 -> 17 | B24: ='WP 7 Wheeling Revenues'!B27 -> 46174 | C24: ='WP 5 CAISO Charges'!K16 -> 102512.79 | D24: =D8 -> Work paper No. 5; Page 5.1 and 5.2; Line 10 | E24: =A24 -> 17
A25: =A24+1 -> 18 | E25: =A25 -> 18
A26: =A25+1 -> 19 | B26: ='WP 7 Wheeling Revenues'!B29 -> 46204 | C26: ='WP 5 CAISO Charges'!L16 -> 53320.55 | D26: =D8 -> Work paper No. 5; Page 5.1 and 5.2; Line 10 | E26: =A26 -> 19
A27: =A26+1 -> 20 | E27: =A27 -> 20
A28: =A27+1 -> 21 | B28: ='WP 7 Wheeling Revenues'!B31 -> 46235 | C28: ='WP 5 CAISO Charges'!M16 -> 38491.42 | D28: =D8 -> Work paper No. 5; Page 5.1 and 5.2; Line 10 | E28: =A28 -> 21
A29: =A28+1 -> 22 | E29: =A29 -> 22
A30: =A29+1 -> 23 | B30: ='WP 7 Wheeling Revenues'!B33 -> 46266 | C30: ='WP 5 CAISO Charges'!N16 -> -200901.73 | D30: =D8 -> Work paper No. 5; Page 5.1 and 5.2; Line 10 | E30: =A30 -> 23
A31: =A30+1 -> 24 | E31: =A31 -> 24
A32: =A31+1 -> 25 | B32: Total Recorded | C32: =SUM(C8:C30) -> -556352.71 | D32: Sum Lines 1 to 23 | E32: =A32 -> 25
A33: =A32+1 -> 26 | E33: =A33 -> 26
A34: =A33+1 -> 27 | B34: Existing Transmission Contracts (ETC) Cost Differentials Forecast | C34: =C32 -> -556352.71 | D34: See Line 25 | E34: =A34 -> 27
A35: =A34+1 -> 28 | E35: =E34+1 -> 28

Sheet WP 10 ETC Costs
A3: Line No. | B3: Charge Type | C3: ETC Cost Differentials Charge Types | D3: ='WP 1.1 Recorded Sales'!C5 -> 45931 | E3: ='WP 1.1 Recorded Sales'!D5 -> 45962 | F3: ='WP 1.1 Recorded Sales'!E5 -> 45992 | G3: ='WP 1.1 Recorded Sales'!F5 -> 46023 | H3: ='WP 1.1 Recorded Sales'!G5 -> 46054 | I3: ='WP 1.1 Recorded Sales'!H5 -> 46082 | J3: ='WP 1.1 Recorded Sales'!I5 -> 46113 | K3: ='WP 1.1 Recorded Sales'!J5 -> 46143 | ... O3: ='WP 1.1 Recorded Sales'!N5 -> 46266 | P3: Total | Q3: Line No.
C4: TRBAA Revenues
A5: 1 | B5: 1592 | C5: EP Penalty Allocation Payment | D5: =0-'WP 12 PTO'!D5 -> 0 | E5: =0-'WP 12 PTO'!E5 -> 0 | F5: =0-'WP 12 PTO'!F5 -> 0 | G5: =0-'WP 12 PTO'!G5 -> 0 | H5: =0-'WP 12 PTO'!H5 -> 0 | I5: =0-'WP 12 PTO'!I5 -> 0 | J5: =0-'WP 12 PTO'!J5 -> 0 | K5: =0-'WP 12 PTO'!K5 -> 0 | ... O5: =0-'WP 12 PTO'!O5 -> 0 | P5: =SUM(D5:O5) -> 0 | Q5: =A5 -> 1
A6: =A5+1 -> 2 | B6: 6011 | C6: Day Ahead Energy Congestion Loss Management | D6: 31948.57 | E6: -49265.53 | F6: 34247.87 | G6: 50976 | H6: 52619.58 | I6: -10085.75 | J6: 38370.15 | K6: -140334.73 | L6: 9911.75 | M6: 83996.3 | N6: 106836.5 | O6: 58479.14 | P6: =SUM(D6:O6) -> 267699.85 | Q6: =A6 -> 2
A7: =A6+1 -> 3 | B7: 6090 | C7: Ancillary Service Upward Neutrality Allocation | D7: -0.06 | E7: 0 | F7: 0 | G7: 0 | H7: 0 | I7: 0 | J7: -1.34 | K7: -0.04 | L7: -0.05 | M7: -0.21 | N7: 0 | O7: 0.08 | P7: =SUM(D7:O7) -> -1.62 | Q7: =A7 -> 3
A8: =A7+1 -> 4 | B8: 6194 | C8: Spinning Reserve Obligation Settlement | D8: -9.88 | E8: -14.93 | F8: -2.83 | G8: 0.06 | H8: -0.17 | I8: -11.97 | J8: -5.12 | K8: -6.58 | L8: -0.66 | M8: -0.79 | N8: -18.96 | O8: -5.76 | P8: =SUM(D8:O8) -> -77.59 | Q8: =A8 -> 4
A9: =A8+1 -> 5 | B9: 6294 | C9: Non-Spinning Reserve Obligation Settlement | D9: -36.89 | E9: -52.54 | F9: -10.17 | G9: -0.02 | H9: -1.7 | I9: -48.18 | J9: -18.01 | K9: -20.42 | L9: -5.36 | M9: -2.78 | N9: -69.91 | O9: -21.75 | P9: =SUM(D9:O9) -> -287.73 | Q9: =A9 -> 5
A10: =A9+1 -> 6 | B10: 6458 | C10: Intertie Deviation Settlement Allocation | D10: -3005.72 | E10: -1978.33 | F10: -1690.87 | G10: -1099.24 | H10: -1668.62 | I10: -2043.96 | J10: -2561.7 | K10: -1610.11 | L10: -15.85 | M10: 62.19 | N10: 1646.72 | O10: -4.66 | P10: =SUM(D10:O10) -> -13970.15 | Q10: =A10 -> 6
A11: =A10+1 -> 7 | B11: 6478 | C11: Real Time System Imbalance Energy Offset | D11: -214.27 | E11: -33.33 | F11: 264.31 | G11: 46.7 | H11: -50.98 | I11: 13.73 | J11: 37.37 | K11: -282.71 | L11: -858.21 | M11: -1585.56 | N11: 1052 | O11: 3728.65 | P11: =SUM(D11:O11) -> 2117.7 | Q11: =A11 -> 7
A12: =A11+1 -> 8 | B12: 6479 | C12: Real Time Assistance Energy Surcharge Allocation | D12: -59.5 | E12: -732.31 | F12: -55.74 | G12: -188.53 | H12: -33.51 | I12: -209.16 | J12: -36.06 | K12: -0.14 | L12: -90.97 | M12: 0.46 | N12: 0 | O12: 5.69 | P12: =SUM(D12:O12) -> -1399.77 | Q12: =A12 -> 8
A13: =A12+1 -> 9 | B13: 6620 | C13: Bid Cost Recovery Settlement | D13: 0 | E13: 0 | F13: 0 | G13: 0 | H13: 0 | I13: 0 | J13: 0 | K13: -202.1 | L13: 0 | M13: 0 | N13: 202.1 | O13: 0 | P13: =SUM(D13:O13) -> 0 | Q13: =A13 -> 9
A14: =A13+1 -> 10 | B14: 6706 | C14: Monthly CRRBA Clearing | D14: -23606.41 | E14: -14149.75 | F14: -2023.88 | G14: -9285.53 | H14: -20049.14 | I14: -10236.92 | J14: -36054 | K14: -13695.46 | L14: -382.87 | M14: 227.56 | N14: 13371.33 | O14: 100.09 | P14: =SUM(D14:O14) -> -115784.98 | Q14: =A14 -> 10
A15: =A14+1 -> 11 | B15: 6788 | C15: Real Time Market Congestion Credit Settlement | D15: -969343.41 | E15: -57331.88 | F15: -21937.66 | G15: 20271.26 | H15: 62170.65 | I15: -12144.51 | J15: -92413.84 | K15: 117.35 | L15: -15135.77 | M15: -517.32 | N15: -3159.19 | O15: 782.82 | P15: =SUM(D15:O15) -> -1088641.5 | Q15: =A15 -> 11
A16: =A15+1 -> 12 | B16: 6791 | C16: CRR Accrued Interest Allocation | D16: -222.55 | E16: -433.71 | F16: -118.87 | G16: -508.97 | H16: -50.92 | I16: -60.82 | J16: -89.88 | K16: -64.81 | L16: -0.38 | M16: 0.58 | N16: 60.24 | O16: -1.67 | P16: =SUM(D16:O16) -> -1491.76 | Q16: =A16 -> 12
A17: =A16+1 -> 13 | B17: 6947 | C17: IFM Marginal Losses Surplus Credit Allocation- Prelim | D17: -169880.6 | E17: -100630.52 | F17: -117962.57 | G17: -86228 | H17: -90772.29 | I17: -95678.13 | J17: -75071.92 | K17: -59051.07 | L17: -247244.44 | M17: 942.6 | N17: 22438.28 | O17: 10.92 | P17: =SUM(D17:O17) -> -1019127.7 | Q17: =A17 -> 13
... A20: =A19+1 -> 16 | B20: 7078 | C20: Monthly Flexible Ramp Up Uncertainty Award Allocation | D20: -4.35 | E20: 2.78 | F20: 0.17 | G20: 0.5 | H20: -0.03 | I20: -2.27 | J20: -54.91 | K20: 17.97 | L20: -6.25 | M20: 0.71 | N20: -15.14 | O20: 6.42 | P20: =SUM(D20:O20) -> -54.4 | Q20: =A20 -> 16
A21: =A20+1 -> 17 | B21: 7989 | C21: Invoice Deviation Interest Distribution | D21: =-431332.87-'WP 12 PTO'!D7 -> -3838.08 | E21: =-901333.05-'WP 12 PTO'!E7 -> -844.55 | F21: =-536752.28-'WP 12 PTO'!F7 -> -290.16 | G21: =-779878.15-'WP 12 PTO'!G7 -> -163.37 | H21: =-577861.28-'WP 12 PTO'!H7 -> -174.21 | I21: =-684504.89-'WP 12 PTO'!I7 -> -338.81 | J21: =-713992.84-'WP 12 PTO'!J7 -> -817.08 | K21: =-444817.14-'WP 12 PTO'!K7 -> -358 | L21: =-421572.84-'WP 12 PTO'!L7 -> -1510.07 | M21: =-526131.25-'WP 12 PTO'!M7 -> -1260.69 | N21: =-368534.61-'WP 12 PTO'!N7 -> -133.37 | O21: =-393863.42-'WP 12 PTO'!O7 -> -24002.97 | P21: =SUM(D21:O21) -> -33731.36 | Q21: =A21 -> 17
A22: =A21+1 -> 18 | B22: 8011 | C22: Day Ahead Imbalance Reserve Transfer Revenue Settlement | D22: 0 | E22: 0 | F22: 0 | G22: 0 | H22: 0 | I22: 0 | J22: 0 | K22: -368.71 | L22: -1718.72 | M22: -993.23 | N22: -1505.01 | O22: -3024.21 | P22: =SUM(D22:O22) -> -7609.88 | Q22: =A22 -> 18
A23: =A22+1 -> 19 | B23: 8411 | C23: Day Ahead Energy Transfer Revenue Settlement | D23: 0 | E23: 0 | F23: 0 | G23: 0 | H23: 0 | I23: 0 | J23: 0 | K23: 0 | L23: -87.21 | M23: 0 | N23: 0 | O23: -2.65 | P23: =SUM(D23:O23) -> -89.86 | Q23: =A23 -> 19
A24: =A23+1 -> 20 | B24: 8470 | C24: Real time Energy Transfer Revenue Settlement | D24: 0 | E24: 0 | F24: 0 | G24: 0 | H24: 0 | I24: 0 | J24: 0 | K24: 0 | L24: -61.92 | M24: 0.01 | N24: 0 | O24: -5.68 | P24: =SUM(D24:O24) -> -67.59 | Q24: =A24 -> 20
A25: =A24+1 -> 21 | B25: 8526 | C25: Generator Interconnection Process Forfeited Deposit Allocation | D25: =0-'WP 12 PTO'!D11 -> 0 | E25: =0-'WP 12 PTO'!E11 -> 0 | F25: =0-'WP 12 PTO'!F11 -> 0 | G25: =0-'WP 12 PTO'!G11 -> 0 | H25: =0-'WP 12 PTO'!H11 -> 0 | I25: =0-'WP 12 PTO'!I11 -> 0 | J25: =0-'WP 12 PTO'!J11 -> 0 | K25: =0-'WP 12 PTO'!K11 -> 0 | L25: =0-'WP 12 PTO'!L11 -> 0 | M25: =-308.44-'WP 12 PTO'!M11 -> -302.3 | N25: =0-'WP 12 PTO'!N11 -> 0 | O25: =-6124058.53-'WP 12 PTO'!O11 -> -0.0024600001 | P25: =SUM(D25:O25) -> -302.30246 | Q25: =A25 -> 21
A26: =A25+1 -> 22 | B26: 8811 | C26: RUC Reliability Capacity Transfer Revenue Settlement | D26: 0 | E26: 0 | F26: 0 | G26: 0 | H26: 0 | I26: 0 | J26: 0 | K26: -139.14 | L26: 858.48 | M26: -653.33 | N26: -1483.96 | O26: -2412.81 | P26: =SUM(D26:O26) -> -3830.76 | Q26: =A26 -> 22
A27: =A26+1 -> 23 | B27: 8989 | C27: Daily Neutrality Adjustment | D27: =0-'WP 12 PTO'!D13 -> 0 | E27: =0-'WP 12 PTO'!E13 -> 0 | F27: =0-'WP 12 PTO'!F13 -> 0 | G27: =0-'WP 12 PTO'!G13 -> 0 | H27: =0-'WP 12 PTO'!H13 -> 0 | I27: =0-'WP 12 PTO'!I13 -> 0 | J27: =0-'WP 12 PTO'!J13 -> 0 | K27: =0-'WP 12 PTO'!K13 -> 0 | L27: =0-'WP 12 PTO'!L13 -> 0 | M27: =-15.79-'WP 12 PTO'!M13 -> -15.79 | N27: =0-'WP 12 PTO'!N13 -> 0 | O27: =-0.67-'WP 12 PTO'!O13 -> -0.67 | P27: =SUM(D27:O27) -> -16.46 | Q27: =A27 -> 23
A28: =A27+1 -> 24 | B28: 8999 | C28: Neutrality Adjustment | D28: =0-'WP 12 PTO'!D15 -> 0 | E28: =0-'WP 12 PTO'!E15 -> 0 | F28: =0-'WP 12 PTO'!F15 -> 0 | G28: =0-'WP 12 PTO'!G15 -> 0 | H28: =0-'WP 12 PTO'!H15 -> 0 | I28: =0-'WP 12 PTO'!I15 -> 0 | J28: =0-'WP 12 PTO'!J15 -> 0 | K28: =0-'WP 12 PTO'!K15 -> 0 | ... O28: =0-'WP 12 PTO'!O15 -> 0 | P28: =SUM(D28:O28) -> 0 | Q28: =A28 -> 24
A29: =A28+1 -> 25 | Q29: =A29 -> 25
A30: =A29+1 -> 26 | C30: TRBAA Expenses | Q30: =A30 -> 26
A31: =A30+1 -> 27 | B31: 0525 | C31: FERC Fees Under/Over Recovery | D31: 0 | E31: 0 | F31: 0 | G31: 0 | H31: 0 | I31: 0 | J31: 0 | K31: 0 | L31: 0 | M31: 0 | N31: -4127.39 | O31: 0 | P31: =SUM(D31:O31) -> -4127.39 | Q31: =A31 -> 27
A32: =A31+1 -> 28 | B32: 0550 | C32: FERC Fees | D32: 7471.9 | E32: 7308 | F32: 3022.33 | G32: 4601.04 | H32: 4670.58 | I32: 5678.29 | J32: 6534.4 | K32: 3501.78 | L32: 49.54 | M32: 3.37 | N32: -3401.19 | O32: 0 | P32: =SUM(D32:O32) -> 39440.04 | Q32: =A32 -> 28
A33: =A32+1 -> 29 | B33: 1303 | C33: Supplemental Reactive Energy Allocation | D33: 0 | E33: 15.54 | F33: 2362.35 | G33: 0 | H33: 22.88 | I33: 55.63 | J33: 0 | K33: 53.95 | L33: 0.22 | M33: 0 | N33: -0.26 | O33: 0 | P33: =SUM(D33:O33) -> 2510.31 | Q33: =A33 -> 29
A34: =A33+1 -> 30 | B34: 4515 | C34: Bid Segment Fee | D34: 65.36 | E34: 52.03 | F34: 56.16 | G34: 37.24 | H34: 40.72 | I34: 65.69 | J34: 43.68 | K34: 65.52 | L34: 55.52 | M34: 42.6 | N34: 36.82 | O34: 52.8 | P34: =SUM(D34:O34) -> 614.14 | Q34: =A34 -> 30
A35: =A34+1 -> 31 | B35: 4560 | C35: GMC - Market Services Charge | D35: 63243.05 | E35: 48109.43 | F35: 33138.83 | G35: 34086.19 | H35: 28141.47 | I35: 55363.59 | J35: 31073.32 | K35: 9040.77 | L35: 4084.97 | M35: 1629.72 | N35: -6365.4 | O35: -366.44 | P35: =SUM(D35:O35) -> 301179.5 | Q35: =A35 -> 31
A36: =A35+1 -> 32 | B36: 4561 | C36: GMC - System Operations Charge | D36: 30698.85 | E36: 24275.39 | F36: 16599.74 | G36: 17130.02 | H36: 15826.27 | I36: 31635.16 | J36: 17322.73 | K36: -3340.46 | L36: -31603.6 | M36: -17314.96 | N36: -114.77 | O36: 0 | P36: =SUM(D36:O36) -> 101114.37 | Q36: =A36 -> 32
A37: =A36+1 -> 33 | B37: 4563 | C37: GMC - Transmission Ownership Rights | D37: 59493.54 | E37: 36843.14 | F37: 45873.75 | G37: 36005.86 | H37: 36654.64 | I37: 47096.41 | J37: 54284.84 | K37: 52102.21 | L37: 79895.94 | M37: 70338.88 | N37: 100901.56 | O37: 109492.39 | P37: =SUM(D37:O37) -> 728983.16 | Q37: =A37 -> 33
A38: =A37+1 -> 34 | B38: 4566 | C38: GMC System Operations Balancing Authority Area Service Charge | D38: 0 | F38: 0 | G38: 0 | H38: 0 | I38: 0 | J38: 0 | K38: 5890.47 | L38: 18061.69 | M38: 9867.03 | N38: -3516.93 | O38: 47.46 | P38: =SUM(D38:O38) -> 30349.72 | Q38: =A38 -> 34
A39: =A38+1 -> 35 | B39: 4567 | C39: GMC System Operation Real Time Dispatch Charge | D39: 0 | E39: 0 | F39: 0 | G39: 0 | H39: 0 | I39: 0 | J39: 0 | K39: 3913.94 | L39: 12001.16 | M39: 6556.19 | N39: -2336.83 | O39: 31.53 | P39: =SUM(D39:O39) -> 20165.99 | Q39: =A39 -> 35
A40: =A39+1 -> 36 | B40: 4575 | C40: Settlements, Metering, Client Relations | D40: 1500 | E40: 1500 | F40: 1500 | G40: 1500 | H40: 1500 | I40: 1500 | J40: 1500 | K40: 1500 | L40: 1500 | M40: 1500 | N40: 1500 | O40: 1500 | P40: =SUM(D40:O40) -> 18000 | Q40: =A40 -> 36
A41: =A40+1 -> 37 | B41: 4999 | C41: Neutrality Adjustment | D41: 0 | E41: 0 | F41: 0 | G41: 0 | H41: 0 | I41: 0 | J41: 0 | K41: -9.94 | L41: 0.08 | M41: 0 | N41: 9.67 | O41: -0.1 | P41: =SUM(D41:O41) -> -0.29 | Q41: =A41 -> 37
A42: =A41+1 -> 38 | B42: 6196 | C42: Spinning Reserve Neutrality Allocation | D42: -1.64 | E42: 0 | F42: 0 | G42: 0 | H42: 0 | I42: 0 | J42: 0.18 | K42: 0 | L42: 0.47 | M42: 0 | N42: 0 | O42: 0 | P42: =SUM(D42:O42) -> -0.99 | Q42: =A42 -> 38
A43: =A42+1 -> 39 | B43: 6296 | C43: Non-Spinning Reserve Neutrality Allocation | D43: -6.1 | E43: 0 | F43: 0 | G43: 0 | H43: 0 | I43: 0 | J43: 0.11 | K43: 0 | L43: 0.92 | M43: 0 | N43: 0 | O43: 0.03 | P43: =SUM(D43:O43) -> -5.04 | Q43: =A43 -> 39
A44: =A43+1 -> 40 | B44: 6456 | C44: Intertie Deviation Settlement | D44: 28185.96 | E44: 6029.67 | F44: 31518.52 | G44: 7854.51 | H44: 1072.26 | I44: 2665.5 | J44: 0 | K44: 39333.66 | L44: 195820.77 | M44: 24.71 | N44: 220769.09 | O44: -13036.86 | P44: =SUM(D44:O44) -> 520237.79 | Q44: =A44 -> 40
A45: =A44+1 -> 41 | B45: 6460 | C45: FMM Instructed Imbalance Energy Settlement | D45: -3718.38 | E45: 157.91 | F45: 558.65 | G45: 422.18 | H45: -0.86 | I45: -145.24 | J45: -363.36 | K45: -1063.43 | L45: 13329.76 | M45: -61473.83 | N45: 1898.21 | O45: -2824.69 | P45: =SUM(D45:O45) -> -53223.08 | Q45: =A45 -> 41
A46: =A45+1 -> 42 | B46: 6470 | C46: Real Time Instructed Imbalance Energy Settlement | D46: 6315.2 | E46: -54.73 | F46: 0 | G46: -109.56 | H46: -103.74 | I46: 78.92 | J46: -224.76 | K46: 911.26 | L46: 889.75 | M46: -896.54 | N46: 488.34 | O46: 1264.15 | P46: =SUM(D46:O46) -> 8558.29 | Q46: =A46 -> 42
A47: =A46+1 -> 43 | B47: 6477 | C47: Real Time Imbalance Energy Offset | D47: -14734.75 | E47: -6713.95 | F47: -4535.49 | G47: 17547.56 | H47: -2000.71 | I47: 297.32 | J47: 6386.37 | K47: 17586.31 | L47: 94631.68 | M47: -5752.74 | N47: -16721.45 | O47: 1247.98 | P47: =SUM(D47:O47) -> 87238.13 | Q47: =A47 -> 43
A48: =A47+1 -> 44 | B48: 6480 | C48: Excess Cost Neutrality Allocation | D48: 0 | E48: 0 | F48: 0 | G48: 0 | H48: 0 | I48: 0 | J48: 0 | K48: 0 | L48: 0 | M48: 9.51 | N48: 0 | O48: 0 | P48: =SUM(D48:O48) -> 9.51 | Q48: =A48 -> 44
A49: =A48+1 -> 45 | B49: 6636 | C49: IFM Bid Cost Recovery Tier 1 Allocation | D49: 0 | E49: 0 | F49: 0 | G49: 0 | H49: 0 | I49: 0 | J49: 0 | K49: 0 | L49: 0 | M49: 194.24 | N49: 0 | O49: 0 | P49: =SUM(D49:O49) -> 194.24 | Q49: =A49 -> 45
A50: =A49+1 -> 46 | B50: 6678 | C50: Real Time Bid Cost Recovery Allocation | D50: 13133.87 | E50: 14014.31 | F50: 7958.33 | G50: 4310.8 | H50: 3534.33 | I50: 8677.61 | J50: 5511.97 | K50: 11015.59 | L50: 96.31 | M50: 218.3 | N50: -10753.05 | O50: -62.57 | P50: =SUM(D50:O50) -> 57655.8 | Q50: =A50 -> 46
... A56: =A55+1 -> 52 | B56: 7088 | C56: Monthly Flexible Ramp Down Uncertainty Award Allocation | D56: -1.2 | E56: 1.15 | F56: 0 | G56: 0.93 | H56: 0.06 | I56: -0.07 | J56: 1.24 | K56: 3.15 | L56: 1.52 | M56: 1.95 | N56: -1.59 | O56: -0.3 | P56: =SUM(D56:O56) -> 6.84 | Q56: =A56 -> 52
A57: =A56+1 -> 53 | B57: 7999 | C57: Invoice Deviation Interest Allocation | D57: =50.66-'WP 12 PTO'!D9 -> 50.66 | E57: =213.98-'WP 12 PTO'!E9 -> 3.11 | F57: =28.88-'WP 12 PTO'!F9 -> 28.88 | G57: =5.45-'WP 12 PTO'!G9 -> 5.45 | H57: =0-'WP 12 PTO'!H9 -> 0 | I57: =4651.71-'WP 12 PTO'!I9 -> 33.05 | J57: =13338.99-'WP 12 PTO'!J9 -> 0 | K57: =4551.65-'WP 12 PTO'!K9 -> 24.74 | L57: =1987.99-'WP 12 PTO'!L9 -> 1987.99 | M57: =19855.49-'WP 12 PTO'!M9 -> 19855.49 | N57: =2221.81-'WP 12 PTO'!N9 -> 137.95 | O57: =43356.03-'WP 12 PTO'!O9 -> 31.45 | P57: =SUM(D57:O57) -> 22158.77 | Q57: =A57 -> 53
A58: =A57+1 -> 54 | B58: 8076 | C58: Day Ahead Imbalance Reserve Up Tier 1 Allocation | D58: 0 | E58: 0 | F58: 0 | G58: 0 | H58: 0 | I58: 0 | J58: 0 | K58: 14515.88 | L58: 45918.25 | M58: 29925.51 | N58: -6094.78 | O58: -40162.95 | P58: =SUM(D58:O58) -> 44101.91 | Q58: =A58 -> 54
A59: =A58+1 -> 55 | B59: 8086 | C59: Day Ahead Imbalance Reserve Down Tier 1 Allocation | D59: 0 | E59: 0 | F59: 0 | G59: 0 | H59: 0 | I59: 0 | J59: 0 | K59: 809.37 | L59: 1077.36 | M59: 535.24 | N59: 556.51 | O59: 1569.29 | P59: =SUM(D59:O59) -> 4547.77 | Q59: =A59 -> 55
A60: =A59+1 -> 56 | B60: 8404 | C60: Day Ahead Energy and Marginal Losses Offset | D60: 0 | E60: 0 | F60: 0 | G60: 0 | H60: 0 | I60: 0 | J60: 0 | K60: -4642.49 | L60: -82668.99 | M60: -103515 | N60: -278409.36 | O60: -345669.71 | P60: =SUM(D60:O60) -> -814905.55 | Q60: =A60 -> 56
A61: =A60+1 -> 57 | Q61: =A61 -> 57
A62: =A61+1 -> 58 | C62: Grand Total | D62: =SUM(D4:D60) -> -849605.36 | E62: =SUM(E4:E60) -> -48116.04 | F62: =SUM(F4:F60) -> 71552.93 | G62: =SUM(G4:G60) -> 75403.47 | H62: =SUM(H4:H60) -> 91378.79 | I62: =SUM(I4:I60) -> 7763.65 | J62: =SUM(J4:J60) -> 18147.45 | K62: =SUM(K4:K60) -> 83699.37 | ... P62: =SUM(P4:P60) -> -556352.71 | Q62: =A62 -> 58
A63: =A62+1 -> 59 | Q63: =A63 -> 59
A64: =A63+1 -> 60 | Q64: =A64 -> 60
A65: =A64+1 -> 61 | C65: Adjusted Total ETC Cost Differential - Line 44 above | D65: =D62 -> -849605.36 | E65: =E62 -> -48116.04 | F65: =F62 -> 71552.93 | G65: =G62 -> 75403.47 | H65: =H62 -> 91378.79 | I65: =I62 -> 7763.65 | J65: =J62 -> 18147.45 | K65: =K62 -> 83699.37 | ... P65: =P62 -> -556352.71 | Q65: =A65 -> 61
A66: =A65+1 -> 62 | C66: Per TRBAA Schedule; Workpaper 4.1 to 4.4; Line 13 | D66: ='WP 4 Monthly TRBAA '!C19 -> -849605.36 | E66: ='WP 4 Monthly TRBAA '!D19 -> -48116.04 | F66: ='WP 4 Monthly TRBAA '!E19 -> 71552.93 | G66: ='WP 4 Monthly TRBAA '!F19 -> 75403.47 | H66: ='WP 4 Monthly TRBAA '!G19 -> 91378.79 | I66: ='WP 4 Monthly TRBAA '!H19 -> 7763.65 | J66: ='WP 4 Monthly TRBAA '!I19 -> 18147.45 | K66: ='WP 4 Monthly TRBAA '!J19 -> 83699.37 | ... O66: ='WP 4 Monthly TRBAA '!N19 -> -200901.73 | P66: =SUM(D66:O66) -> -556352.71 | Q66: =A66 -> 62
A67: =A66+1 -> 63 | C67: Difference | D67: =D65-D66 -> 0 | E67: =E65-E66 -> 0 | F67: =F65-F66 -> 0 | G67: =G65-G66 -> 0 | H67: =H65-H66 -> 0 | I67: =I65-I66 -> 0 | J67: =J65-J66 -> 0 | K67: =K65-K66 -> 0 | ... P67: =P65-P66 -> 0 | Q67: =A67 -> 63

Sheet WP 11 Other PTO Forecast
A2: San Diego Gas & Electric Company
A3: ='WP 8 CT4575'!A3:E3 -> 2027 - TRBAA Rate Filing
A4: Other PTO Related Revenue (Credits) / Charge Forecast
A6: Line No. | B6: Actual Recorded Month | C6: Other PTO Related Revenue (Credits)/Charges | D6: Reference | E6: Line No.
A8: 1 | B8: ='WP 7 Wheeling Revenues'!B11 -> 45931 | C8: ='WP 5 CAISO Charges'!C19 -> -427494.79 | D8: Work paper No. 5; Page 5.1 and 5.2; Line 13 | E8: =A8 -> 1
A9: =A8+1 -> 2 | E9: =A9 -> 2
A10: =A9+1 -> 3 | B10: ='WP 7 Wheeling Revenues'!B13 -> 45962 | C10: ='WP 5 CAISO Charges'!D19 -> -900277.63 | D10: =D8 -> Work paper No. 5; Page 5.1 and 5.2; Line 13 | E10: =A10 -> 3
A11: =A10+1 -> 4 | E11: =A11 -> 4
A12: =A11+1 -> 5 | B12: ='WP 7 Wheeling Revenues'!B15 -> 45992 | C12: ='WP 5 CAISO Charges'!E19 -> -536462.12 | D12: =D8 -> Work paper No. 5; Page 5.1 and 5.2; Line 13 | E12: =A12 -> 5
A13: =A12+1 -> 6 | E13: =A13 -> 6
A14: =A13+1 -> 7 | B14: ='WP 7 Wheeling Revenues'!B17 -> 46023 | C14: ='WP 5 CAISO Charges'!F19 -> -779714.78 | D14: =D8 -> Work paper No. 5; Page 5.1 and 5.2; Line 13 | E14: =A14 -> 7
A15: =A14+1 -> 8 | E15: =A15 -> 8
A16: =A15+1 -> 9 | B16: ='WP 7 Wheeling Revenues'!B19 -> 46054 | C16: ='WP 5 CAISO Charges'!G19 -> -577687.07 | D16: =D8 -> Work paper No. 5; Page 5.1 and 5.2; Line 13 | E16: =A16 -> 9
A17: =A16+1 -> 10 | E17: =A17 -> 10
A18: =A17+1 -> 11 | B18: ='WP 7 Wheeling Revenues'!B21 -> 46082 | C18: ='WP 5 CAISO Charges'!H19 -> -679547.42 | D18: =D8 -> Work paper No. 5; Page 5.1 and 5.2; Line 13 | E18: =A18 -> 11
A19: =A18+1 -> 12 | E19: =A19 -> 12
A20: =A19+1 -> 13 | B20: ='WP 7 Wheeling Revenues'!B23 -> 46113 | C20: ='WP 5 CAISO Charges'!I19 -> -699836.77 | D20: =D8 -> Work paper No. 5; Page 5.1 and 5.2; Line 13 | E20: =A20 -> 13
A21: =A20+1 -> 14 | E21: =A21 -> 14
A22: =A21+1 -> 15 | B22: ='WP 7 Wheeling Revenues'!B25 -> 46143 | C22: ='WP 5 CAISO Charges'!J19 -> -439932.23 | D22: =D8 -> Work paper No. 5; Page 5.1 and 5.2; Line 13 | E22: =A22 -> 15
A23: =A22+1 -> 16 | E23: =A23 -> 16
A24: =A23+1 -> 17 | B24: ='WP 7 Wheeling Revenues'!B27 -> 46174 | C24: ='WP 5 CAISO Charges'!K19 -> -420062.77 | D24: =D8 -> Work paper No. 5; Page 5.1 and 5.2; Line 13 | E24: =A24 -> 17
A25: =A24+1 -> 18 | E25: =A25 -> 18
A26: =A25+1 -> 19 | B26: ='WP 7 Wheeling Revenues'!B29 -> 46204 | C26: ='WP 5 CAISO Charges'!L19 -> -524876.7 | D26: =D8 -> Work paper No. 5; Page 5.1 and 5.2; Line 13 | E26: =A26 -> 19
A27: =A26+1 -> 20 | E27: =A27 -> 20
A28: =A27+1 -> 21 | B28: ='WP 7 Wheeling Revenues'!B31 -> 46235 | C28: ='WP 5 CAISO Charges'!M19 -> -366317.38 | D28: =D8 -> Work paper No. 5; Page 5.1 and 5.2; Line 13 | E28: =A28 -> 21
A29: =A28+1 -> 22 | E29: =A29 -> 22
A30: =A29+1 -> 23 | B30: ='WP 7 Wheeling Revenues'!B33 -> 46266 | C30: ='WP 5 CAISO Charges'!N19 -> -6450594.4 | D30: =D8 -> Work paper No. 5; Page 5.1 and 5.2; Line 13 | E30: =A30 -> 23
A31: =A30+1 -> 24 | E31: =A31 -> 24
A32: =A31+1 -> 25 | B32: Total Recorded | C32: =SUM(C8:C30) -> -12802804 | D32: Sum Lines 1 to 23 | E32: =A32 -> 25
A33: =A32+1 -> 26 | E33: =A33 -> 26
A34: =A33+1 -> 27 | B34: Other PTO Related Revenue (Credits) / Charges Forecast | C34: =C32 -> -12802804 | D34: See Line 25 | E34: =E33+1 -> 27
A35: =A34+1 -> 28 | E35: =E34+1 -> 28

Sheet WP 12 PTO
A3: Line No. | B3: Charge Type | C3: Other PTO Related Revenue (Credits)/Charge Types a | D3: ='WP 10 ETC Costs'!D3 -> 45931 | E3: ='WP 10 ETC Costs'!E3 -> 45962 | F3: ='WP 10 ETC Costs'!F3 -> 45992 | G3: ='WP 10 ETC Costs'!G3 -> 46023 | H3: ='WP 10 ETC Costs'!H3 -> 46054 | I3: ='WP 10 ETC Costs'!I3 -> 46082 | J3: ='WP 10 ETC Costs'!J3 -> 46113 | K3: ='WP 10 ETC Costs'!K3 -> 46143 | ... O3: ='WP 10 ETC Costs'!O3 -> 46266 | P3: Total | Q3: Line No.
A5: =A4+1 -> 1 | B5: 1592 | C5: EP Penalty Allocation Payment | D5: 0 | E5: 0 | F5: 0 | G5: 0 | H5: 0 | I5: 0 | J5: 0 | K5: 0 | L5: 0 | M5: 0 | N5: 0 | O5: 0 | P5: =SUM(D5:O5) -> 0 | Q5: =A5 -> 1
A6: =A5+1 -> 2 | Q6: =A6 -> 2
A7: =A6+1 -> 3 | B7: 7989 | C7: Invoice Deviation Interest Distribution | D7: -427494.79 | E7: -900488.5 | F7: -536462.12 | G7: -779714.78 | H7: -577687.07 | I7: -684166.08 | J7: -713175.76 | K7: -444459.14 | L7: -420062.77 | M7: -524870.56 | N7: -368401.24 | O7: -369860.45 | P7: =SUM(D7:O7) -> -6746843.3 | Q7: =A7 -> 3
A8: =A7+1 -> 4 | Q8: =A8 -> 4
A9: =A8+1 -> 5 | B9: 7999 | C9: Invoice Deviation Interest Allocation | D9: 0 | E9: 210.87 | F9: 0 | G9: 0 | H9: 0 | I9: 4618.66 | J9: 13338.99 | K9: 4526.91 | L9: 0 | M9: 0 | N9: 2083.86 | O9: 43324.58 | P9: =SUM(D9:O9) -> 68103.87 | Q9: =A9 -> 5
A10: =A9+1 -> 6 | O10: b | Q10: =A10 -> 6
A11: =A10+1 -> 7 | B11: 8526 | C11: Generator Interconnection Process Forfeited Deposit Allocation | D11: 0 | E11: 0 | F11: 0 | G11: 0 | H11: 0 | I11: 0 | J11: 0 | K11: 0 | L11: 0 | M11: -6.14 | N11: 0 | O11: -6124058.5 | P11: =SUM(D11:O11) -> -6124064.7 | Q11: =A11 -> 7
A12: =A11+1 -> 8 | Q12: =A12 -> 8
A13: =A12+1 -> 9 | B13: 8989 | C13: Daily Neutrality Adjustment | D13: 0 | E13: 0 | F13: 0 | G13: 0 | H13: 0 | I13: 0 | J13: 0 | K13: 0 | L13: 0 | M13: 0 | N13: 0 | O13: 0 | P13: =SUM(D13:O13) -> 0 | Q13: =A13 -> 9
A14: =A13+1 -> 10 | Q14: =A14 -> 10
A15: =A14+1 -> 11 | B15: 8999 | C15: Neutrality Adjustment | D15: 0 | E15: 0 | F15: 0 | G15: 0 | H15: 0 | I15: 0 | J15: 0 | K15: 0 | L15: 0 | M15: 0 | O15: 0 | P15: =SUM(D15:O15) -> 0 | Q15: =A15 -> 11
A16: =A15+1 -> 12 | Q16: =A16 -> 12
A17: =A16+1 -> 13 | C17: Grand Total | D17: =SUM(D5:D15) -> -427494.79 | E17: =SUM(E5:E15) -> -900277.63 | F17: =SUM(F5:F15) -> -536462.12 | G17: =SUM(G5:G15) -> -779714.78 | H17: =SUM(H5:H15) -> -577687.07 | I17: =SUM(I5:I15) -> -679547.42 | J17: =SUM(J5:J15) -> -699836.77 | K17: =SUM(K5:K15) -> -439932.23 | ... P17: =SUM(P5:P15) -> -12802804 | Q17: =A17 -> 13
A18: =A17+1 -> 14 | Q18: =Q17+1 -> 14
A19: =A18+1 -> 15 | Q19: =Q18+1 -> 15
A20: =A19+1 -> 16 | C20: Adjusted Total Other PTO Related Revenue (Credits)/Charges - Line 13 above | D20: =D17 -> -427494.79 | E20: =E17 -> -900277.63 | F20: =F17 -> -536462.12 | G20: =G17 -> -779714.78 | H20: =H17 -> -577687.07 | I20: =I17 -> -679547.42 | J20: =J17 -> -699836.77 | K20: =K17 -> -439932.23 | ... P20: =P17 -> -12802804 | Q20: =Q19+1 -> 16
A21: =A20+1 -> 17 | C21: Per TRBAA Schedule; Workpaper 4.1 to 4.4; Line 14 | D21: ='WP 4 Monthly TRBAA '!C20 -> -427494.79 | E21: ='WP 4 Monthly TRBAA '!D20 -> -900277.63 | F21: ='WP 4 Monthly TRBAA '!E20 -> -536462.12 | G21: ='WP 4 Monthly TRBAA '!F20 -> -779714.78 | H21: ='WP 4 Monthly TRBAA '!G20 -> -577687.07 | I21: ='WP 4 Monthly TRBAA '!H20 -> -679547.42 | J21: ='WP 4 Monthly TRBAA '!I20 -> -699836.77 | K21: ='WP 4 Monthly TRBAA '!J20 -> -439932.23 | ... P21: ='WP 4 Monthly TRBAA '!O20 -> -12802804 | Q21: =Q20+1 -> 17
A22: =A21+1 -> 18 | C22: Difference | D22: =D20-D21 -> 0 | E22: =E20-E21 -> 0 | F22: =F20-F21 -> 0 | G22: =G20-G21 -> 0 | H22: =H20-H21 -> 0 | I22: =I20-I21 -> 0 | J22: =J20-J21 -> 0 | K22: =K20-K21 -> 0 | ... P22: =P20-P21 -> 0 | Q22: =Q21+1 -> 18
A23: =A22+1 -> 19 | Q23: =Q22+1 -> 19
A25: a | B25: Other Participating Transmission Owner (PTO) Related (Credits)/Charges include CAISO charge codes 1592, 7989, 7999, 8526, 8989, and 8999. The segregation of these charges and classifying them as Other PTO Related (Credits)/Charges enhances reporting transparency.
A27: b | B27: In accordance with the CAISO Tariff Appendix DD, Section 7.6 and Appendix KK, Section 7.6, SDG&E, as a PTO, received $6,124,058.53 under CAISO Charge Code 8526 in September, 2026, and this was recorded in the TRBA. Of this amount, $4,170,183.76 is associated with the High Voltage Transmission Revenue Requirement and $1,953,874.77 is associated with the Low Voltage Transmission Revenue Requirement.
B29: High Voltage | O29: -4170183.8 | P29: =SUM(O29) -> -4170183.8
B30: Low Voltage | O30: -1953874.8 | P30: =SUM(O30) -> -1953874.8
B31: Total | N31: b | O31: =SUM(O29:O30) -> -6124058.5 | P31: =SUM(P29:P30) -> -6124058.5
